Workbook
Name APU: '[7]2.6'!#REF!
Name APU: '[7]2.6'!#REF!
Name APU: '[7]2.6'!#REF!
Name APU: '[7]2.6'!#REF!
Name APU: '[7]2.6'!#REF!
Name APU: '[7]2.6'!#REF!
Name APU: '[7]2.6'!#REF!
Name APU: '[7]2.6'!#REF!
Name APU: '[7]2.6'!#REF!
Name APU: '[7]2.6'!#REF!
Name APU: '[7]2.6'!#REF!
Name APU: '[7]2.6'!#REF!
Name APU: '[7]2.6'!#REF!
Name APU: '[7]2.6'!#REF!
Name APU: '[7]2.6'!#REF!
Name APU: '[7]2.6'!#REF!
Name APU: #REF!
Name APU: [8]APU!#REF!
Name APU: #REF!
Name APU: [9]APU!#REF!
Name APU: '[7]2.6'!#REF!
Name APU: #REF!
Name APU: #REF!
Name APU: #REF!
Name APU: [10]APU!#REF!
Name APU: #REF!
Name APU: '[7]2.6'!#REF!
Name APU: '[7]2.6'!#REF!
Name APUAUXILIARES: #REF!
Name APUAUXILIARES: #REF!
Name APUAUXILIARES: #REF!
Name APUAUXILIARES: #REF!
Name APUAUXILIARES: #REF!
Name APUAUXILIARES: #REF!
Name APUAUXILIARES: #REF!
Name APUAUXILIARES: #REF!
Name APUAUXILIARES: #REF!
Name APUAUXILIARES: #REF!
Name APUAUXILIARES: #REF!
Name APUAUXILIARES: #REF!
Name APUAUXILIARES: #REF!
Name APUAUXILIARES: #REF!
Name APUAUXILIARES: '[11]APU AUXILIARES'!$A$1:$G$807
Name APUAUXILIARES: 'APU AUXILIARES (2)'!$A$1:$G$809
Name APUAUXILIARES: '[11]APU AUXILIARES'!$A$1:$G$807
Name APUAUXILIARES: '[9]APU AUXILIARES'!$A$1:$G$807
Name APUAUXILIARES: #REF!
Name APUAUXILIARES: '[11]APU AUXILIARES'!$A$1:$G$807
Name APUAUXILIARES: #REF!
Name APUAUXILIARES: '[11]APU AUXILIARES'!$A$1:$G$807
Name APUAUXILIARES: '[11]APU AUXILIARES'!$A$1:$G$807
Name APUAUXILIARES: '[10]APU AUXILIARES'!$A$1:$G$807
Name APUAUXILIARES: '[11]APU AUXILIARES'!$A$1:$G$807
Name APUAUXILIARES: #REF!
Name CODIGOEQUIPOS: '[11]INSUMOS EQUIPOS'!$A$7:$A$50
Name CODIGOEQUIPOS: '[8]INSUMOS EQUIPOS'!$A$7:$A$50
Name CODIGOEQUIPOS: '[11]INSUMOS EQUIPOS'!$A$7:$A$50
Name CODIGOEQUIPOS: '[9]INSUMOS EQUIPOS'!$A$7:$A$50
Name CODIGOEQUIPOS: '[11]INSUMOS EQUIPOS'!$A$7:$A$50
Name CODIGOEQUIPOS: '[11]INSUMOS EQUIPOS'!$A$7:$A$50

Sheet DATOS INICIALES
B1: DEPARTAMENTO DE ANTIOQUIA
B2: MUNICIPIO DE DABEIBA
B3: =B7 -> REPARACION DE PUENTE DE MADERA PARA CAMINOS DE HERRADURA QUE CONECTA LA VEREDA CHAMBUSCADO CON LA VEREDA LA ARGELIA Y DEMAS VEREDAS VECINAS DEL MUNICIPIO DE DABEIBA ANTIOQUIA.
B5: DATOS INICIALES
A6: ENTIDAD: | B6: MUNICIPIO DE DABEIBA | C6: Elija el municipio de la lista desplegable
A7: NOMBRE DEL PROYECTO: | B7: REPARACION DE PUENTE DE MADERA PARA CAMINOS DE HERRADURA QUE CONECTA LA VEREDA CHAMBUSCADO CON LA VEREDA LA ARGELIA Y DEMAS VEREDAS VECINAS DEL MUNICIPIO DE DABEIBA ANTIOQUIA. | C7: Digite el nombre del proyecto. Recuerde que debe coincidir con el objeto del contrato resultante de este proceso.
A8: RESPONSABLE: | B8: LEONARDO VILLALOBOS | C8: Digite el nombre del profesional responsable del presupuesto.
A9: CARGO DE RESPONSABLE: | B9: PROFESIONAL UNIVERSITARIO | C9: Digite el cargo del profesional responsable del presupuesto.
A10: DEPENDENCIA DE RESPONSABLE: | B10: SECRETARIA DE PLANEACION Y HABITAD | C10: Digite el nombre de la dependencia del profesional responsable del presupuesto.
A11: MATRÍCULA PROFESIONAL RESPONSABLE: | B11: T.P: 25850-032141 CND | C11: Digite la matrícula profesional del profesional responsable del presupuesto.
A12: SALARIO MÍNIMO MENSUAL VIGENTE: | B12: 1423500
A13: AUXILIO DE TRANSPORTE VIGENTE: | B13: 200000
A14: EXONERADO ART 114-1 ET PARA LA OBRA: | B14: SI | C14: Elegir de las listas desplegables (Ver artículo 114-1 del Estatuto Tributario. Cabe aclarar que, al momento de proyectar los documentos del proceso de selección, deberá incluirse el método o procedimiento mediante el cual la Administración se asegurará de que, si el contratista elegido es de naturaleza contraria a esta decisión, el equilibrio contractual se encuentre garantizado).
A15: EXONERADO ART 114-1 ET PARA LA INTERVENTORÍA | B15: SI
A16: NIVEL DE RIESGO ARL APLICABLE | B16: V | C16: Elegir de la lista desplegable (Ver Decreto 1607 de 2002 para asignación de Riesgo ARL Aplicable).
A17: % ARL | B17: =+IF(B16="I",0.522%,IF(B16="II",1.044%,IF(B16="III",2.436%,IF(B16="IV",4.35%,6.96%)))) -> 0.0696
A18: DURACIÓN ESTIMADA DE OBRA (MESES) | B18: 1 | C18: Digite la duración de la obra de acuerdo al cronograma
A19: DISTANCIA A SITIO DE BOTADA DE TIERRA (KM) | B19: 10 | C19: Digite la distancia al sitio de botada de tierra de acuerdo al certificado expedido por la entidad.
A20: DISTANCIA A SITIO DE BOTADA DE ESCOMBROS (KM) | B20: 10 | C20: Digite la distancia al sitio de botada de escombros de acuerdo al certificado expedido por la entidad.
A21: DISTANCIA A SITIO DE PROVISIÓN DE MATERIAL DE PLAYA (ARENILLON, PIEDRA RODADA DE RIO) (KM) | B21: 16 | C21: Digite la distancia al sitio de provisión de material de playa de acuerdo al certificado expedido por la entidad.
A22: DISTANCIA A SITIO DE PROVISIÓN DE MATERIAL DE PLAYA (TRITURADO) (KM) | B22: 18 | C22: Digite la distancia al sitio de provisión de material de playa de acuerdo al certificado expedido por la entidad.
A23: DISTANCIA A SITIO DE PROVISIÓN DE MATERIAL GRANULAR (KM) | B23: 18 | C23: Digite la distancia al sitio de provisión de material granular de acuerdo al certificado expedido por la entidad.
A24: DISTANCIA A SITIO DE PROVISIÓN DE INSUMOS GENERALES (KM) | B24: 18 | C24: Digite la distancia al sitio de provisión de insumos generales de acuerdo al certificado expedido por la entidad.
A25: DISTANCIA A SITIO DE PROVISIÓN DE ASFALTOS (KM) | C25: Digite la distancia al sitio de provisión de asfaltos de acuerdo al certificado expedido por la entidad.
A26: PÓLIZA DE RCE EXIGIBLE A LA INTERVENTORÍA | B26: SI | C26: Elegir de la lista desplegable si se solicitará a la interventoría la póliza de responsabilidad civil extracontractual
A31: HADY LORENA
A32: Secretaría de Planeación e Infraestructura
A46: Fecha de actualización: 22 de FEBRERO de 2021 | B46: Nota 1: El archivo contiene referencias circulares, por lo tanto se debe tener activo el calculo iterativo de las fórmulas

Sheet FICHA TECNICA
A1: ='DATOS INICIALES'!B3 -> REPARACION DE PUENTE DE MADERA PARA CAMINOS DE HERRADURA QUE CONECTA LA VEREDA CHAMBUSCADO CON LA VEREDA LA ARGELIA Y DEMAS VEREDAS VECINAS DEL MUNICIPIO DE DABEIBA ANTIOQUIA.
A4: ITEM | B4: DESCRIPCION | C4: UNIDAD | D4: CANTIDAD | E4: V. UNITARIO | F4: V. SUBTOTAL
A5: 1 | B5: TRANSPORTE DE MATERIALES E INSUMOS | F5: =SUBTOTAL(9,F6:F7) -> 0
A6: 1.1 | B6: Transporte de Insumos para construccion para distancias de 0 a 2000 m medidos a partir de 100 m. en lomo de mula | C6: M3/KM | D6: =MEMORIAS!H8 -> 9.5316
A7: 1.2 | B7: Transporte de materiales e insumos de construccion para distancias de 0- 70km - desde zona urbana hasta vereda la argelia. | C7: M3/KM | D7: =MEMORIAS!H28 -> 374
A8: 2 | B8: EXCAVACIONES Y MOVIMIENTOS DE TIERRA. | F8: =SUBTOTAL(9,F9:F10) -> 0
A9: 2.1 | B9: Excavacion manual en materal comun, no incluye transporte. Solo acarreo interno. | C9: M3 | D9: =MEMORIAS!H50 -> 6
A10: 2.2 | B10: Lleno manual para estructuras con material de préstamo (tipo arenilla) hasta obtener una densidad mínima del 95%, de la obtenida en el ensayo del Proctor modificado. Incluye, material, acarreo interno, conformación, compactación | C10: M3 | D10: =MEMORIAS!H71 -> 6
A11: 3 | B11: ESTRUCTURAS EN CONCRETO. | F11: =SUBTOTAL(9,F12:F13) -> 0
A12: 3.1 | B12: Suministro, transporte y colocación de Concreto Clase D (21MPa) para Muros, aletas y demas estructuras, formaleta para acabado a la vista, desmoldante, y todos los demás elementos necesarios para su correcta construcción y funcionamiento | C12: M3 | D12: =MEMORIAS!H92 -> 2
A13: 3.2 | B13: Concreto Clase H (Ciclópeo con concreto clase D - 21 MPa y Piedra de 2" a 4") | C13: M3 | D13: =MEMORIAS!H115 -> 1
A14: 4 | B14: ACERO DE REFUERZO Y SUB ESTRUCTURA DEL PUENTE | F14: =SUBTOTAL(9,F15:F15) -> 0
A15: 4.1 | B15: Suministro, transporte y colocación de Acero de refuerzo fy=420 Mpa (Grado 60) | C15: KG | D15: =MEMORIAS!H135 -> 91
A16: 5 | B16: ELEMENTOS EN MADERA PARA LA SUPER ESTRUCTURA DEL PUENTE DE MADERA | F16: =SUBTOTAL(9,F17:F19) -> 0
A17: 5.1 | B17: Remplazo de vigas Principales (DURMIENTES) de madera, dispuestas de forma longitudinal con dimenesiones de 6" x 4" x 6ml para estructura del puente. | C17: ML | D17: =MEMORIAS!H158 -> 36
A18: 5.2 | B18: Remplazo de vigas secundarias en cuartones de madera de 3" x 4" x 3m, en zona de (VIGATRANSVERSAL) distribuidos en toda la longitud del puente de 12m, incluye elementos de fijacion y todo lo necesario para su correcto funcionamiento. | C18: UND | D18: =MEMORIAS!H178 -> 8
A19: 5.3 | B19: Remplazo de Vigas secundarias cuartones de madera de 3" x 3" x 2m en zona de (viga TRANSVERSAL- INTERMEDIOS) distribuidos en toda la longitud del puente de 12m, incluye elementos de fijacion y todo lo necesario para su correcto funcionamiento. | C19: UND | D19: =MEMORIAS!H198 -> 8
A20: 6 | B20: ELEMENTOS EN MADERA PARA PROTECCION LATERAL Y ESTRUCTURA VERTICAL | F20: =SUBTOTAL(9,F21:F23) -> 0
A21: 6.1 | B21: Remplazo de listones de madera 3" x 3" x 1.5 m en zona de (PASAMANOS - ARRIOSTRAMIENTO INCLINADO) distribuidos en toda la longitud del puente de 12m incluye elementos de fijacion y todo lo necesario para su correcto | C21: UND | D21: =MEMORIAS!H218 -> 14
A22: 6.2 | B22: Remplazo de listones de madera de 4" x 2" x 3m para Pasamanos; incluye elementos de fijacion y todo lo necesario para su correcto funcionamiento. | C22: ML | D22: =MEMORIAS!H238 -> 48
A23: 6.3 | B23: Remplazo de cuartones de madera verticales de 3" x 4" x 2.5m para soporte de(PORTICO VERTICAL) distribuidos en toda la longitud del puente de 12m, incluye elementos de fijacion y todo lo necesario para su correcto | C23: UND | D23: =MEMORIAS!H258 -> 14
A24: 7 | B24: ELEMENTOS EN MADERA PARA TABLERO DEL PUENTE - ESTRUCTURA DE CUBIERTA
A25: 7.1 | B25: Remplazo de Tablones de madera de 2" x 8" x 2m en zona de (TABLERO DEL PUENTE) distribuidos en toda la longitud del puente de 12m, incluye elementos de fijacion y todo lo necesario para su correcto funcionamiento. | C25: UND | D25: =MEMORIAS!H278 -> 60
A26: 7.2 | B26: Remplazo de vigas secundarias en listones de madera de 3" x 4" x 2.5 m, en zona de (VIGATRANSVERSAL DEL TECHO) de acuerdo a la longitud del puente de 12m, incluye elementos de fijacion y todo lo necesario para su correcto funcionamiento. | C26: UND | D26: =MEMORIAS!H298 -> 8
A27: 7.3 | B27: Remplazo de vigas secundarias en listones de madera de 3" x 3" x 3m, en zona (LONGITUDINAL DE APOYO ALFARDAS) de acuerdo a la longitud del puente de 12m incluye elementos de fijacion y todo lo necesario para su correcto funcionamiento. | C27: ML | D27: =MEMORIAS!H318 -> 48
A28: 7.4 | B28: Remplazo de Alfardas de madera de 4" x 2" x 2m para estructura de cubierta ; incluye elementos de fijacion y todo lo necesario para su correcto funcionamiento. | C28: UND | D28: =MEMORIAS!H338 -> 30
A29: 7.5 | B29: Remplazo de correas de madera de 2" x 1" x 3m para estructura de cubierta ; incluye elementos de fijacion y todo lo necesario para su correcto funcionamiento. | C29: ML | D29: =MEMORIAS!H358 -> 72
A30: 8 | B30: PINTURA Y ACABADOS PARA COMPONENTES DE MADERA DEL PUENTE | F30: =SUBTOTAL(9,F31:F31) -> 0
A31: 8.1 | B31: Pintura en esmalte para proteccion de elementos de madera del puente (alfardas, vigas principales, vigas secundarias, pasamanos, listones verticales, y estructura de cubierta) | C31: ML | D31: =MEMORIAS!H378 -> 345
A32: 9 | B32: CUBIERTA EN TEJAS DE ZINC PARA TECHO DEL PUENTE | F32: =SUBTOTAL(9,F33:F33) -> 0
A33: 9.1 | B33: suministro tranporte e instalacion de laminas de zinc para techo del puente | C33: M2 | D33: =12*3.6 -> 43.2
B34: COSTOS DIRECTOS
B35: COSTOS INDIRECTOS AU
B36: COSTOS DIRECTOS + INDIRECTOS)
B37: TOTAL COSTOS DEL PROYECTO | F37: =SUM(F36:F36) -> 0
B72: Ingeniero Civil
B73: T. P. 0520274399 ANT.

Sheet MEMORIAS
A1: ='[10]DATOS INICIALES'!$B$1 -> DEPARTAMENTO DE ANTIOQUIA
A2: ='[10]DATOS INICIALES'!$B$2 -> MUNICIPIO DE DABEIBA
A3: ='DATOS INICIALES'!B3 -> REPARACION DE PUENTE DE MADERA PARA CAMINOS DE HERRADURA QUE CONECTA LA VEREDA CHAMBUSCADO CON LA VEREDA LA ARGELIA Y DEMAS VEREDAS VECINAS DEL MUNICIPIO DE DABEIBA ANTIOQUIA.
A5: MEMORIA DE CANTIDADES
A7: ITEM | B7: DESCRIPCIÓN | G7: UNIDAD | H7: CANTIDAD
A8: =PRESUPUESTO!A6 -> 1.1 | B8: =PRESUPUESTO!B6 -> Transporte de Insumos para construccion para distancias de 0 a 2000 m medidos a partir de 100 m. en lomo de mula | G8: =PRESUPUESTO!C6 -> M3/KM | H8: =SUM(H11:H19) -> 9.5316
A10: DETALLE | C10: FACTOR | D10: CANTIDAD | E10: DISTANCIA | F10: B(M2) | G10: C(M3) | H10: TOTAL
A11: 1 | B11: insumos para concretos de 21mp m3 | C11: 1 | D11: =H92 -> 2 | E11: 1.5 | F11: 1 | G11: 0 | H11: =+IF(A11=0,"",IF(AND(E11=0,F11=0,G11=0),C11*D11,IF(AND(F11=0,G11=0),C11*D11*E11,IF(G11=0,C11*D11*E11*F11,C11*D11*E11*F11*G11)))) -> 3
A12: 2 | B12: insumos para concreto ciclopeo m3 | C12: 1 | D12: =H115 -> 1 | E12: 1.5 | F12: 1 | G12: 0 | H12: =+IF(A12=0,"",IF(AND(E12=0,F12=0,G12=0),C12*D12,IF(AND(F12=0,G12=0),C12*D12*E12,IF(G12=0,C12*D12*E12*F12,C12*D12*E12*F12*G12)))) -> 1.5
A13: 3 | B13: aceros de refuerzo kg | C13: 0.007 | D13: =H135 -> 91 | E13: 1.5 | F13: 1 | G13: 0 | H13: =+IF(A13=0,"",IF(AND(E13=0,F13=0,G13=0),C13*D13,IF(AND(F13=0,G13=0),C13*D13*E13,IF(G13=0,C13*D13*E13*F13,C13*D13*E13*F13*G13)))) -> 0.9555
A14: 4 | B14: madera para el puente sumado todos los ml de madera ml | C14: 0.007 | D14: =H378 -> 345 | E14: 1.5 | F14: 1 | G14: 0 | H14: =+IF(A14=0,"",IF(AND(E14=0,F14=0,G14=0),C14*D14,IF(AND(F14=0,G14=0),C14*D14*E14,IF(G14=0,C14*D14*E14*F14,C14*D14*E14*F14*G14)))) -> 3.6225
A15: 5 | B15: material para el techo en tejas de zinc onduladas m2 | C15: 0.007 | D15: =PRESUPUESTO!D33 -> 43.2 | E15: 1.5 | F15: 1 | G15: 0 | H15: =+IF(A15=0,"",IF(AND(E15=0,F15=0,G15=0),C15*D15,IF(AND(F15=0,G15=0),C15*D15*E15,IF(G15=0,C15*D15*E15*F15,C15*D15*E15*F15*G15)))) -> 0.4536
A20: =+"TOTAL CANTIDAD ITEM "&A9 -> TOTAL CANTIDAD ITEM | H20: =SUM(H11:H19) -> 9.5316
A21: ='[10]DATOS INICIALES'!$B$1 -> DEPARTAMENTO DE ANTIOQUIA
A22: ='[10]DATOS INICIALES'!$B$2 -> MUNICIPIO DE DABEIBA
A23: ='DATOS INICIALES'!B7 -> REPARACION DE PUENTE DE MADERA PARA CAMINOS DE HERRADURA QUE CONECTA LA VEREDA CHAMBUSCADO CON LA VEREDA LA ARGELIA Y DEMAS VEREDAS VECINAS DEL MUNICIPIO DE DABEIBA ANTIOQUIA.
A25: MEMORIA DE CANTIDADES
A27: ITEM | B27: DESCRIPCIÓN | G27: UNIDAD | H27: CANTIDAD
A28: =PRESUPUESTO!A7 -> 1.2 | B28: =PRESUPUESTO!B7 -> Transporte de materiales e insumos de construccion para distancias de 0- 70km - desde zona urbana hasta vereda la argelia. | G28: =PRESUPUESTO!C7 -> M3/KM | H28: =IFERROR(ROUND(IF(SUM(H31:H39)=0,"",SUM(H31:H39)),0),"") -> 374
A30: DETALLE | C30: FACTOR | D30: CANTIDAD | E30: DISTANCIA | F30: B(M2) | G30: C(M3) | H30: TOTAL
A31: 1 | B31: insumos para concretos de 21mp m3 | C31: 1 | D31: =D11 -> 2 | E31: 48 | F31: 1 | G31: 0 | H31: =+IF(A31=0,"",IF(AND(E31=0,F31=0,G31=0),C31*D31,IF(AND(F31=0,G31=0),C31*D31*E31,IF(G31=0,C31*D31*E31*F31,C31*D31*E31*F31*G31)))) -> 96
A32: 2 | B32: insumos para concreto ciclopeo m3 | C32: 1 | D32: =D12 -> 1 | E32: 48 | F32: 1 | G32: 0 | H32: =+IF(A32=0,"",IF(AND(E32=0,F32=0,G32=0),C32*D32,IF(AND(F32=0,G32=0),C32*D32*E32,IF(G32=0,C32*D32*E32*F32,C32*D32*E32*F32*G32)))) -> 48
A33: 3 | B33: aceros de refuerzo kg | C33: 0.01 | D33: =D13 -> 91 | E33: 48 | F33: 1 | G33: 0 | H33: =+IF(A33=0,"",IF(AND(E33=0,F33=0,G33=0),C33*D33,IF(AND(F33=0,G33=0),C33*D33*E33,IF(G33=0,C33*D33*E33*F33,C33*D33*E33*F33*G33)))) -> 43.68
A34: 4 | B34: madera para el puente sumado todos los ml de madera ml | C34: 0.01 | D34: =D14 -> 345 | E34: 48 | F34: 1 | G34: 0 | H34: =+IF(A34=0,"",IF(AND(E34=0,F34=0,G34=0),C34*D34,IF(AND(F34=0,G34=0),C34*D34*E34,IF(G34=0,C34*D34*E34*F34,C34*D34*E34*F34*G34)))) -> 165.6
A35: 5 | B35: material para el techo en tejas de zinc onduladas m2 | C35: 0.01 | D35: =D15 -> 43.2 | E35: 48 | F35: 1 | G35: 0 | H35: =+IF(A35=0,"",IF(AND(E35=0,F35=0,G35=0),C35*D35,IF(AND(F35=0,G35=0),C35*D35*E35,IF(G35=0,C35*D35*E35*F35,C35*D35*E35*F35*G35)))) -> 20.736
A40: =+"TOTAL CANTIDAD ITEM "&A29 -> TOTAL CANTIDAD ITEM | H40: =IFERROR(ROUND(IF(SUM(H31:H39)=0,"",SUM(H31:H39)),0),"") -> 374
A43: ='[10]DATOS INICIALES'!$B$1 -> DEPARTAMENTO DE ANTIOQUIA
A44: ='[10]DATOS INICIALES'!$B$2 -> MUNICIPIO DE DABEIBA
A45: ='DATOS INICIALES'!B7 -> REPARACION DE PUENTE DE MADERA PARA CAMINOS DE HERRADURA QUE CONECTA LA VEREDA CHAMBUSCADO CON LA VEREDA LA ARGELIA Y DEMAS VEREDAS VECINAS DEL MUNICIPIO DE DABEIBA ANTIOQUIA.
A47: MEMORIA DE CANTIDADES
A49: ITEM | B49: DESCRIPCIÓN | G49: UNIDAD | H49: CANTIDAD
A50: =PRESUPUESTO!A9 -> 2.1 | B50: =PRESUPUESTO!B9 -> Excavacion manual en materal comun, no incluye transporte. Solo acarreo interno. | G50: M2 | H50: =IFERROR(ROUND(IF(SUM(H53:H61)=0,"",SUM(H53:H61)),0),"") -> 6
A52: DETALLE | C52: FACTOR | D52: CANTIDAD | E52: A (ML) | F52: B(M2) | G52: C(M3) | H52: TOTAL
A53: 1 | B53: zona para cimentacion de aletas | C53: 1 | D53: 2 | E53: 3 | F53: 1 | G53: 0.5 | H53: =+IF(A53=0,"",IF(AND(E53=0,F53=0,G53=0),C53*D53,IF(AND(F53=0,G53=0),C53*D53*E53,IF(G53=0,C53*D53*E53*F53,C53*D53*E53*F53*G53)))) -> 3
A54: 2 | B54: excavacion zona de aproximacion | C54: 1 | D54: 2 | E54: 3 | F54: 1 | G54: 0.5 | H54: =+IF(A54=0,"",IF(AND(E54=0,F54=0,G54=0),C54*D54,IF(AND(F54=0,G54=0),C54*D54*E54,IF(G54=0,C54*D54*E54*F54,C54*D54*E54*F54*G54)))) -> 3
A62: =+"TOTAL CANTIDAD ITEM "&A51 -> TOTAL CANTIDAD ITEM | H62: =IFERROR(ROUND(IF(SUM(H53:H61)=0,"",SUM(H53:H61)),0),"") -> 6
A64: ='[10]DATOS INICIALES'!$B$1 -> DEPARTAMENTO DE ANTIOQUIA
A65: ='[10]DATOS INICIALES'!$B$2 -> MUNICIPIO DE DABEIBA
A66: ='DATOS INICIALES'!B7 -> REPARACION DE PUENTE DE MADERA PARA CAMINOS DE HERRADURA QUE CONECTA LA VEREDA CHAMBUSCADO CON LA VEREDA LA ARGELIA Y DEMAS VEREDAS VECINAS DEL MUNICIPIO DE DABEIBA ANTIOQUIA.
A68: MEMORIA DE CANTIDADES
A70: ITEM | B70: DESCRIPCIÓN | G70: UNIDAD | H70: CANTIDAD
A71: =PRESUPUESTO!A10 -> 2.2 | B71: =PRESUPUESTO!B10 -> Lleno manual para estructuras con material de préstamo (tipo arenilla) hasta obtener una densidad mínima del 95%, de la obtenida en el ensayo del Proctor modificado. Incluye, material, acarreo interno, conformación, compactación | G71: M3 | H71: =IFERROR(ROUND(IF(SUM(H74:H82)=0,"",SUM(H74:H82)),0),"") -> 6
A73: DETALLE | C73: FACTOR | D73: CANTIDAD | E73: A (ML) | F73: B(M2) | G73: C(M3) | H73: TOTAL
A74: 1 | B74: excavacion zona de aproximacion | C74: 1 | D74: 2 | E74: 3 | F74: 1 | G74: 1 | H74: =+IF(A74=0,"",IF(AND(E74=0,F74=0,G74=0),C74*D74,IF(AND(F74=0,G74=0),C74*D74*E74,IF(G74=0,C74*D74*E74*F74,C74*D74*E74*F74*G74)))) -> 6
A83: =+"TOTAL CANTIDAD ITEM "&A72 -> TOTAL CANTIDAD ITEM | H83: =IFERROR(ROUND(IF(SUM(H74:H82)=0,"",SUM(H74:H82)),0),"") -> 6
A85: ='[10]DATOS INICIALES'!$B$1 -> DEPARTAMENTO DE ANTIOQUIA
A86: ='[10]DATOS INICIALES'!$B$2 -> MUNICIPIO DE DABEIBA
A87: ='DATOS INICIALES'!B3 -> REPARACION DE PUENTE DE MADERA PARA CAMINOS DE HERRADURA QUE CONECTA LA VEREDA CHAMBUSCADO CON LA VEREDA LA ARGELIA Y DEMAS VEREDAS VECINAS DEL MUNICIPIO DE DABEIBA ANTIOQUIA.
A89: MEMORIA DE CANTIDADES
A91: ITEM | B91: DESCRIPCIÓN | G91: UNIDAD | H91: CANTIDAD
A92: =PRESUPUESTO!A12 -> 3.1 | B92: =PRESUPUESTO!B12 -> Suministro, transporte y colocación de Concreto Clase D (21MPa) para Muros, aletas y demas estructuras, formaleta para acabado a la vista, desmoldante, y todos los demás elementos necesarios para su correcta construcción y funcionamiento | G92: =PRESUPUESTO!C12 -> M3 | H92: =SUM(H95:H96) -> 2
A94: DETALLE | C94: FACTOR | D94: CANTIDAD | E94: A (ML) | F94: B(M2) | G94: C(M3) | H94: TOTAL
A95: 1 | B95: zarpa de muros y aleta para contener llenos | C95: 1 | D95: 2 | E95: 2 | F95: 1 | G95: 0.2 | H95: =+IF(A95=0,"",IF(AND(E95=0,F95=0,G95=0),C95*D95,IF(AND(F95=0,G95=0),C95*D95*E95,IF(G95=0,C95*D95*E95*F95,C95*D95*E95*F95*G95)))) -> 0.8
A96: 2 | B96: vastago del muro y aletas para contener llenos | C96: 1 | D96: 2 | E96: 2 | F96: 2 | G96: 0.15 | H96: =+IF(A96=0,"",IF(AND(E96=0,F96=0,G96=0),C96*D96,IF(AND(F96=0,G96=0),C96*D96*E96,IF(G96=0,C96*D96*E96*F96,C96*D96*E96*F96*G96)))) -> 1.2
A104: =+"TOTAL CANTIDAD ITEM "&A93 -> TOTAL CANTIDAD ITEM
A108: ='[10]DATOS INICIALES'!$B$1 -> DEPARTAMENTO DE ANTIOQUIA
A109: ='[10]DATOS INICIALES'!$B$2 -> MUNICIPIO DE DABEIBA
A110: ='DATOS INICIALES'!B3 -> REPARACION DE PUENTE DE MADERA PARA CAMINOS DE HERRADURA QUE CONECTA LA VEREDA CHAMBUSCADO CON LA VEREDA LA ARGELIA Y DEMAS VEREDAS VECINAS DEL MUNICIPIO DE DABEIBA ANTIOQUIA.
A112: MEMORIA DE CANTIDADES
A114: ITEM | B114: DESCRIPCIÓN | G114: UNIDAD | H114: CANTIDAD
A115: =PRESUPUESTO!A13 -> 3.2 | B115: =PRESUPUESTO!B13 -> Concreto Clase H (Ciclópeo con concreto clase D - 21 MPa y Piedra de 2" a 4") | G115: =PRESUPUESTO!C13 -> M3 | H115: =IFERROR(ROUND(IF(SUM(H118:H125)=0,"",SUM(H118:H125)),0),"") -> 1
A117: DETALLE | C117: FACTOR | D117: CANTIDAD | E117: A (ML) | F117: B(M2) | G117: C(M3) | H117: TOTAL
A118: 1 | B118: debajo de zarpa de muros de contencion y aletas | C118: 1 | D118: 2 | E118: 2 | F118: 1 | G118: 0.3 | H118: =+IF(A118=0,"",IF(AND(E118=0,F118=0,G118=0),C118*D118,IF(AND(F118=0,G118=0),C118*D118*E118,IF(G118=0,C118*D118*E118*F118,C118*D118*E118*F118*G118)))) -> 1.2
A126: =+"TOTAL CANTIDAD ITEM "&A116 -> TOTAL CANTIDAD ITEM | H126: =IFERROR(ROUND(IF(SUM(H118:H125)=0,"",SUM(H118:H125)),0),"") -> 1
A128: ='[10]DATOS INICIALES'!$B$1 -> DEPARTAMENTO DE ANTIOQUIA
A129: ='[10]DATOS INICIALES'!$B$2 -> MUNICIPIO DE DABEIBA
A130: ='DATOS INICIALES'!B3 -> REPARACION DE PUENTE DE MADERA PARA CAMINOS DE HERRADURA QUE CONECTA LA VEREDA CHAMBUSCADO CON LA VEREDA LA ARGELIA Y DEMAS VEREDAS VECINAS DEL MUNICIPIO DE DABEIBA ANTIOQUIA.
A132: MEMORIA DE CANTIDADES
A134: ITEM | B134: DESCRIPCIÓN | G134: UNIDAD | H134: CANTIDAD
A135: =PRESUPUESTO!A15 -> 4.1 | B135: =PRESUPUESTO!B15 -> Suministro, transporte y colocación de Acero de refuerzo fy=420 Mpa (Grado 60) | G135: =PRESUPUESTO!C15 -> KG | H135: =IFERROR(ROUND(IF(SUM(H138:H146)=0,"",SUM(H138:H146)),0),"") -> 91
A137: DETALLE | C137: FACTOR | D137: CANTIDAD | E137: A (ML) | F137: PESO KG | G137: ELEMENTOS | H137: TOTAL
A138: 1 | B138: acero zarpa de muro de contencion y aletas | C138: 1 | D138: 1 | E138: =(18*2)+(2*9.4) -> 54.8 | F138: 1 | G138: 1 | H138: =+IF(A138=0,"",IF(AND(E138=0,F138=0,G138=0),C138*D138,IF(AND(F138=0,G138=0),C138*D138*E138,IF(G138=0,C138*D138*E138*F138,C138*D138*E138*F138*G138)))) -> 54.8
A139: 2 | B139: acero longitudinal vastago del muro de contencion y aletas | C139: 1 | D139: 1 | E139: =(2/0.25)*2 -> 16 | F139: 1 | G139: 1 | H139: =+IF(A139=0,"",IF(AND(E139=0,F139=0,G139=0),C139*D139,IF(AND(F139=0,G139=0),C139*D139*E139,IF(G139=0,C139*D139*E139*F139,C139*D139*E139*F139*G139)))) -> 16
A140: 3 | B140: acero transversal de astago del muro de contencion y aletas | C140: 1 | D140: 1 | E140: =(1/0.25)*5 -> 20 | F140: 1 | G140: 1 | H140: =+IF(A140=0,"",IF(AND(E140=0,F140=0,G140=0),C140*D140,IF(AND(F140=0,G140=0),C140*D140*E140,IF(G140=0,C140*D140*E140*F140,C140*D140*E140*F140*G140)))) -> 20
A147: =+"TOTAL CANTIDAD ITEM "&A136 -> TOTAL CANTIDAD ITEM | H147: =IFERROR(ROUND(IF(SUM(H138:H146)=0,"",SUM(H138:H146)),0),"") -> 91
A151: ='[10]DATOS INICIALES'!$B$1 -> DEPARTAMENTO DE ANTIOQUIA
A152: ='[10]DATOS INICIALES'!$B$2 -> MUNICIPIO DE DABEIBA
A153: ='DATOS INICIALES'!B3 -> REPARACION DE PUENTE DE MADERA PARA CAMINOS DE HERRADURA QUE CONECTA LA VEREDA CHAMBUSCADO CON LA VEREDA LA ARGELIA Y DEMAS VEREDAS VECINAS DEL MUNICIPIO DE DABEIBA ANTIOQUIA.
A155: MEMORIA DE CANTIDADES
A157: ITEM | B157: DESCRIPCIÓN | G157: UNIDAD | H157: CANTIDAD
A158: =PRESUPUESTO!A17 -> 5.1 | B158: =PRESUPUESTO!B17 -> Remplazo de vigas Principales (DURMIENTES) de madera, dispuestas de forma longitudinal con dimenesiones de 6" x 4" x 6ml para estructura del puente. | G158: ML | H158: =IFERROR(ROUND(IF(SUM(H161:H169)=0,"",SUM(H161:H169)),0),"") -> 36
A160: DETALLE | C160: FACTOR | D160: CANTIDAD | E160: A (ML) | F160: B(M2) | G160: C(M3) | H160: TOTAL
A161: 1 | B161: ESTRUCTURA PRINCIPAL - VIGAS DURMIENTES SON 3 QUE SOPORTAN EL PUENTE X TODA LA LONGITUD DE 12ML | C161: 1 | D161: 3 | E161: 12 | F161: 0 | G161: 0 | H161: =+IF(A161=0,"",IF(AND(E161=0,F161=0,G161=0),C161*D161,IF(AND(F161=0,G161=0),C161*D161*E161,IF(G161=0,C161*D161*E161*F161,C161*D161*E161*F161*G161)))) -> 36
A170: =+"TOTAL CANTIDAD ITEM "&A159 -> TOTAL CANTIDAD ITEM | H170: =IFERROR(ROUND(IF(SUM(H161:H169)=0,"",SUM(H161:H169)),0),"") -> 36
A171: ='[10]DATOS INICIALES'!$B$1 -> DEPARTAMENTO DE ANTIOQUIA
A172: ='[10]DATOS INICIALES'!$B$2 -> MUNICIPIO DE DABEIBA
A173: ='DATOS INICIALES'!B3 -> REPARACION DE PUENTE DE MADERA PARA CAMINOS DE HERRADURA QUE CONECTA LA VEREDA CHAMBUSCADO CON LA VEREDA LA ARGELIA Y DEMAS VEREDAS VECINAS DEL MUNICIPIO DE DABEIBA ANTIOQUIA.
A175: MEMORIA DE CANTIDADES
A177: ITEM | B177: DESCRIPCIÓN | G177: UNIDAD | H177: CANTIDAD
A178: =PRESUPUESTO!A18 -> 5.2 | B178: =PRESUPUESTO!B18 -> Remplazo de vigas secundarias en cuartones de madera de 3" x 4" x 3m, en zona de (VIGATRANSVERSAL) distribuidos en toda la longitud del puente de 12m, incluye elementos de fijacion y todo lo necesario para su correcto funcionamiento. | G178: UNIDAD | H178: =IFERROR(ROUND(IF(SUM(H181:H189)=0,"",SUM(H181:H189)),0),"") -> 8
A180: DETALLE | C180: FACTOR | D180: CANTIDAD | E180: A (ML) | F180: B(M2) | G180: C(M3) | H180: TOTAL
A181: 1 | B181: VIGA RANSVERSAL CADA 1.7 METROS Y SE SUMA UNA AL FINAL | C181: 1 | D181: 8 | E181: 0 | F181: 0 | G181: 0 | H181: =+IF(A181=0,"",IF(AND(E181=0,F181=0,G181=0),C181*D181,IF(AND(F181=0,G181=0),C181*D181*E181,IF(G181=0,C181*D181*E181*F181,C181*D181*E181*F181*G181)))) -> 8
A190: =+"TOTAL CANTIDAD ITEM "&A179 -> TOTAL CANTIDAD ITEM | H190: =IFERROR(ROUND(IF(SUM(H181:H189)=0,"",SUM(H181:H189)),0),"") -> 8
A191: ='[10]DATOS INICIALES'!$B$1 -> DEPARTAMENTO DE ANTIOQUIA
A192: ='[10]DATOS INICIALES'!$B$2 -> MUNICIPIO DE DABEIBA
A193: ='DATOS INICIALES'!B3 -> REPARACION DE PUENTE DE MADERA PARA CAMINOS DE HERRADURA QUE CONECTA LA VEREDA CHAMBUSCADO CON LA VEREDA LA ARGELIA Y DEMAS VEREDAS VECINAS DEL MUNICIPIO DE DABEIBA ANTIOQUIA.
A195: MEMORIA DE CANTIDADES
A197: ITEM | B197: DESCRIPCIÓN | G197: UNIDAD | H197: CANTIDAD
A198: =PRESUPUESTO!A19 -> 5.3 | B198: =PRESUPUESTO!B19 -> Remplazo de Vigas secundarias cuartones de madera de 3" x 3" x 2m en zona de (viga TRANSVERSAL- INTERMEDIOS) distribuidos en toda la longitud del puente de 12m, incluye elementos de fijacion y todo lo necesario para su correcto funcionamiento. | G198: UND | H198: =IFERROR(ROUND(IF(SUM(H201:H209)=0,"",SUM(H201:H209)),0),"") -> 8
A200: DETALLE | C200: FACTOR | D200: CANTIDAD | E200: A (ML) | F200: B(M2) | G200: C(M3) | H200: TOTAL
...

Sheet PRESUPUESTO
A1: ='DATOS INICIALES'!B3 -> REPARACION DE PUENTE DE MADERA PARA CAMINOS DE HERRADURA QUE CONECTA LA VEREDA CHAMBUSCADO CON LA VEREDA LA ARGELIA Y DEMAS VEREDAS VECINAS DEL MUNICIPIO DE DABEIBA ANTIOQUIA.
A4: ITEM | B4: DESCRIPCION | C4: UNIDAD | D4: CANTIDAD | E4: V. UNITARIO | F4: V. SUBTOTAL
A5: 1 | B5: TRANSPORTE DE MATERIALES E INSUMOS | F5: =SUBTOTAL(9,F6:F7) -> 2336603.2
A6: 1.1 | B6: Transporte de Insumos para construccion para distancias de 0 a 2000 m medidos a partir de 100 m. en lomo de mula | C6: M3/KM | D6: =MEMORIAS!H8 -> 9.5316 | E6: ='1.1'!J33 -> 166667 | F6: =Tabla3[[#This Row],[CANTIDAD]]*Tabla3[[#This Row],[V. UNITARIO]] -> 1588603.2
A7: 1.2 | B7: Transporte de materiales e insumos de construccion para distancias de 0- 70km - desde zona urbana hasta vereda la argelia. | C7: M3/KM | D7: =MEMORIAS!H28 -> 374 | E7: ='1.2'!J32 -> 2000 | F7: =Tabla3[[#This Row],[CANTIDAD]]*Tabla3[[#This Row],[V. UNITARIO]] -> 748000
A8: 2 | B8: EXCAVACIONES Y MOVIMIENTOS DE TIERRA. | F8: =SUBTOTAL(9,F9:F10) -> 820374
A9: 2.1 | B9: Excavacion manual en materal comun, no incluye transporte. Solo acarreo interno. | C9: M3 | D9: =MEMORIAS!H50 -> 6 | E9: ='2,1'!J32 -> 37679 | F9: =PRESUPUESTO!$D9*PRESUPUESTO!$E9 -> 226074
A10: 2.2 | B10: Lleno manual para estructuras con material de préstamo (tipo arenilla) hasta obtener una densidad mínima del 95%, de la obtenida en el ensayo del Proctor modificado. Incluye, material, acarreo interno, conformación, compactación | C10: M3 | D10: =MEMORIAS!H71 -> 6 | E10: ='2.2'!J33 -> 99050 | F10: =PRESUPUESTO!$D10*PRESUPUESTO!$E10 -> 594300
A11: 3 | B11: ESTRUCTURAS EN CONCRETO. | F11: =SUBTOTAL(9,F12:F13) -> 2751567
A12: 3.1 | B12: Suministro, transporte y colocación de Concreto Clase D (21MPa) para Muros, aletas y demas estructuras, formaleta para acabado a la vista, desmoldante, y todos los demás elementos necesarios para su correcta construcción y funcionamiento | C12: M3 | D12: =MEMORIAS!H92 -> 2 | E12: ='3,1'!J41 -> 1023427 | F12: =PRESUPUESTO!$D12*PRESUPUESTO!$E12 -> 2046854
A13: 3.2 | B13: Concreto Clase H (Ciclópeo con concreto clase D - 21 MPa y Piedra de 2" a 4") | C13: M3 | D13: =MEMORIAS!H115 -> 1 | E13: ='3,2'!J30 -> 704713 | F13: =PRESUPUESTO!$D13*PRESUPUESTO!$E13 -> 704713
A14: 4 | B14: ACERO DE REFUERZO Y SUB ESTRUCTURA DEL PUENTE | F14: =SUBTOTAL(9,F15:F15) -> 794248
A15: 4.1 | B15: Suministro, transporte y colocación de Acero de refuerzo fy=420 Mpa (Grado 60) | C15: KG | D15: =MEMORIAS!H135 -> 91 | E15: ='4,1'!J29 -> 8728 | F15: =PRESUPUESTO!$D15*PRESUPUESTO!$E15 -> 794248
A16: 5 | B16: ELEMENTOS EN MADERA PARA LA SUPER ESTRUCTURA DEL PUENTE DE MADERA | F16: =SUBTOTAL(9,F17:F19) -> 7612208
A17: 5.1 | B17: Remplazo de vigas Principales (DURMIENTES) de madera, dispuestas de forma longitudinal con dimenesiones de 6" x 4" x 6ml para estructura del puente. | C17: ML | D17: =MEMORIAS!H158 -> 36 | E17: ='5,1'!J33 -> 169564 | F17: =PRESUPUESTO!$D17*PRESUPUESTO!$E17 -> 6104304
A18: 5.2 | B18: Remplazo de vigas secundarias en cuartones de madera de 3" x 4" x 3m, en zona de (VIGATRANSVERSAL) distribuidos en toda la longitud del puente de 12m, incluye elementos de fijacion y todo lo necesario para su correcto funcionamiento. | C18: UND | D18: =MEMORIAS!H178 -> 8 | E18: ='5.2'!J30 -> 130244 | F18: =PRESUPUESTO!$D18*PRESUPUESTO!$E18 -> 1041952
A19: 5.3 | B19: Remplazo de Vigas secundarias cuartones de madera de 3" x 3" x 2m en zona de (viga TRANSVERSAL- INTERMEDIOS) distribuidos en toda la longitud del puente de 12m, incluye elementos de fijacion y todo lo necesario para su correcto funcionamiento. | C19: UND | D19: =MEMORIAS!H198 -> 8 | E19: ='5.3'!J30 -> 58244 | F19: =PRESUPUESTO!$D19*PRESUPUESTO!$E19 -> 465952
A20: 6 | B20: ELEMENTOS EN MADERA PARA PROTECCION LATERAL Y ESTRUCTURA VERTICAL | F20: =SUBTOTAL(9,F21:F23) -> 3526954
A21: 6.1 | B21: Remplazo de listones de madera 3" x 3" x 1.5 m en zona de (PASAMANOS - ARRIOSTRAMIENTO INCLINADO) distribuidos en toda la longitud del puente de 12m incluye elementos de fijacion y todo lo necesario para su correcto | C21: UND | D21: =MEMORIAS!H218 -> 14 | E21: ='6,1'!J36 -> 67359 | F21: =PRESUPUESTO!$D21*PRESUPUESTO!$E21 -> 943026
A22: 6.2 | B22: Remplazo de listones de madera de 4" x 2" x 3m para Pasamanos; incluye elementos de fijacion y todo lo necesario para su correcto funcionamiento. | C22: ML | D22: =MEMORIAS!H238 -> 48 | E22: ='6.2'!J35 -> 21794 | F22: =PRESUPUESTO!$D22*PRESUPUESTO!$E22 -> 1046112
A23: 6.3 | B23: Remplazo de cuartones de madera verticales de 3" x 4" x 2.5m para soporte de(PORTICO VERTICAL) distribuidos en toda la longitud del puente de 12m, incluye elementos de fijacion y todo lo necesario para su correcto | C23: UND | D23: =MEMORIAS!H258 -> 14 | E23: ='6.3'!J35 -> 109844 | F23: =PRESUPUESTO!$D23*PRESUPUESTO!$E23 -> 1537816
A24: 7 | B24: ELEMENTOS EN MADERA PARA TABLERO DEL PUENTE - ESTRUCTURA DE CUBIERTA | F24: =SUBTOTAL(9,F25:F29) -> 7637608
A25: 7.1 | B25: Remplazo de Tablones de madera de 2" x 8" x 2m en zona de (TABLERO DEL PUENTE) distribuidos en toda la longitud del puente de 12m, incluye elementos de fijacion y todo lo necesario para su correcto funcionamiento. | C25: UND | D25: =MEMORIAS!H278 -> 60 | E25: ='7,1'!J32 -> 54344 | F25: =PRESUPUESTO!$D25*PRESUPUESTO!$E25 -> 3260640
A26: 7.2 | B26: Remplazo de vigas secundarias en listones de madera de 3" x 4" x 2.5 m, en zona de (VIGATRANSVERSAL DEL TECHO) de acuerdo a la longitud del puente de 12m, incluye elementos de fijacion y todo lo necesario para su correcto funcionamiento. | C26: UND | D26: =MEMORIAS!H298 -> 8 | E26: ='7.2'!J30 -> 109844 | F26: =PRESUPUESTO!$D26*PRESUPUESTO!$E26 -> 878752
A27: 7.3 | B27: Remplazo de vigas secundarias en listones de madera de 3" x 3" x 3m, en zona (LONGITUDINAL DE APOYO ALFARDAS) de acuerdo a la longitud del puente de 12m incluye elementos de fijacion y todo lo necesario para su correcto funcionamiento. | C27: ML | D27: =MEMORIAS!H318 -> 48 | E27: ='7.3'!J30 -> 30637 | F27: =PRESUPUESTO!$D27*PRESUPUESTO!$E27 -> 1470576
A28: 7.4 | B28: Remplazo de Alfardas de madera de 4" x 2" x 2m para estructura de cubierta ; incluye elementos de fijacion y todo lo necesario para su correcto funcionamiento. | C28: UND | D28: =MEMORIAS!H338 -> 30 | E28: ='7.4'!J35 -> 42244 | F28: =PRESUPUESTO!$D28*PRESUPUESTO!$E28 -> 1267320
A29: 7.5 | B29: Remplazo de correas de madera de 2" x 1" x 3m para estructura de cubierta ; incluye elementos de fijacion y todo lo necesario para su correcto funcionamiento. | C29: ML | D29: =MEMORIAS!H358 -> 72 | E29: ='7.5'!J35 -> 10560 | F29: =PRESUPUESTO!$D29*PRESUPUESTO!$E29 -> 760320
A30: 8 | B30: PINTURA Y ACABADOS PARA COMPONENTES DE MADERA DEL PUENTE | F30: =SUBTOTAL(9,F31:F31) -> 2224215
A31: 8.1 | B31: Pintura en esmalte para proteccion de elementos de madera del puente (alfardas, vigas principales, vigas secundarias, pasamanos, listones verticales, y estructura de cubierta) | C31: ML | D31: =MEMORIAS!H378 -> 345 | E31: ='8.1'!J32 -> 6447 | F31: =PRESUPUESTO!$D31*PRESUPUESTO!$E31 -> 2224215
A32: 9 | B32: CUBIERTA EN TEJAS DE ZINC PARA TECHO DEL PUENTE | F32: =SUBTOTAL(9,F33:F33) -> 1163376
A33: 9.1 | B33: suministro tranporte e instalacion de laminas de zinc para techo del puente | C33: M2 | D33: =12*3.6 -> 43.2 | E33: ='9.1'!J32 -> 26930 | F33: =PRESUPUESTO!$D33*PRESUPUESTO!$E33 -> 1163376
B34: COSTOS DIRECTOS | F34: =SUBTOTAL(9,F5:F33) -> 28867153 | H34: =F5+F8+F11+F14+F16+F20+F24+F30+F32 -> 28867153
B35: COSTOS INDIRECTOS AU | E35: =AIU!I48 -> 0.3719 | F35: =F34*PRESUPUESTO!$E35 -> 10735694
B36: COSTOS DIRECTOS + INDIRECTOS) | F36: =F34+F35 -> 39602847
B37: ADMINISTRACION EDURHA DABEIBA | E37: 0.01 | F37: =F36*PRESUPUESTO!$E37 -> 396028.47
B38: TOTAL COSTOS DEL PROYECTO | F38: =SUM(F36:F37) -> 39998876
B40: LEONARDO FAVIO VILLALOBOS
B41: T.P: 25850-032141 CND
B42: Ingeniero C
B73: Ingeniero Civil
B74: T. P. 0520274399 ANT.

Sheet POLIZAS OBRA
A1: DEPARTAMENTO DE ANTIOQUIA
A2: ='DATOS INICIALES'!B6 -> MUNICIPIO DE DABEIBA
A3: ='DATOS INICIALES'!B3 -> REPARACION DE PUENTE DE MADERA PARA CAMINOS DE HERRADURA QUE CONECTA LA VEREDA CHAMBUSCADO CON LA VEREDA LA ARGELIA Y DEMAS VEREDAS VECINAS DEL MUNICIPIO DE DABEIBA ANTIOQUIA.
A5: CÁLCULO DE PÓLIZAS DE OBRA
A6: VALOR DEL CONTRATO ( $ ) | B6: =PRESUPUESTO!F36 -> 39602847 | C6: =IFERROR(B6/'DATOS INICIALES'!B12,"") -> 27.820757
A7: PLAZO DEL CONTRATO | B7: 1 | C7: =+IFERROR(B7*30,"") -> 30
A8: ANTICIPO | B8: 0 | C8: =+IFERROR(B8*B6,"") -> 0
A10: TIPO DE GARANTÍA | B10: VALOR ASEGURADO | E10: COBERTURA ( DÍAS ) | F10: TASA ANUAL | G10: PRIMA
B11: % | C11: BASE | D11: VALOR
A12: CUMPLIMIENTO | B12: 0.2 | C12: =$B$6 -> 39602847 | D12: =IFERROR(B12*C12,"") -> 7920569.5 | E12: =IFERROR($C$7+180,"") -> 210 | F12: 0.002 | G12: =IFERROR(F12*D12*E12/360,"") -> 9240.6644
A13: BUEN MANEJO Y CORRECTA INVERSIÓN DEL ANTICIPO | B13: 1 | C13: =$C$8 -> 0 | D13: =IFERROR(B13*C13,"") -> 0 | E13: =IFERROR($C$7+180,"") -> 210 | F13: 0.0015 | G13: =IFERROR(F13*D13*E13/360,"") -> 0
A14: SALARIOS Y PRESTACIONES SOCIALES | B14: 0.2 | C14: =$B$6 -> 39602847 | D14: =IFERROR(B14*C14,"") -> 7920569.5 | E14: =IFERROR($C$7+1080,"") -> 1110 | F14: 0.0015 | G14: =IFERROR(F14*D14*E14/360,"") -> 36632.634
A15: ESTABILIDAD Y CALIDAD DE LA OBRAS | B15: 0.2 | C15: =$B$6 -> 39602847 | D15: =IFERROR(B15*C15,"") -> 7920569.5 | E15: =IF($B$6="","",1800) -> 1800 | F15: 0.002 | G15: =IFERROR(F15*D15*E15/360,"") -> 79205.695
A16: DECRETO 1082 SMMLV RESPONSABILIDAD CIVIL | B16: SMMLV | C16: MONTO ASEGURABLE | E16: PLAZO MESES | F16: TASA ANUAL | G16: PRIMA
A17: =+IF(B6="","",IF(C6<=1500,200,IF(C6<=2500,300,IF(C6<=5000,400,IF(C6<=10000,500,"5%"))))) -> 200 | B17: ='DATOS INICIALES'!B12 -> 1423500 | C17: =IFERROR(IF(C6>10000,B6+5%,A17*B17),"") -> 284700000 | E17: =B7 -> 1 | F17: 0.002 | G17: =IFERROR(F17*E17*C17/12,"") -> 47450
A18: SUBTOTAL PRIMA | G18: =IF(SUM(G12:G15,G17)=0,"",SUM(G12:G15,G17)) -> 172528.99
A19: GASTOS DE EXPEDICIÓN | G19: =IF(G19="","",20000) -> 20000
A20: IVA | G20: =IFERROR((G18+G19)*0.19,"") -> 36580.509
A21: TOTAL POLIZAS | G21: =IF(G18="","",SUM(G18:G20)) -> 229109.5
A28: INGENIERO BANCO DE PROYECTOS

Sheet AIU
A1: DEPARTAMENTO DE ANTIOQUIA
A2: ='DATOS INICIALES'!B2 -> MUNICIPIO DE DABEIBA
A3: ='DATOS INICIALES'!B3 -> REPARACION DE PUENTE DE MADERA PARA CAMINOS DE HERRADURA QUE CONECTA LA VEREDA CHAMBUSCADO CON LA VEREDA LA ARGELIA Y DEMAS VEREDAS VECINAS DEL MUNICIPIO DE DABEIBA ANTIOQUIA.
A5: ADMINISTRACIÓN, IMPREVISTOS Y UTILIDADES - AIU
A7: ITEM | B7: CÓDIGO | C7: DESCRIPCIÓN | D7: CANT | E7: VALOR MENSUAL | F7: PREST. SOC. | G7: DEDIC. % | H7: PLAZO | I7: VALOR PARCIAL
A8: 1 | B8: EQUIPO PROFESIONAL | I8: =IF(SUM(I9:I12)=0,"",SUM(I9:I12)) -> 2491500
A9: 1.1 | B9: =IF(C9="","",INDEX(CODIGOSMANODEOBRA,MATCH($C9,'INSUMOS MANO DE OBRA'!$B$7:$B$61,0))) -> MO003 | C9: RESIDENTE DE OBRA | D9: 1 | E9: 3000000 | F9: =IF(C9="","",IFERROR(ROUND((VLOOKUP($B9,INSUMOSMANODEOBRA,5,0)-1)*E9,0),"")) -> 1530000 | G9: 0.55 | H9: ='DATOS INICIALES'!B18 -> 1 | I9: =+IF(D9=0,"",IFERROR(D9*(E9+F9)*G9*H9,"")) -> 2491500
A10: 1.2 | B10: =IF(C10="","",INDEX(CODIGOSMANODEOBRA,MATCH($C10,'INSUMOS MANO DE OBRA'!$B$7:$B$61,0))) | E10: =IF(C10="","",IFERROR(VLOOKUP($B10,INSUMOSMANODEOBRA,4,0),"")) | F10: =IF(C10="","",IFERROR(ROUND((VLOOKUP($B10,INSUMOSMANODEOBRA,5,0)-1)*E10,0),"")) | I10: =+IF(D10=0,"",IFERROR(D10*(E10+F10)*G10*H10,""))
A11: 1.4 | B11: =IF(C11="","",INDEX(CODIGOSMANODEOBRA,MATCH($C11,'INSUMOS MANO DE OBRA'!$B$7:$B$61,0))) | E11: =IF(C11="","",IFERROR(VLOOKUP($B11,INSUMOSMANODEOBRA,4,0),"")) | F11: =IF(C11="","",IFERROR(ROUND((VLOOKUP($B11,INSUMOSMANODEOBRA,5,0)-1)*E11,0),"")) | I11: =+IF(D11=0,"",IFERROR(D11*(E11+F11)*G11*H11,""))
A12: 1.6 | B12: =IF(C12="","",INDEX(CODIGOSMANODEOBRA,MATCH($C12,'INSUMOS MANO DE OBRA'!$B$7:$B$61,0))) | E12: =IF(C12="","",IFERROR(VLOOKUP($B12,INSUMOSMANODEOBRA,4,0),"")) | F12: =IF(C12="","",IFERROR(ROUND((VLOOKUP($B12,INSUMOSMANODEOBRA,5,0)-1)*E12,0),"")) | I12: =+IF(D12=0,"",IFERROR(D12*(E12+F12)*G12*H12,""))
A13: 2 | B13: PERSONAL TÉCNICO NO PROFESIONAL DE OBRA - VIÁTICOS | I13: =IF(SUM(I14:I15)=0,"",SUM(I14:I15))
A14: 2.1 | B14: =IF(C14="","",INDEX(CODIGOSMANODEOBRA,MATCH($C14,'INSUMOS MANO DE OBRA'!$B$7:$B$61,0))) | D14: 1 | E14: =IF(C14="","",IFERROR(VLOOKUP($B14,INSUMOSMANODEOBRA,4,0),"")) | F14: =IF(C14="","",IFERROR(ROUND((VLOOKUP($B14,INSUMOSMANODEOBRA,5,0)-1)*E14,0),"")) | I14: =+IF(D14=0,"",IFERROR(D14*(E14+F14)*G14*H14,""))
A15: 2.4 | D15: =+IF(SUM(D9:D10)=0,"",SUM(D9:D10)) -> 1 | I15: =+IFERROR(D15*E15*H15,"") -> 0
A16: 3 | B16: GASTOS OFICINA CENTRAL | I16: =IF(SUM(I17:I19)=0,"",SUM(I17:I18)) -> 233800
A17: 3.1 | B17: =IF(C17="","",INDEX(CODIGOSMANODEOBRA,MATCH($C17,'INSUMOS MANO DE OBRA'!$B$7:$B$61,0))) -> MO013 | C17: SECRETARIA | D17: 1 | E17: =IF(C17="","",IFERROR(VLOOKUP($B17,INSUMOSMANODEOBRA,4,0),"")) -> 1300000 | F17: =IF(C17="","",IFERROR(ROUND((VLOOKUP($B17,INSUMOSMANODEOBRA,5,0)-1)*E17,0),"")) -> 988000 | G17: 0.1 | H17: 1 | I17: =+IF(D17=0,"",IFERROR(D17*(E17+F17)*G17*H17,"")) -> 228800
A18: 3.4 | C18: PAPELERIA | D18: 1 | E18: 50000 | G18: 0.1 | H18: 1 | I18: =+IF(D18=0,"",IFERROR(D18*(E18+F18)*G18*H18,"")) -> 5000
A19: 3.5 | C19: ARRENDAMIENTO + SERVICIOS | D19: 1 | E19: 300000 | G19: 0.1 | H19: 1 | I19: =+IF(D19=0,"",IFERROR(D19*(E19+F19)*G19*H19,"")) -> 30000
A20: 4 | B20: OFICINA Y CAMPAMENTO EN OBRA | I20: =IF(SUM(I21:I22)=0,"",SUM(I21:I22))
A21: 4.1 | B21: =IF(C21="","",INDEX(CODIGOSSERVICIOS,MATCH($C21,'INSUMOS SERVICIOS'!B7:B21,0))) | D21: 1 | E21: =IF(C21="","",(VLOOKUP($B21,INSUMOSSERVICIOS,4,0))) | I21: =IFERROR(D21*E21*H21,"")
A22: 4.2 | B22: =IF(C22="","",INDEX(CODIGOEQUIPOS,MATCH($C22,'[11]INSUMOS EQUIPOS'!B7:B39,0))) | D22: 1 | E22: =IF(C22="","",(VLOOKUP($B22,INSUMOSEQUIPOS,4,0))) | I22: =IFERROR(D22*E22*H22,"")
A23: 5 | B23: SISTEMA DE CÓMPUTO Y COMUNICACIONES | I23: =IF(SUM(I24:I26)=0,"",SUM(I24:I26))
A24: 5.1 | B24: =IF(C24="","",INDEX(CODIGOEQUIPOS,MATCH($C24,'[11]INSUMOS EQUIPOS'!$B$7:$B$39,0))) | D24: 1 | E24: =IF(C24="","",(VLOOKUP($B24,INSUMOSEQUIPOS,4,FALSE))) | I24: =IF(D24=0,"",IFERROR(D24*E24*H24,""))
A25: 5.2 | B25: =IF(C25="","",INDEX(CODIGOEQUIPOS,MATCH($C25,'[11]INSUMOS EQUIPOS'!$B$7:$B$39,0))) | D25: 1 | E25: =IF(C25="","",(VLOOKUP($B25,INSUMOSEQUIPOS,4,FALSE))) | I25: =IF(D25=0,"",IFERROR(D25*E25*H25,""))
A26: 5.3 | B26: =IF(C26="","",INDEX(CODIGOEQUIPOS,MATCH($C26,'[11]INSUMOS EQUIPOS'!$B$7:$B$39,0))) | D26: 2 | E26: =IF(C26="","",(VLOOKUP($B26,INSUMOSEQUIPOS,4,FALSE))) | I26: =IF(D26=0,"",IFERROR(D26*E26*H26,""))
A27: 6 | B27: SERVICIOS DE LABORATORIO | I27: =IF(SUM(I28:I29)=0,"",SUM(I28:I29))
A28: 6.1 | B28: =IF(C28="","",INDEX(CODIGOSSERVICIOS,MATCH($C28,'INSUMOS SERVICIOS'!$B$7:$B$21,0))) | E28: =IF(C28="","",(VLOOKUP($B28,INSUMOSSERVICIOS,4,0))) | I28: =IF(D28=0,"",IFERROR(D28*E28,""))
A29: 6.2 | B29: =IF(C29="","",INDEX(CODIGOSSERVICIOS,MATCH($C29,'INSUMOS SERVICIOS'!$B$7:$B$21,0))) | E29: =IF(C29="","",(VLOOKUP($B29,INSUMOSSERVICIOS,4,0))) | I29: =IF(D29=0,"",IFERROR(D29*E29,""))
A30: 6.3 | B30: =IF(C30="","",INDEX(CODIGOSSERVICIOS,MATCH($C30,'INSUMOS SERVICIOS'!$B$7:$B$21,0))) | E30: =IF(C30="","",(VLOOKUP($B30,INSUMOSSERVICIOS,4,0))) | I30: =IF(D30=0,"",IFERROR(D30*E30,""))
A31: 7 | B31: VALLA CONTRACTUAL | I31: =IF(SUM(I32)=0,"",SUM(I32))
A32: 7.1 | B32: =IF(C32="","",INDEX(CODIGOMATERIALES,MATCH($C32,'[11]INSUMOS MATERIALES'!$B$7:$B$51,0))) | E32: =IF(C32="","",(VLOOKUP($B32,INSUMOSMATERIALES,4,0))) | I32: =IF(D32=0,"",IFERROR(D32*E32,""))
A33: 8 | B33: GASTOS DE LEGALIZACIÓN DEL CONTRATO | I33: =IF(SUM(I34:I40)=0,"",SUM(I34:I40)) -> 6565565.1
A34: 8.1 | C34: PÓLIZAS | I34: =IF('POLIZAS OBRA'!$G$21=0,"",'POLIZAS OBRA'!$G$21) -> 229109.5
A35: 8.2 | C35: IMPUESTO DE CONTRIBUCIÓN ESPECIAL 5% | D35: 0.05 | E35: =PRESUPUESTO!F36 -> 39602847 | I35: =IFERROR(IF(D35*E35=0,"",D35*E35),"") -> 1980142.4
A36: 8.3 | C36: ESTAMPILLAS PROJUSTICIA | D36: 0.02 | E36: =E35 -> 39602847 | I36: =IFERROR(IF(D36*E36=0,"",D36*E36),"") -> 792056.95
A37: 8.3.1 | C37: Pro Hospital | D37: 0.01 | E37: =E36 -> 39602847 | I37: =IFERROR(IF(D37*E37=0,"",D37*E37),"") -> 396028.47
A38: 8.3.2 | C38: Pro cultura | D38: 0.02 | E38: =E37 -> 39602847 | I38: =IFERROR(IF(D38*E38=0,"",D38*E38),"") -> 792056.95
A39: 8.3.3 | C39: Pro Anciano | D39: 0.04 | E39: =E38 -> 39602847 | I39: =IFERROR(IF(D39*E39=0,"",D39*E39),"") -> 1584113.9
A40: 8.3.4 | C40: Pro Deporte y Recreación | D40: 0.02 | E40: =E39 -> 39602847 | I40: =IFERROR(IF(D40*E40=0,"",D40*E40),"") -> 792056.95
A41: SUBTOTAL DE COSTOS DE ADMINISTRACIÓN | I41: =IF(SUM(I8,I13,I16,I20,I23,I27,I31,I33)=0,"",SUM(I8,I13,I16,I20,I23,I27,I31,I33)) -> 9290865.1
A42: AJUSTE ADMINISTRACIÓN POR REDONDE DE DECIMALES | I42: 66
A43: TOTAL COSTOS DE ADMINISTRACIÓN | I43: =IFERROR(I41+I42,"") -> 9290931.1
A44: TOTAL COSTOS DIRECTOS | I44: =PRESUPUESTO!F34 -> 28867153
A45: % ADMINISTRACIÓN | I45: =IFERROR(ROUND(I43/I44,4),"") -> 0.3219
A46: %IMPREVISTOS | I46: 0
A47: %UTILIDADES | I47: 0.05
A48: TOTAL AIU | I48: =IF(SUM(I45:I47)=0,"",SUM(I45:I47)) -> 0.3719
C55: _______________________________________
C57: INGENIERO BANCO DE PROYECTOS

Sheet INSUMOS MATERIALES
A1: DEPARTAMENTO DE ANTIOQUIA
A2: ='DATOS INICIALES'!$B$2 -> MUNICIPIO DE DABEIBA
A3: ='DATOS INICIALES'!$B$3 -> REPARACION DE PUENTE DE MADERA PARA CAMINOS DE HERRADURA QUE CONECTA LA VEREDA CHAMBUSCADO CON LA VEREDA LA ARGELIA Y DEMAS VEREDAS VECINAS DEL MUNICIPIO DE DABEIBA ANTIOQUIA.
A5: LISTADO DE INSUMOS - MATERIALES
A7: CÓDIGO | B7: DESCRIPCIÓN | C7: UNIDAD | D7: VALOR UNITARIO
B8: APU AUXILIARES
A9: MA001 | B9: CONCRETO 1421 PSI (10 MPA) EN OBRA | C9: M3 | D9: =IFERROR(VLOOKUP(A9,APUAUXILIARES,7,0),"")
A10: MA002 | B10: CONCRETO 1563 PSI (11 MPA) EN OBRA | C10: M3 | D10: =IFERROR(VLOOKUP(A10,APUAUXILIARES,7,0),"")
A11: MA003 | B11: CONCRETO 1705 PSI (12 MPA) EN OBRA | C11: M3 | D11: =IFERROR(VLOOKUP(A11,APUAUXILIARES,7,0),"")
A12: MA004 | B12: CONCRETO 1989 PSI (14 MPA) EN OBRA | C12: M3 | D12: =IFERROR(VLOOKUP(A12,APUAUXILIARES,7,0),"")
A13: MA005 | B13: CONCRETO 2274 PSI (16 MPA) EN OBRA | C13: M3 | D13: =IFERROR(VLOOKUP(A13,APUAUXILIARES,7,0),"")
A14: MA006 | B14: CONCRETO 2387 PSI (16 MPA) EN OBRA | C14: M3 | D14: =IFERROR(VLOOKUP(A14,APUAUXILIARES,7,0),"")
A15: MA007 | B15: CONCRETO 2686 PSI (19 MPA) EN OBRA | C15: M3 | D15: =IFERROR(VLOOKUP(A15,APUAUXILIARES,7,0),"")
A16: MA008 | B16: CONCRETO 2842 PSI (20 MPA) EN OBRA | C16: M3 | D16: =IFERROR(VLOOKUP(A16,APUAUXILIARES,7,0),"")
A17: MA009 | B17: CONCRETO 2984 PSI (21 MPA) EN OBRA | C17: M3 | D17: ='APU AUXILIARES (2)'!G173 -> 714543
A18: MA010 | B18: CONCRETO 3211 PSI (22 MPA) EN OBRA | C18: M3 | D18: =IFERROR(VLOOKUP(A18,APUAUXILIARES,7,0),"")
A19: MA011 | B19: CONCRETO 3410 PSI (24 MPA) EN OBRA | C19: M3 | D19: =IFERROR(VLOOKUP(A19,APUAUXILIARES,7,0),"")
A20: MA012 | B20: CONCRETO 3979 PSI (27 MPA) EN OBRA | C20: M3 | D20: =IFERROR(VLOOKUP(A20,APUAUXILIARES,7,0),"")
A21: MA013 | B21: MORTERO 1:4 EN OBRA (REVOQUE) | C21: M3 | D21: =IFERROR(VLOOKUP(A21,APUAUXILIARES,7,0),"")
A22: MA014 | B22: MORTERO 1:4 EN OBRA (GROUT) | C22: M3 | D22: =IFERROR(VLOOKUP(A22,APUAUXILIARES,7,0),"")
A23: MA015 | B23: MORTERO 1:4 EN OBRA (PEGA) | C23: M3 | D23: =IFERROR(VLOOKUP(A23,APUAUXILIARES,7,0),"")
A24: MA016 | B24: MORTERO 1:5 EN OBRA (REVOQUE) | C24: M3 | D24: =+IFERROR(VLOOKUP(A24,APU_AUXILIARES,7,0),"")
A25: MA017 | B25: MORTERO 1:5 EN OBRA (PEGA) | C25: M3 | D25: =+IFERROR(VLOOKUP(A25,APU_AUXILIARES,7,0),"")
A26: MA018 | B26: MORTERO 1:6 EN OBRA (PEGA) | C26: M3 | D26: =+IFERROR(VLOOKUP(A26,APU_AUXILIARES,7,0),"")
A27: MA019 | B27: FORMALETA PARA MUROS, ALETAS, DISIPADORES Y ESTRIBOS (6 USOS) | C27: M2 | D27: =+IFERROR(VLOOKUP(A27,APU_AUXILIARES,7,0),"")
B28: MATERIALES
A29: MA020 | B29: CEMENTO GRIS (50 KG) PORTLAND TIPO I | C29: SC | D29: 39000
A30: MA021 | B30: ARENA DE PEGA | C30: M3 | D30: 38500
A31: MA022 | B31: ARENA DE REVOQUE | C31: M3 | D31: 50000
A32: MA023 | B32: ARENA FINA PARA CONCRETOS | C32: M3 | D32: 50000 | E32: =34000*1.19 -> 40460
A33: MA024 | B33: MATERIAL MIXTO DE RIO - | C33: M3 | D33: 80000
A34: MA025 | B34: AGUA | C34: LT | D34: 50
A35: MA026 | B35: Impermeabilizante para concreto tipo sika plastocrete o similar | C35: KG | D35: 16000
A36: MA027 | B36: Super T de 19 mm. (6 usos y incluye desperdicio del 10%) | C36: M2 | D36: 73000
A37: MA028 | B37: ACERO REFUERZO G-60 | C37: KG | D37: 4500
A38: MA029 | B38: ALAMBRE NEGRO PARA AMARRE C 18 | C38: KG | D38: 6800
A39: MA030 | B39: LARGUERO MADERA COMÚN 4CMX8CMX2.80 | C39: UN | D39: 11000
A40: MA031 | B40: TABLERO AGLOMERADO MDP (SUPER T) 1.83 X 2.44 | C40: UN | D40: 149000
A41: MA032 | B41: CLAVOS COMUNES 1½ A 5" | C41: LB | D41: 3600
A42: MA033 | B42: listones de madera de 4" x 2" x 3m DE ALTA RESISTENCIA | C42: und | D42: 35000
A43: MA034 | B43: Alfardas de madera de 4" x 2" x 2m para estructura de cubierta | C43: und | D43: 32000
A44: MA035 | B44: MEZCLA ASFÁLTICA MDC-25 (RODADURA 1" AL 5.6% - INVÍAS) | C44: TON | D44: 319277
... A60: MA051 | B60: Antisol blanco | C60: KG | D60: 7500
A61: MA052 | B61: loseta de cemento guia tactil, formato 40 x 40. | C61: UN | D61: =50800*1.19 -> 60452
A62: MA053 | B62: Malla Electrosoldada 15x15cm Diametro 4.0mm (D-084) | C62: M2 | D62: 6800
A63: MA054 | B63: Rejilla tipo basculante compuesta por un marco, ala, bisagra o punto de pivote. | C63: UN | D63: 180000
A64: MA055 | B64: Tapa circular con bloqueo mediante 3 pestañas y marco de fundición | C64: UN | D64: 197205
A65: MA056 | B65: correas de madera de 2" x 1" x 3m para estructura de cubierta | C65: UN | D65: 14000
A66: MA057 | B66: Cono asimetrico en concreto simple | C66: UN | D66: 129737
A67: MA058 | B67: Base manhol 125x125x100 en concreto simple | C67: UN | D67: 382810
A68: MA059 | B68: Stacon Negro 5 GLS Pintura Inmunizante e Impermeabilizante | C68: UN | D68: 180000
A69: MA060 | B69: Disolvente para pintura acrilica | C69: gal | D69: 21000
A70: MA061 | B70: Bloque de concreto 15 x 20 x 40 | C70: UN | D70: 2700
A71: MA062 | B71: Sistema Epoxico para anclaje de barras | C71: Kg | D71: 113711
A72: MA063 | B72: Teja Zinc Ondulada 2.134x0.80mt Cal 34 0.20mm | C72: M2 | D72: 15000
A73: MA064 | B73: Tubería PVC Sanitaria de 12" | C73: ml | D73: 105000 | E73: =613600/6 -> 102266.67
A74: MA065 | B74: TABLONES DE MADERA DE 2" X8" X 2 madera de alta resistencia | C74: und | D74: 42000 | E74: =426400/6 -> 71066.667
A75: MA066 | B75: Lubricante para instalación de tubería | C75: lb | D75: 18000
A76: MA067 | B76: accesorios (union - codo - TE ) pvc 4" | C76: und | D76: 10000
A77: MA068 | B77: Accesorios de empalme - anillo caucho 12" | C77: un | D77: 28195
A78: MA069 | B78: Tuberia PVC Acueducto D=4" RDE 21 | C78: ml | D78: 46000 | E78: 275000 | F78: =+E78/6 -> 45833.333
A79: MA070 | B79: Tuberia PVC Acueducto D=2" RDE 21 | C79: ml | D79: 15000 | E79: 89000 | F79: =+E79/6 -> 14833.333
A80: MA071 | B80: Limpiador PVC | C80: 1/4 galon | D80: 27000
A81: MA072 | B81: Tubo de presión D= 1/2" RDE 9 PVC 500 PSI | C81: ml | D81: 3500 | E81: 17800 | F81: =+E81/6 -> 2966.6667
A82: MA073 | B82: Collarin de derivación PVC 4"X1/2" para acueducto | C82: unidad | D82: 27000
A83: MA074 | B83: Collarin de derivación PVC 2"X1/2" para acueducto | C83: unidad | D83: 16000
A84: MA075 | B84: Registro de corte incorporación de 1/2" para acueducto | C84: unidad | D84: 23300
A85: MA076 | B85: Bordillo barrera rectoprefabricado 15x45x80 | C85: unidad | D85: 40000
A86: MA077 | B86: Cinta PVC Sika Waterbar O15 | C86: ml | D86: 76000 | E86: =1900000/6 -> 316666.67
A87: MA078 | B87: Cinta PVC Sika Waterbar O22 | C87: ml | D87: 86000
A88: MA079 | B88: telera en madera 0,90 *1,35 | C88: und | D88: 30000 | E88: =2915000/6.5 -> 448461.54
A89: MA080 | B89: Accesorios de empalme - anillo caucho 24" | C89: unidad | D89: 104460
A90: MA081 | B90: Piedra Bolo Tamaño max. 12" | C90: m3 | D90: 75000
A91: MA082 | B91: Material afirmado de la zona | C91: m3 | D91: 35000
A92: MA083 | B92: gavion triple torcion (2 x 1 x 1) cal 13 hueco de 8 x 10cm | C92: und | D92: 150000
A93: MA084 | B93: alambre galvanizado calibre 13 | C93: kg | D93: 10500
A94: MA085 | B94: piedra selecionada | C94: m3 | D94: 90000
A95: MA086 | B95: tuberia pvc sanitaria Perforada de 4´´ | C95: ml | D95: 17000
A96: MA087 | B96: Geotextil NT 2500 1mt Largo 1 X 3.5mt Ancho | C96: M2 | D96: 10200
A97: MA088 | B97: Tela cerramiento verde 4" h=2.5 m | C97: m | D97: 3200
A98: MA089 | B98: Varillón en madera de 2"*2"x 3m | C98: m | D98: 6200
A99: MA090 | B99: Grapas y otros | C99: kg | D99: 7800
B106: INGENIERO BANCO DE PROYECTOS

Sheet INSUMOS EQUIPOS
A1: DEPARTAMENTO DE ANTIOQUIA
A2: ='[13]DATOS INICIALES'!$B$2 -> MUNICIPIO DE DABEIBA
A3: ='DATOS INICIALES'!B3 -> REPARACION DE PUENTE DE MADERA PARA CAMINOS DE HERRADURA QUE CONECTA LA VEREDA CHAMBUSCADO CON LA VEREDA LA ARGELIA Y DEMAS VEREDAS VECINAS DEL MUNICIPIO DE DABEIBA ANTIOQUIA.
A5: LISTADO DE INSUMOS - EQUIPOS
A7: CÓDIGO | B7: DESCRIPCIÓN | C7: UNIDAD | D7: VALOR UNITARIO
A8: EQ001 | B8: =+"HERRAMIENTA MENOR "&"("&D8*100&"% DE LA MANO DE OBRA)" -> HERRAMIENTA MENOR (10% DE LA MANO DE OBRA) | C8: % | D8: 0.1
A9: EQ002 | B9: ESTACIÓN TOTAL Y NIVEL DE PRECISION | C9: DÍA | D9: 90000
A10: EQ003 | B10: NIVEL DE PRECISIÓN | C10: DÍA | D10: 52000
A11: EQ004 | B11: CONCRETADORA 1.5 SACOS A GASOLINA | C11: DÍA | D11: 75000
A12: EQ005 | B12: VEHÍCULO DOBLE TRACCIÓN, DOBLE CABINA, 2000 CC O SUPERIOR (MODELO 2015 O SUPERIOR) TARIFA DE ALQUILER TIEMPO COMPLETO, INCLUYE COMBUSTIBLE Y CONDUCTOR. SE DEBE GARANTIZAR PERMANENCIA DE LOS VEHÍCULOS DURANTE TODA LA EJECUCIÓN DEL PROYECTO. | C12: MES | D12: 5513000
A13: EQ006 | B13: Motosierra a gasolina [dia] | C13: DIA | D13: 61000
A14: EQ007 | B14: TARIFA PUESTO DE TRABAJO DEL PERSONAL DE OFICINA DE CAMPO, INCLUYE: ALQUILER DE UN (1) EQUIPO DE COMPUTO COMPLETO, ESCRITORIO, SILLA Y OTROS ENSERES DE OFICINA POR PUESTO DE TRABAJO | C14: MES | D14: 50000
A15: EQ008 | B15: IMPRESORA EN OBRA (ALQUILER) | C15: MES | D15: 40000
A16: EQ009 | B16: COMUNICACIONES (TELÉFONO, FAX, CELULAR, INTERNET, ETC.) MENSUAL EN CAMPO | C16: MES | D16: 40000
A17: EQ010 | B17: RADIOTELÉFONOS PARE-SIGA | C17: MES | D17: 51800
A18: EQ011 | B18: ALQUILER BAÑOS PORTÁTILES + MANTENIMIENTO Y LIMPIEZA | C18: MES | D18: 1200000
A19: EQ012 | B19: EQUIPO COMPLETO PARA GEORREFERENCIACIÓN Y CAPTURA , ALMACENAMIENTO, ANALISIS, TRANSFORMACIÓN Y PRESENTACIÓN DE TODA LA INFORMACIÓN GEOGRÁFICA Y SUS ATRIBUTOS, INCLUYE SOFTWARE | C19: MES | D19: 650000
A20: EQ013 | B20: Andamio estructural multidireccional modulo estandar 1.4 x 1.4 x 2 m | C20: DIA | D20: 25000
... A44: EQ037 | B44: PULIDORA DE CORTE | C44: DIA | D44: 30000
B49: INGENIERO BANCO DE PROYECTOS

Sheet INSUMOS TRANSPORTES
A1: DEPARTAMENTO DE ANTIOQUIA
A2: ='DATOS INICIALES'!B6 -> MUNICIPIO DE DABEIBA
A3: ='DATOS INICIALES'!B3 -> REPARACION DE PUENTE DE MADERA PARA CAMINOS DE HERRADURA QUE CONECTA LA VEREDA CHAMBUSCADO CON LA VEREDA LA ARGELIA Y DEMAS VEREDAS VECINAS DEL MUNICIPIO DE DABEIBA ANTIOQUIA.
A5: LISTADO DE INSUMOS - TRANSPORTES
A7: CÓDIGO | B7: DESCRIPCIÓN | C7: UNIDAD | D7: VALOR UNITARIO
A8: TR001 | B8: TRANSPORTE DE INSUMOS GENERALES 0-1KM | C8: TON-KM | D8: 4250
A9: TR002 | B9: TRANSPORTE DE MATERIALES DE PLAYA (ARENILLON, PIEDRA RODADA DE RIO DMAX=3/4") 0-10KM | C9: M3-KM | D9: 3000
A10: TR003 | B10: TRANSPORTE DE MATERIAL DE EXCAVACIÓN | C10: M3-KM | D10: 3000
A11: TR004 | B11: TRANSPORTE DE ESCOMBROS | C11: M3-KM | D11: 3000
A12: TR005 | B12: TRANSPORTE DE MATERIALES GRANULARES | C12: M3-KM | D12: 3000
A13: TR006 | B13: TRANSPORTE DE MEZCLAS ASFÁLTICAS | C13: TON-KM | D13: 3000
A14: TR007 | B14: TRANSPORTE DE INSUMOS GENERALES 0-10 KM | C14: TON-KM | D14: 4250
A15: TR008 | B15: TRANSPORTE DE INSUMOS GENERALES 11-30 KM | C15: TON-KM | D15: 2480
A16: TR009 | B16: TRANSPORTE DE INSUMOS GENERALES 31-70 KM | C16: TON-KM | D16: 1300
A17: TR010 | B17: TRANSPORTE DE INSUMOS GENERALES 71-150 KM | C17: TON-KM | D17: 950
A18: TR011 | B18: TRANSPORTE DE INSUMOS GENERALES 151-310 KM | C18: TON-KM | D18: 560
A19: TR012 | B19: TRANSPORTE DE INSUMOS GENERALES MAYOR A 310 KM | C19: TON-KM | D19: 280
... A29: TR022 | B29: DISPOSICION FINAL DERECHO A BOTADERO | C29: M3-KM | D29: 4000
B35: INGENIERO BANCO DE PROYECTOS

Sheet INSUMOS SERVICIOS
A1: DEPARTAMENTO DE ANTIOQUIA
A2: ='DATOS INICIALES'!B6 -> MUNICIPIO DE DABEIBA
A3: ='DATOS INICIALES'!B3 -> REPARACION DE PUENTE DE MADERA PARA CAMINOS DE HERRADURA QUE CONECTA LA VEREDA CHAMBUSCADO CON LA VEREDA LA ARGELIA Y DEMAS VEREDAS VECINAS DEL MUNICIPIO DE DABEIBA ANTIOQUIA.
A5: LISTADO DE INSUMOS - SERVICIOS
A7: CÓDIGO | B7: DESCRIPCIÓN | C7: UNIDAD | D7: VALOR UNITARIO
A8: SE005 | B8: ADQUISICIÓN DE CARTOGRAFIA (IMÁGENES DE SATELITE Y FOTOS AÉREAS EXISTENTES) S/COMPROBANTE PAGO | C8: UN | D8: 100000
A9: SE003 | B9: ARRIENDO OFICINA DE CAMPO + DOTACIÓN | C9: MES | D9: 400000
A10: SE001 | B10: COMISIÓN TOPOGRÁFICA (1 TOP. + 1 CAD. 1 + 1 CAD. 2) | C10: DÍA | D10: 516617.34
A11: SE002 | B11: COMISIÓN TOPOGRÁFICA (1 TOP. + 1 CAD. 1) | C11: DÍA | D11: 447639.44
A12: SEL009 | B12: Compactación, densidad, estabilidad y flujo por briqueta para asfaltos | C12: UN | D12: 72000
A13: SE004 | B13: DERECHO A BOTADERO | C13: M3 | D13: 5000
A14: SEL003 | B14: Determinación de terrones de arcilla y partículas deleznables en los agregados | C14: UN | D14: 79000
A15: SEL006 | B15: Diseños de mezcla para una resistencia determinada (Incluye ensayos a agregados y verificación de resistencia) | C15: UN | D15: 737000
A16: SEL008 | B16: Densidad de compactación del suelo en campo, método del cono de arena | C16: UN | D16: 45000
A17: SEL001 | B17: Granulometría por tamizado con lavado sobre tamiz No 200 | C17: UN | D17: 107000
A18: SEL005 | B18: Relación de Soporte del Suelo en el laboratorio (CBR en el laboratorio) remodelado y sumergido. Suelos granulares (3 puntos) | C18: UN | D18: 368000
A19: SEL004 | B19: Relaciones de humedad - masa unitaria seca en los suelos (ensayo modificado de compactación - Proctor Modificado) con corrección del peso unitario y contenido de agua | C19: UN | D19: 147000
... A21: SEL002 | B21: Resistencia al desgaste de los agregados de tamaños menores a 37,5 mm (1 1/2") por medio de la máquina de los ángeles. | C21: UN | D21: 145000
B30: INGENIERO BANCO DE PROYECTOS

Sheet INSUMOS MANO DE OBRA
A1: DEPARTAMENTO DE ANTIOQUIA
A2: ='DATOS INICIALES'!B2 -> MUNICIPIO DE DABEIBA
A3: ='DATOS INICIALES'!B3 -> REPARACION DE PUENTE DE MADERA PARA CAMINOS DE HERRADURA QUE CONECTA LA VEREDA CHAMBUSCADO CON LA VEREDA LA ARGELIA Y DEMAS VEREDAS VECINAS DEL MUNICIPIO DE DABEIBA ANTIOQUIA.
A5: LISTADO DE INSUMOS - MANO DE OBRA
A7: CÓDIGO | B7: CARGO | C7: CLASE | D7: SALARIO MENSUAL | E7: FACTOR PRESTACIONAL | F7: JORNAL | G7: PRESTACIONES | H7: JORNAL TOTAL
A8: MO001 | B8: =IFERROR(IF(HLOOKUP($A8,FACTORPRESTACIONAL,2,0)="","",HLOOKUP($A8,FACTORPRESTACIONAL,2,0)),"") -> DIRECTOR DE OBRA | C8: =IFERROR(IF(HLOOKUP($A8,FACTORPRESTACIONAL,2,0)="","",HLOOKUP($A8,FACTORPRESTACIONAL,3,0)),"") -> ADMÓN | D8: =IFERROR(IF(HLOOKUP($A8,FACTORPRESTACIONAL,2,0)="","",HLOOKUP($A8,FACTORPRESTACIONAL,5,0)),"") -> 6500000 | E8: =IFERROR(IF(HLOOKUP($A8,FACTORPRESTACIONAL,2,0)="","",HLOOKUP($A8,FACTORPRESTACIONAL,26,0)),"") -> 1.5 | F8: =IFERROR(IF(HLOOKUP($A8,FACTORPRESTACIONAL,2,0)="","",HLOOKUP($A8,FACTORPRESTACIONAL,24,0)),"") -> 213699 | G8: =IFERROR(IF(HLOOKUP($A8,FACTORPRESTACIONAL,2,0)="","",HLOOKUP($A8,FACTORPRESTACIONAL,25,0)),"") -> 106911 | H8: =IFERROR(F8+G8,"") -> 320610
A9: MO002 | B9: =IFERROR(IF(HLOOKUP($A9,FACTORPRESTACIONAL,2,0)="","",HLOOKUP($A9,FACTORPRESTACIONAL,2,0)),"") -> DIRECTOR DE INTERVENTORÍA | C9: =IFERROR(IF(HLOOKUP($A9,FACTORPRESTACIONAL,2,0)="","",HLOOKUP($A9,FACTORPRESTACIONAL,3,0)),"") -> ADMÓN | D9: =IFERROR(IF(HLOOKUP($A9,FACTORPRESTACIONAL,2,0)="","",HLOOKUP($A9,FACTORPRESTACIONAL,5,0)),"") -> 6500000 | E9: =IFERROR(IF(HLOOKUP($A9,FACTORPRESTACIONAL,2,0)="","",HLOOKUP($A9,FACTORPRESTACIONAL,26,0)),"") -> 1.5 | F9: =IFERROR(IF(HLOOKUP($A9,FACTORPRESTACIONAL,2,0)="","",HLOOKUP($A9,FACTORPRESTACIONAL,24,0)),"") -> 213699 | G9: =IFERROR(IF(HLOOKUP($A9,FACTORPRESTACIONAL,2,0)="","",HLOOKUP($A9,FACTORPRESTACIONAL,25,0)),"") -> 106911 | H9: =IFERROR(F9+G9,"") -> 320610
A10: MO003 | B10: =IFERROR(IF(HLOOKUP($A10,FACTORPRESTACIONAL,2,0)="","",HLOOKUP($A10,FACTORPRESTACIONAL,2,0)),"") -> RESIDENTE DE OBRA | C10: =IFERROR(IF(HLOOKUP($A10,FACTORPRESTACIONAL,2,0)="","",HLOOKUP($A10,FACTORPRESTACIONAL,3,0)),"") -> ADMÓN | D10: =IFERROR(IF(HLOOKUP($A10,FACTORPRESTACIONAL,2,0)="","",HLOOKUP($A10,FACTORPRESTACIONAL,5,0)),"") -> 3900000 | E10: =IFERROR(IF(HLOOKUP($A10,FACTORPRESTACIONAL,2,0)="","",HLOOKUP($A10,FACTORPRESTACIONAL,26,0)),"") -> 1.51 | F10: =IFERROR(IF(HLOOKUP($A10,FACTORPRESTACIONAL,2,0)="","",HLOOKUP($A10,FACTORPRESTACIONAL,24,0)),"") -> 128219 | G10: =IFERROR(IF(HLOOKUP($A10,FACTORPRESTACIONAL,2,0)="","",HLOOKUP($A10,FACTORPRESTACIONAL,25,0)),"") -> 65112 | H10: =IFERROR(F10+G10,"") -> 193331
A11: MO004 | B11: =IFERROR(IF(HLOOKUP($A11,FACTORPRESTACIONAL,2,0)="","",HLOOKUP($A11,FACTORPRESTACIONAL,2,0)),"") -> RESIDENTE DE INTERVENTORÍA | C11: =IFERROR(IF(HLOOKUP($A11,FACTORPRESTACIONAL,2,0)="","",HLOOKUP($A11,FACTORPRESTACIONAL,3,0)),"") -> ADMÓN | D11: =IFERROR(IF(HLOOKUP($A11,FACTORPRESTACIONAL,2,0)="","",HLOOKUP($A11,FACTORPRESTACIONAL,5,0)),"") -> 3900000 | E11: =IFERROR(IF(HLOOKUP($A11,FACTORPRESTACIONAL,2,0)="","",HLOOKUP($A11,FACTORPRESTACIONAL,26,0)),"") -> 1.51 | F11: =IFERROR(IF(HLOOKUP($A11,FACTORPRESTACIONAL,2,0)="","",HLOOKUP($A11,FACTORPRESTACIONAL,24,0)),"") -> 128219 | G11: =IFERROR(IF(HLOOKUP($A11,FACTORPRESTACIONAL,2,0)="","",HLOOKUP($A11,FACTORPRESTACIONAL,25,0)),"") -> 65112 | H11: =IFERROR(F11+G11,"") -> 193331
A12: MO005 | B12: =IFERROR(IF(HLOOKUP($A12,FACTORPRESTACIONAL,2,0)="","",HLOOKUP($A12,FACTORPRESTACIONAL,2,0)),"") -> RESIDENTE AMBIENTAL | C12: =IFERROR(IF(HLOOKUP($A12,FACTORPRESTACIONAL,2,0)="","",HLOOKUP($A12,FACTORPRESTACIONAL,3,0)),"") -> ADMÓN | D12: =IFERROR(IF(HLOOKUP($A12,FACTORPRESTACIONAL,2,0)="","",HLOOKUP($A12,FACTORPRESTACIONAL,5,0)),"") -> 3510000 | E12: =IFERROR(IF(HLOOKUP($A12,FACTORPRESTACIONAL,2,0)="","",HLOOKUP($A12,FACTORPRESTACIONAL,26,0)),"") -> 1.51 | F12: =IFERROR(IF(HLOOKUP($A12,FACTORPRESTACIONAL,2,0)="","",HLOOKUP($A12,FACTORPRESTACIONAL,24,0)),"") -> 115397 | G12: =IFERROR(IF(HLOOKUP($A12,FACTORPRESTACIONAL,2,0)="","",HLOOKUP($A12,FACTORPRESTACIONAL,25,0)),"") -> 58842 | H12: =IFERROR(F12+G12,"") -> 174239
A13: MO006 | B13: =IFERROR(IF(HLOOKUP($A13,FACTORPRESTACIONAL,2,0)="","",HLOOKUP($A13,FACTORPRESTACIONAL,2,0)),"") -> RESIDENTE SOCIAL | C13: =IFERROR(IF(HLOOKUP($A13,FACTORPRESTACIONAL,2,0)="","",HLOOKUP($A13,FACTORPRESTACIONAL,3,0)),"") -> ADMÓN | D13: =IFERROR(IF(HLOOKUP($A13,FACTORPRESTACIONAL,2,0)="","",HLOOKUP($A13,FACTORPRESTACIONAL,5,0)),"") -> 3900000 | E13: =IFERROR(IF(HLOOKUP($A13,FACTORPRESTACIONAL,2,0)="","",HLOOKUP($A13,FACTORPRESTACIONAL,26,0)),"") -> 1.51 | F13: =IFERROR(IF(HLOOKUP($A13,FACTORPRESTACIONAL,2,0)="","",HLOOKUP($A13,FACTORPRESTACIONAL,24,0)),"") -> 128219 | G13: =IFERROR(IF(HLOOKUP($A13,FACTORPRESTACIONAL,2,0)="","",HLOOKUP($A13,FACTORPRESTACIONAL,25,0)),"") -> 65112 | H13: =IFERROR(F13+G13,"") -> 193331
A14: MO007 | B14: =IFERROR(IF(HLOOKUP($A14,FACTORPRESTACIONAL,2,0)="","",HLOOKUP($A14,FACTORPRESTACIONAL,2,0)),"") -> AUXILIAR DE RESIDENCIA | C14: =IFERROR(IF(HLOOKUP($A14,FACTORPRESTACIONAL,2,0)="","",HLOOKUP($A14,FACTORPRESTACIONAL,3,0)),"") -> ADMÓN | D14: =IFERROR(IF(HLOOKUP($A14,FACTORPRESTACIONAL,2,0)="","",HLOOKUP($A14,FACTORPRESTACIONAL,5,0)),"") -> 2600000 | E14: =IFERROR(IF(HLOOKUP($A14,FACTORPRESTACIONAL,2,0)="","",HLOOKUP($A14,FACTORPRESTACIONAL,26,0)),"") -> 1.62 | F14: =IFERROR(IF(HLOOKUP($A14,FACTORPRESTACIONAL,2,0)="","",HLOOKUP($A14,FACTORPRESTACIONAL,24,0)),"") -> 85479 | G14: =IFERROR(IF(HLOOKUP($A14,FACTORPRESTACIONAL,2,0)="","",HLOOKUP($A14,FACTORPRESTACIONAL,25,0)),"") -> 53178 | H14: =IFERROR(F14+G14,"") -> 138657
A15: MO008 | B15: =IFERROR(IF(HLOOKUP($A15,FACTORPRESTACIONAL,2,0)="","",HLOOKUP($A15,FACTORPRESTACIONAL,2,0)),"") -> TECNÓLOGO SST | C15: =IFERROR(IF(HLOOKUP($A15,FACTORPRESTACIONAL,2,0)="","",HLOOKUP($A15,FACTORPRESTACIONAL,3,0)),"") -> ADMÓN | D15: =IFERROR(IF(HLOOKUP($A15,FACTORPRESTACIONAL,2,0)="","",HLOOKUP($A15,FACTORPRESTACIONAL,5,0)),"") -> 2990000 | E15: =IFERROR(IF(HLOOKUP($A15,FACTORPRESTACIONAL,2,0)="","",HLOOKUP($A15,FACTORPRESTACIONAL,26,0)),"") -> 1.51 | F15: =IFERROR(IF(HLOOKUP($A15,FACTORPRESTACIONAL,2,0)="","",HLOOKUP($A15,FACTORPRESTACIONAL,24,0)),"") -> 98301 | G15: =IFERROR(IF(HLOOKUP($A15,FACTORPRESTACIONAL,2,0)="","",HLOOKUP($A15,FACTORPRESTACIONAL,25,0)),"") -> 50482 | H15: =IFERROR(F15+G15,"") -> 148783
A16: MO009 | B16: =IFERROR(IF(HLOOKUP($A16,FACTORPRESTACIONAL,2,0)="","",HLOOKUP($A16,FACTORPRESTACIONAL,2,0)),"") -> ASESOR LEGAL | C16: =IFERROR(IF(HLOOKUP($A16,FACTORPRESTACIONAL,2,0)="","",HLOOKUP($A16,FACTORPRESTACIONAL,3,0)),"") -> ADMÓN | D16: =IFERROR(IF(HLOOKUP($A16,FACTORPRESTACIONAL,2,0)="","",HLOOKUP($A16,FACTORPRESTACIONAL,5,0)),"") -> 8710000 | E16: =IFERROR(IF(HLOOKUP($A16,FACTORPRESTACIONAL,2,0)="","",HLOOKUP($A16,FACTORPRESTACIONAL,26,0)),"") -> 1.5 | F16: =IFERROR(IF(HLOOKUP($A16,FACTORPRESTACIONAL,2,0)="","",HLOOKUP($A16,FACTORPRESTACIONAL,24,0)),"") -> 286356 | G16: =IFERROR(IF(HLOOKUP($A16,FACTORPRESTACIONAL,2,0)="","",HLOOKUP($A16,FACTORPRESTACIONAL,25,0)),"") -> 142441 | H16: =IFERROR(F16+G16,"") -> 428797
A17: MO010 | B17: =IFERROR(IF(HLOOKUP($A17,FACTORPRESTACIONAL,2,0)="","",HLOOKUP($A17,FACTORPRESTACIONAL,2,0)),"") -> CONTADOR | C17: =IFERROR(IF(HLOOKUP($A17,FACTORPRESTACIONAL,2,0)="","",HLOOKUP($A17,FACTORPRESTACIONAL,3,0)),"") -> ADMÓN | D17: =IFERROR(IF(HLOOKUP($A17,FACTORPRESTACIONAL,2,0)="","",HLOOKUP($A17,FACTORPRESTACIONAL,5,0)),"") -> 5980000 | E17: =IFERROR(IF(HLOOKUP($A17,FACTORPRESTACIONAL,2,0)="","",HLOOKUP($A17,FACTORPRESTACIONAL,26,0)),"") -> 1.5 | F17: =IFERROR(IF(HLOOKUP($A17,FACTORPRESTACIONAL,2,0)="","",HLOOKUP($A17,FACTORPRESTACIONAL,24,0)),"") -> 196603 | G17: =IFERROR(IF(HLOOKUP($A17,FACTORPRESTACIONAL,2,0)="","",HLOOKUP($A17,FACTORPRESTACIONAL,25,0)),"") -> 98551 | H17: =IFERROR(F17+G17,"") -> 295154
A18: MO011 | B18: =IFERROR(IF(HLOOKUP($A18,FACTORPRESTACIONAL,2,0)="","",HLOOKUP($A18,FACTORPRESTACIONAL,2,0)),"") -> ALMACENISTA | C18: =IFERROR(IF(HLOOKUP($A18,FACTORPRESTACIONAL,2,0)="","",HLOOKUP($A18,FACTORPRESTACIONAL,3,0)),"") -> ADMÓN | D18: =IFERROR(IF(HLOOKUP($A18,FACTORPRESTACIONAL,2,0)="","",HLOOKUP($A18,FACTORPRESTACIONAL,5,0)),"") -> 2405000 | E18: =IFERROR(IF(HLOOKUP($A18,FACTORPRESTACIONAL,2,0)="","",HLOOKUP($A18,FACTORPRESTACIONAL,26,0)),"") -> 1.63 | F18: =IFERROR(IF(HLOOKUP($A18,FACTORPRESTACIONAL,2,0)="","",HLOOKUP($A18,FACTORPRESTACIONAL,24,0)),"") -> 79068 | G18: =IFERROR(IF(HLOOKUP($A18,FACTORPRESTACIONAL,2,0)="","",HLOOKUP($A18,FACTORPRESTACIONAL,25,0)),"") -> 50043 | H18: =IFERROR(F18+G18,"") -> 129111
A19: MO012 | B19: =IFERROR(IF(HLOOKUP($A19,FACTORPRESTACIONAL,2,0)="","",HLOOKUP($A19,FACTORPRESTACIONAL,2,0)),"") -> AUXILIAR DE ALMACÉN | C19: =IFERROR(IF(HLOOKUP($A19,FACTORPRESTACIONAL,2,0)="","",HLOOKUP($A19,FACTORPRESTACIONAL,3,0)),"") -> ADMÓN | D19: =IFERROR(IF(HLOOKUP($A19,FACTORPRESTACIONAL,2,0)="","",HLOOKUP($A19,FACTORPRESTACIONAL,5,0)),"") -> 1885000 | E19: =IFERROR(IF(HLOOKUP($A19,FACTORPRESTACIONAL,2,0)="","",HLOOKUP($A19,FACTORPRESTACIONAL,26,0)),"") -> 1.67 | F19: =IFERROR(IF(HLOOKUP($A19,FACTORPRESTACIONAL,2,0)="","",HLOOKUP($A19,FACTORPRESTACIONAL,24,0)),"") -> 61973 | G19: =IFERROR(IF(HLOOKUP($A19,FACTORPRESTACIONAL,2,0)="","",HLOOKUP($A19,FACTORPRESTACIONAL,25,0)),"") -> 41683 | H19: =IFERROR(F19+G19,"") -> 103656
... A61: MO054 | B61: =IFERROR(IF(HLOOKUP($A61,FACTORPRESTACIONAL,2,0)="","",HLOOKUP($A61,FACTORPRESTACIONAL,2,0)),"") -> TÉCNICO AMBIENTAL | C61: =IFERROR(IF(HLOOKUP($A61,FACTORPRESTACIONAL,2,0)="","",HLOOKUP($A61,FACTORPRESTACIONAL,3,0)),"") -> ADMÓN | D61: =IFERROR(IF(HLOOKUP($A61,FACTORPRESTACIONAL,2,0)="","",HLOOKUP($A61,FACTORPRESTACIONAL,5,0)),"") -> 2600000 | E61: =IFERROR(IF(HLOOKUP($A61,FACTORPRESTACIONAL,2,0)="","",HLOOKUP($A61,FACTORPRESTACIONAL,26,0)),"") -> 1.62 | F61: =IFERROR(IF(HLOOKUP($A61,FACTORPRESTACIONAL,2,0)="","",HLOOKUP($A61,FACTORPRESTACIONAL,24,0)),"") -> 85479 | G61: =IFERROR(IF(HLOOKUP($A61,FACTORPRESTACIONAL,2,0)="","",HLOOKUP($A61,FACTORPRESTACIONAL,25,0)),"") -> 53178 | H61: =IFERROR(F61+G61,"") -> 138657
B70: MARLON A PEREZ H
B71: INGENIERO BANCO DE PROYECTOS

Sheet 1.1
B2: ITEM | C2: DESCRIPCIÓN | J2: UNIDAD
B3: =PRESUPUESTO!A6 -> 1.1 | C3: =PRESUPUESTO!B6 -> Transporte de Insumos para construccion para distancias de 0 a 2000 m medidos a partir de 100 m. en lomo de mula | J3: =PRESUPUESTO!C6 -> M3/KM
B5: l. EQUIPO
B6: Descripción | F6: Marca | G6: Tipo | H6: Tarifa/Hora-Día | I6: Rendimiento | J6: Valor-Unit
I10: Sub-Total: | J10: =ROUND(SUM(J7:J9),0) -> 0
B11: ll. MATERIALES
B12: Descripción | G12: Unidad | H12: Cantidad | I12: Precio-Unit | J12: Valor-Unit | L12: UNA MULA COBRA 50 MIL PESOS LA CARGA LA CUAL CONSTA DE 2 BULTOS
L14: 1 btos | M14: transporte | N14: 25000
L15: 1 m3 | M15: son | N15: 25 bultos
L17: 1 bulto | N17: 0,04M3
L18: 25 bultos | N18: 1M3
I19: Sub-Total: | J19: =ROUND(SUM(J13:J18),0) -> 0
B20: lll. TRANSPORTE | L20: 25 BULTOS | M20: a | N20: 20000
B21: Descripción | F21: Volumen(m3)-Peso (ton) | G21: Distancia | H21: Cantidad (m3- Km / ton-Km) | I21: Tarifa | J21: Valor-Unit
L22: 25*25000 | M22: =N20*25 -> 500000 | N22: esto para 3 km
B23: Transporte en mula de material m3-km (MATERIALES DE CONSTRUCCION) | F23: =0.04*25 -> 1 | G23: 1 | H23: =F23*G23 -> 1 | I23: 166667 | J23: =ROUND(H23*I23,0) -> 166667
J24: =ROUND(H24*I24,0) -> 0
I25: Sub-Total: | J25: =SUM(J22:J24) -> 166667 | L25: ahora convertimos esto a 1 km
B26: lll. MANO DE OBRA | L26: tarifa para 3km | M26: distancia | N26: costo m3/km
B27: Descripción | G27: Jornal | H27: Jornal Total (+Prestaciones) | I27: Rendimiento | J27: Valor-Unit | L27: 500000 | M27: 3 | N27: =L27/M27 -> 166666.67
I31: Sub-Total: | J31: =SUM(J28:J30) -> 0
I33: Total Costo Directo: | J33: =SUM(J10,J19,J25,J31) -> 166667
B34: V. COSTOS INDIRECTOS
B35: Descripción | I35: Porcentaje | J35: Valor Total
B36: Administración (A): | I36: 0.25 | J36: =ROUND(I36*$J$33,0) -> 41667
B37: Utilidad (U): | I37: 0.05 | J37: =ROUND(I37*$J$33,0) -> 8333
B38: Imprevistos (I): | J38: =ROUND(I38*$J$33,0) -> 0
B39: Total sobrecostos: | I39: =SUM(I36:I38) -> 0.3 | J39: =ROUND(I39*$J$33,0) -> 50000
H40: Sub-Total: | I40: =I39 -> 0.3 | J40: =J39 -> 50000
I42: Precio Unitario Total: | J42: =ROUND(SUM(J33,J40),0) -> 216667

Sheet 1.2
B2: ITEM | C2: DESCRIPCIÓN | J2: UNIDAD
B3: =PRESUPUESTO!A7 -> 1.2 | C3: =PRESUPUESTO!B7 -> Transporte de materiales e insumos de construccion para distancias de 0- 70km - desde zona urbana hasta vereda la argelia. | J3: =PRESUPUESTO!C7 -> M3/KM
B5: l. EQUIPO
B6: Descripción | F6: Marca | G6: Tipo | H6: Tarifa/Hora-Día | I6: Rendimiento | J6: Valor-Unit
I12: Sub-Total: | J12: =ROUND(SUM(J7:J11),0) -> 0
B13: ll. MATERIALES
B14: Descripción | G14: Unidad | H14: Cantidad | I14: Precio-Unit | J14: Valor-Unit
I18: Sub-Total: | J18: =ROUND(SUM(J15:J17),0) -> 0
B19: lll. TRANSPORTE
B20: Descripción | F20: Volumen(m3)-Peso (ton) | G20: Distancia | H20: Cantidad (m3- Km / ton-Km) | I20: Tarifa | J20: Valor-Unit
B22: ='INSUMOS TRANSPORTES'!B23 -> TRANSPORTE DE MATERIALES DE PLAYA, TIERRA O ESCOMBROS 71-150 KM | F22: 1 | G22: 1 | H22: =F22*G22 -> 1 | I22: ='INSUMOS TRANSPORTES'!D22 -> 2000 | J22: =ROUND(H22*I22,0) -> 2000
I24: Sub-Total: | J24: =SUM(J21:J23) -> 2000
B25: lll. MANO DE OBRA
B26: Descripción | G26: Jornal | H26: Jornal Total (+Prestaciones) | I26: Rendimiento | J26: Valor-Unit
I30: Sub-Total: | J30: =SUM(J27:J29) -> 0
I32: Total Costo Directo: | J32: =SUM(J12,J18,J24,J30) -> 2000
B33: V. COSTOS INDIRECTOS
B34: Descripción | I34: Porcentaje | J34: Valor Total
B35: Administración (A): | I35: 0.25 | J35: =ROUND(I35*$J$32,0) -> 500
B36: Utilidad (U): | I36: 0.05 | J36: =ROUND(I36*$J$32,0) -> 100
B37: Imprevistos (I): | J37: =ROUND(I37*$J$32,0) -> 0
B38: Total sobrecostos: | I38: =SUM(I35:I37) -> 0.3 | J38: =ROUND(I38*$J$32,0) -> 600
H39: Sub-Total: | I39: =I38 -> 0.3 | J39: =J38 -> 600
I41: Precio Unitario Total: | J41: =ROUND(SUM(J32,J39),0) -> 2600

Sheet 2,1
B2: ITEM | C2: DESCRIPCIÓN | J2: UNIDAD
B3: 2.1 | C3: =PRESUPUESTO!B9 -> Excavacion manual en materal comun, no incluye transporte. Solo acarreo interno. | J3: M3
B5: l. EQUIPO
B6: Descripción | F6: Marca | G6: Tipo | H6: Tarifa/Hora-Día | I6: Rendimiento | J6: Valor-Unit
B10: Herramienta menor 10% mano de obra | H10: =J30 -> 25163 | I10: 0.1 | J10: =ROUND(H10*I10,0) -> 2516
I12: Sub-Total: | J12: =ROUND(SUM(J7:J11),0) -> 2516
B13: ll. MATERIALES
B14: Descripción | G14: Unidad | H14: Cantidad | I14: Precio-Unit | J14: Valor-Unit
J15: =ROUND(H15*I15,0) -> 0
I18: Sub-Total: | J18: =ROUND(SUM(J15:J17),0) -> 0
B19: lll. TRANSPORTE
B20: Descripción | F20: Volumen(m3)-Peso (ton) | G20: Distancia | H20: Cantidad (m3- Km / ton-Km) | I20: Tarifa | J20: Valor-Unit
B22: acarreo interno | F22: 1 | G22: 1 | H22: =F22*G22 -> 1 | I22: 10000 | J22: =ROUND(H22*I22,0) -> 10000
I24: Sub-Total: | J24: =SUM(J21:J23) -> 10000
B25: lll. MANO DE OBRA
B26: Descripción | G26: Jornal | H26: Jornal Total (+Prestaciones) | I26: Rendimiento | J26: Valor-Unit
B28: Oficial | G28: 10000 | H28: =G28*1.83 -> 18300 | I28: 8 | J28: =ROUND(H28/I28,0) -> 2288
B29: Ayudantes raso (2) | G29: =50000*2 -> 100000 | H29: =G29*1.83 -> 183000 | I29: 8 | J29: =ROUND(H29/I29,0) -> 22875
I30: Sub-Total: | J30: =SUM(J27:J29) -> 25163
I32: Total Costo Directo: | J32: =SUM(J12,J18,J24,J30) -> 37679
B33: V. COSTOS INDIRECTOS
B34: Descripción | I34: Porcentaje | J34: Valor Total
B35: Administración (A): | I35: 0.25 | J35: =ROUND(I35*$J$32,0) -> 9420
B36: Utilidad (U): | I36: 0.05 | J36: =ROUND(I36*$J$32,0) -> 1884
B37: Imprevistos (I): | J37: =ROUND(I37*$J$32,0) -> 0
B38: Total sobrecostos: | I38: =SUM(I35:I37) -> 0.3 | J38: =ROUND(I38*$J$32,0) -> 11304
H39: Sub-Total: | I39: =I38 -> 0.3 | J39: =J38 -> 11304
I41: Precio Unitario Total: | J41: =ROUND(SUM(J32,J39),0) -> 48983

Sheet 2.2
B2: ITEM | C2: DESCRIPCIÓN | J2: UNIDAD
B3: =PRESUPUESTO!A10 -> 2.2 | C3: =PRESUPUESTO!B10 -> Lleno manual para estructuras con material de préstamo (tipo arenilla) hasta obtener una densidad mínima del 95%, de la obtenida en el ensayo del Proctor modificado. Incluye, material, acarreo interno, conformación, compactación | J3: =PRESUPUESTO!C10 -> M3
B5: l. EQUIPO
B6: Descripción | F6: Marca | G6: Tipo | H6: Tarifa/Hora-Día | I6: Rendimiento | J6: Valor-Unit
B7: Compactador tipo Canguro (Incluye combustible) [dia] | H7: ='INSUMOS EQUIPOS'!D26 -> 90000 | I7: 6 | J7: =H7/I7 -> 15000
B11: Herramienta menor | H11: =J31 -> 30500 | I11: 0.1 | J11: =ROUND(H11*I11,0) -> 3050
I12: Sub-Total: | J12: =ROUND(SUM(J7:J11),0) -> 18050
B13: ll. MATERIALES
B14: Descripción | G14: Unidad | H14: Cantidad | I14: Precio-Unit | J14: Valor-Unit
B15: ='INSUMOS MATERIALES'!B91 -> Material afirmado de la zona | G15: M3 | H15: 1.3 | I15: ='INSUMOS MATERIALES'!D91 -> 35000 | J15: =ROUND(H15*I15,0) -> 45500
I19: Sub-Total: | J19: =ROUND(SUM(J15:J18),0) -> 45500
B20: lll. TRANSPORTE
B21: Descripción | F21: Volumen(m3)-Peso (ton) | G21: Distancia | H21: Cantidad (m3- Km / ton-Km) | I21: Tarifa | J21: Valor-Unit
B22: acarreo interno | F22: 0.5 | G22: 1 | H22: =F22*G22 -> 0.5 | I22: 10000 | J22: =ROUND(H22*I22,0) -> 5000
J24: =ROUND(H24*I24,0) -> 0
I25: Sub-Total: | J25: =SUM(J22:J24) -> 5000
B26: lll. MANO DE OBRA
B27: Descripción | G27: Jornal | H27: Jornal Total (+Prestaciones) | I27: Rendimiento | J27: Valor-Unit
B28: Oficial | G28: 100000 | H28: =G28*1.83 -> 183000 | I28: 12 | J28: =ROUND(H28/I28,0) -> 15250
B29: Ayudantes Rasos (2) | G29: =50000*2 -> 100000 | H29: =G29*1.83 -> 183000 | I29: 12 | J29: =ROUND(H29/I29,0) -> 15250
I31: Sub-Total: | J31: =SUM(J28:J30) -> 30500
I33: Total Costo Directo: | J33: =SUM(J12,J19,J25,J31) -> 99050
B34: V. COSTOS INDIRECTOS
B35: Descripción | I35: Porcentaje | J35: Valor Total
B36: Administración (A): | I36: 0.25 | J36: =ROUND(I36*$J$33,0) -> 24763
B37: Utilidad (U): | I37: 0.05 | J37: =ROUND(I37*$J$33,0) -> 4953
B38: Imprevistos (I): | J38: =ROUND(I38*$J$33,0) -> 0
B39: Total sobrecostos: | I39: =SUM(I36:I38) -> 0.3 | J39: =ROUND(I39*$J$33,0) -> 29715
H40: Sub-Total: | I40: =I39 -> 0.3 | J40: =J39 -> 29715
I42: Precio Unitario Total: | J42: =ROUND(SUM(J33,J40),0) -> 128765

Sheet 3,1
B2: ITEM | C2: DESCRIPCIÓN | J2: UNIDAD
B3: =PRESUPUESTO!A12 -> 3.1 | C3: =PRESUPUESTO!B12 -> Suministro, transporte y colocación de Concreto Clase D (21MPa) para Muros, aletas y demas estructuras, formaleta para acabado a la vista, desmoldante, y todos los demás elementos necesarios para su correcta construcción y funcionamiento | J3: M3
B5: l. EQUIPO
B6: Descripción | F6: Marca | G6: Tipo | H6: Tarifa/Hora-Día | I6: Rendimiento | J6: Valor-Unit
B7: Taladro roto percutor hasta 5/8 [dia] | H7: 45000 | I7: 8 | J7: =H7/I7 -> 5625
B8: Sierra circular manual para 8 1/4" [dia | H8: 20000 | I8: 8 | J8: =H8/I8 -> 2500
B9: Andamio estructural multidireccional modulo estandar 1.4 x 1.4 x 2 m | H9: 30000 | I9: 1 | J9: =H9/I9 -> 30000
B10: Taco metalico corto 1.80 - 2.80m [dia] | H10: 350 | I10: 0.2 | J10: =H10/I10 -> 1750
B11: Planta Gasolina 110volts/220volts 8 Kva [dia] | H11: 90000 | I11: 4 | J11: =H11/I11 -> 22500
B12: Vibrador Eléctrico tipo aguja a 110 volt. con manguera. [dia] | H12: 60000 | I12: 8 | J12: =H12/I12 -> 7500
B13: herramienta menor 10% Mano de obra | H13: =J39 -> 111325 | I13: 0.1 | J13: =H13*I13 -> 11132.5
I15: Sub-Total: | J15: =ROUND(SUM(J7:J13),0) -> 81008
B16: ll. MATERIALES
B17: Descripción | G17: Unidad | H17: Cantidad | I17: Precio-Unit | J17: Valor-Unit
B18: Impermeabilizante para concreto tipo sika plastocrete o similar | G18: kg | H18: 1.84 | I18: 17000 | J18: =ROUND(H18*I18,0) -> 31280
B19: Desmoldante para facil desencofre de concreto y protección de formaletas | G19: kg | H19: 0.41 | I19: 14000 | J19: =H19*I19 -> 5740
B20: Super T de 19 mm. (6 usos y incluye desperdicio del 10%) | G20: m2 | H20: 0.37 | I20: 80000 | J20: =H20*I20 -> 29600
B21: Larguero madera comun 4cmx8cmx2.80 | G21: und | H21: 0.71 | I21: 9500 | J21: =H21*I21 -> 6745
B22: Alambre recocido C 18 | G22: kg | H22: 0.75 | I22: 8000 | J22: =H22*I22 -> 6000
B23: Clavos comun de 2" | G23: LB | H23: 0.33 | I23: 6000 | J23: =H23*I23 -> 1980
B24: Tubo PVC de 1/2" acueducto puesto en obra | G24: M | H24: 0.65 | I24: 5800 | J24: =H24*I24 -> 3770
B25: ='APU AUXILIARES (2)'!B133:D133 -> CONCRETO 3000 PSI (210 MPA) EN OBRA | G25: M3 | H25: 1.03 | I25: ='APU AUXILIARES (2)'!G173 -> 714543 | J25: =ROUND(H25*I25,0) -> 735979
I26: Sub-Total: | J26: =ROUND(SUM(J18:J25),0) -> 821094
B27: lll. TRANSPORTE
B28: Descripción | F28: Volumen(m3)-Peso (ton) | G28: Distancia | H28: Cantidad (m3- Km / ton-Km) | I28: Tarifa | J28: Valor-Unit
B29: Acarreo intero | H29: 1 | I29: 10000 | J29: =ROUND(H29*I29,0) -> 10000
I32: Sub-Total: | J32: =SUM(J29:J31) -> 10000
B33: lll. MANO DE OBRA
B34: Descripción | G34: Jornal | H34: Jornal Total (+Prestaciones) | I34: Rendimiento | J34: Valor-Unit
B35: oficial obra | G35: 100000 | H35: =G35*1.83 -> 183000 | I35: 6 | J35: =ROUND(H35/I35,0) -> 30500
B36: Ayudantes Entendido | G36: 65000 | H36: =G36*1.83 -> 118950 | I36: 6 | J36: =ROUND(H36/I36,0) -> 19825
B37: Ayudante Raso(4) | G37: =50000*4 -> 200000 | H37: =G37*1.83 -> 366000 | I37: 6 | J37: =ROUND(H37/I37,0) -> 61000
I39: Sub-Total: | J39: =SUM(J35:J37) -> 111325
I41: Total Costo Directo: | J41: =SUM(J15,J26,J32,J39) -> 1023427
B42: V. COSTOS INDIRECTOS
B43: Descripción | I43: Porcentaje | J43: Valor Total
B44: Administración (A): | I44: 0.25 | J44: =ROUND(I44*$J$41,0) -> 255857
B45: Utilidad (U): | I45: 0.05 | J45: =ROUND(I45*$J$41,0) -> 51171
B46: Imprevistos (I): | J46: =ROUND(I46*$J$41,0) -> 0
B47: Total sobrecostos: | I47: =SUM(I44:I46) -> 0.3 | J47: =ROUND(I47*$J$41,0) -> 307028
H48: Sub-Total: | I48: =I47 -> 0.3 | J48: =J47 -> 307028
I50: Precio Unitario Total: | J50: =ROUND(SUM(J41,J48),0) -> 1330455

Sheet 3,2
B2: ITEM | C2: DESCRIPCIÓN | J2: UNIDAD
B3: =PRESUPUESTO!A13 -> 3.2 | C3: =PRESUPUESTO!B13 -> Concreto Clase H (Ciclópeo con concreto clase D - 21 MPa y Piedra de 2" a 4") | J3: M3
B5: l. EQUIPO
B6: Descripción | F6: Marca | G6: Tipo | H6: Tarifa/Hora-Día | I6: Rendimiento | J6: Valor-Unit
B7: Vibrador de concreto a gasolina (alquiler) [dia] | H7: 60000 | I7: 2 | J7: =ROUND(H7/I7,0) -> 30000
B9: Herramienta menor | H9: =IFERROR(J28,J28) -> 148433 | I9: 0.1 | J9: =ROUND(H9*I9,0) -> 14843
I10: Sub-Total: | J10: =ROUND(SUM(J7:J9),0) -> 44843
B11: ll. MATERIALES
B12: Descripción | G12: Unidad | H12: Cantidad | I12: Precio-Unit | J12: Valor-Unit
B13: ='INSUMOS MATERIALES'!B94 -> piedra selecionada | G13: m3 | H13: 0.43 | I13: ='INSUMOS MATERIALES'!D94 -> 90000 | J13: =ROUND(H13*I13,0) -> 38700
B14: ='INSUMOS MATERIALES'!B17 -> CONCRETO 2984 PSI (21 MPA) EN OBRA | G14: M3 | H14: 0.63 | I14: ='INSUMOS MATERIALES'!D17 -> 714543 | J14: =ROUND(H14*I14,0) -> 450162
J15: =ROUND(H15*I15,0) -> 0
I16: Sub-Total: | J16: =ROUND(SUM(J13:J15),0) -> 488862
B17: lll. TRANSPORTE
B18: Descripción | F18: Volumen(m3)-Peso (ton) | G18: Distancia | H18: Cantidad (m3- Km / ton-Km) | I18: Tarifa | J18: Valor-Unit
B19: acarreo interno | F19: 0.43 | G19: 1 | H19: =F19*G19 -> 0.43 | I19: 10000 | J19: =ROUND(H19*I19,0) -> 4300
B20: ='INSUMOS TRANSPORTES'!B14 -> TRANSPORTE DE INSUMOS GENERALES 0-10 KM | F20: 0.43 | G20: 10 | H20: =F20*G20 -> 4.3 | I20: ='INSUMOS TRANSPORTES'!D14 -> 4250 | J20: =ROUND(H20*I20,0) -> 18275
J21: =ROUND(H21*I21,0) -> 0
I22: Sub-Total: | J22: =SUM(J19:J21) -> 22575
B23: lll. MANO DE OBRA
B24: Descripción | G24: Jornal | H24: Jornal Total (+Prestaciones) | I24: Rendimiento | J24: Valor-Unit
B25: Oficial | G25: 100000 | H25: =G25*1.83 -> 183000 | I25: 4.5 | J25: =ROUND(H25/I25,0) -> 40667
B26: Ayudante entendido | G26: 65000 | H26: =G26*1.83 -> 118950 | I26: 4.5 | J26: =ROUND(H26/I26,0) -> 26433
B27: Ayudantes rasos(4) | G27: =50000*4 -> 200000 | H27: =G27*1.83 -> 366000 | I27: 4.5 | J27: =ROUND(H27/I27,0) -> 81333
I28: Sub-Total: | J28: =SUM(J25:J27) -> 148433
I30: Total Costo Directo: | J30: =SUM(J10,J16,J22,J28) -> 704713
B31: V. COSTOS INDIRECTOS
B32: Descripción | I32: Porcentaje | J32: Valor Total
B33: Administración (A): | I33: 0.25 | J33: =ROUND(I33*$J$30,0) -> 176178
B34: Utilidad (U): | I34: 0.05 | J34: =ROUND(I34*$J$30,0) -> 35236
B35: Imprevistos (I): | J35: =ROUND(I35*$J$30,0) -> 0
B36: Total sobrecostos: | I36: =SUM(I33:I35) -> 0.3 | J36: =ROUND(I36*$J$30,0) -> 211414
H37: Sub-Total: | I37: =I36 -> 0.3 | J37: =J36 -> 211414
I39: Precio Unitario Total: | J39: =ROUND(SUM(J30,J37),0) -> 916127

Sheet 4,1
B2: ITEM | C2: DESCRIPCIÓN | J2: UNIDAD
B3: =PRESUPUESTO!A15 -> 4.1 | C3: =PRESUPUESTO!B15 -> Suministro, transporte y colocación de Acero de refuerzo fy=420 Mpa (Grado 60) | J3: KG
B5: l. EQUIPO
B6: Descripción | F6: Marca | G6: Tipo | H6: Tarifa/Hora-Día | I6: Rendimiento | J6: Valor-Unit
B9: Herramienta menor | H9: =IFERROR(J27,J27) -> 2339 | I9: 0.1 | J9: =ROUND(H9*I9,0) -> 234
I10: Sub-Total: | J10: =ROUND(SUM(J7:J9),0) -> 234
B11: ll. MATERIALES
B12: Descripción | G12: Unidad | H12: Cantidad | I12: Precio-Unit | J12: Valor-Unit
B13: ='INSUMOS MATERIALES'!B37 -> ACERO REFUERZO G-60 | G13: KG | H13: 1.1 | I13: ='INSUMOS MATERIALES'!D37 -> 4500 | J13: =ROUND(H13*I13,0) -> 4950
B14: ='INSUMOS MATERIALES'!B38 -> ALAMBRE NEGRO PARA AMARRE C 18 | G14: KG | H14: 0.1 | I14: ='INSUMOS MATERIALES'!D38 -> 6800 | J14: =ROUND(H14*I14,0) -> 680
I15: Sub-Total: | J15: =ROUND(SUM(J13:J14),0) -> 5630
B16: lll. TRANSPORTE
B17: Descripción | F17: Volumen(m3)-Peso (ton) | G17: Distancia | H17: Cantidad (m3- Km / ton-Km) | I17: Tarifa | J17: Valor-Unit
B18: acarreo interno | F18: 0.01 | G18: 1 | H18: =F18*G18 -> 0.01 | I18: 10000 | J18: =ROUND(H18*I18,0) -> 100
B19: ='INSUMOS TRANSPORTES'!B14 -> TRANSPORTE DE INSUMOS GENERALES 0-10 KM | F19: 0.01 | G19: 10 | H19: =F19*G19 -> 0.1 | I19: ='INSUMOS TRANSPORTES'!D14 -> 4250 | J19: =ROUND(H19*I19,0) -> 425
J20: =ROUND(H20*I20,0) -> 0
I21: Sub-Total: | J21: =SUM(J18:J20) -> 525
B22: lll. MANO DE OBRA
B23: Descripción | G23: Jornal | H23: Jornal Total (+Prestaciones) | I23: Rendimiento | J23: Valor-Unit | L23: =1.34*0.91 -> 1.2194
B24: Oficial | G24: 100000 | H24: =G24*1.83 -> 183000 | I24: 180 | J24: =ROUND(H24/I24,0) -> 1017
B25: Ayudante entendido(2) | G25: =65000*2 -> 130000 | H25: =G25*1.83 -> 237900 | I25: 180 | J25: =ROUND(H25/I25,0) -> 1322
L26: =20*L23 -> 24.388
I27: Sub-Total: | J27: =SUM(J24:J26) -> 2339
I29: Total Costo Directo: | J29: =SUM(J10,J15,J21,J27) -> 8728
B30: V. COSTOS INDIRECTOS
B31: Descripción | I31: Porcentaje | J31: Valor Total
B32: Administración (A): | I32: 0.25 | J32: =ROUND(I32*$J$29,0) -> 2182
B33: Utilidad (U): | I33: 0.05 | J33: =ROUND(I33*$J$29,0) -> 436
B34: Imprevistos (I): | J34: =ROUND(I34*$J$29,0) -> 0
B35: Total sobrecostos: | I35: =SUM(I32:I34) -> 0.3 | J35: =ROUND(I35*$J$29,0) -> 2618
H36: Sub-Total: | I36: =I35 -> 0.3 | J36: =J35 -> 2618
I38: Precio Unitario Total: | J38: =ROUND(SUM(J29,J36),0) -> 11346

Sheet 5,1
B2: ITEM | C2: DESCRIPCIÓN | J2: UNIDAD
B3: =PRESUPUESTO!A17 -> 5.1 | C3: =PRESUPUESTO!B17 -> Remplazo de vigas Principales (DURMIENTES) de madera, dispuestas de forma longitudinal con dimenesiones de 6" x 4" x 6ml para estructura del puente. | J3: ML
B5: l. EQUIPO
B6: Descripción | F6: Marca | G6: Tipo | H6: Tarifa/Hora-Día | I6: Rendimiento | J6: Valor-Unit
B7: diferencial de 5 toneladas | H7: 25000 | I7: 8 | J7: =H7/I7 -> 3125
B8: Herramienta menor 10% mano de obra | H8: =J31 -> 25417 | I8: 0.1 | J8: =ROUND(H8*I8,0) -> 2542
I9: Sub-Total: | J9: =ROUND(SUM(J7:J8),0) -> 5667
B10: ll. MATERIALES
B11: Descripción | G11: Unidad | H11: Cantidad | I11: Precio-Unit | J11: Valor-Unit
B12: ='INSUMOS MATERIALES'!B51 -> (DURMIENTES) de madera, dispuestas de forma longitudinal con dimenesiones de 6" x 4" x 6 ml | G12: ÚND | H12: 0.17 | I12: ='INSUMOS MATERIALES'!D51 -> 770000 | J12: =ROUND(H12*I12,0) -> 130900 | L12: =0.17*6 -> 1.02
B13: ='INSUMOS MATERIALES'!B41 -> CLAVOS COMUNES 1½ A 5" | G13: ='INSUMOS MATERIALES'!C41 -> LB | H13: 0.3 | I13: ='INSUMOS MATERIALES'!D41 -> 3600 | J13: =ROUND(H13*I13,0) -> 1080
I17: Sub-Total: | J17: =ROUND(SUM(J12:J16),0) -> 131980
B18: lll. TRANSPORTE
B19: Descripción | F19: Volumen(m3)-Peso (ton) | G19: Distancia | H19: Cantidad (m3- Km / ton-Km) | I19: Tarifa | J19: Valor-Unit
B21: acarreo interno | F21: 10 | G21: 0.1 | H21: =F21*G21 -> 1 | I21: 6500 | J21: =ROUND(H21*I21,0) -> 6500
I25: Sub-Total: | J25: =SUM(J20:J24) -> 6500
B26: lll. MANO DE OBRA
B27: Descripción | G27: Jornal | H27: Jornal Total (+Prestaciones) | I27: Rendimiento | J27: Valor-Unit
B28: Oficial (2) | G28: =100000*2 -> 200000 | H28: =G28*1.83 -> 366000 | I28: 36 | J28: =ROUND(H28/I28,0) -> 10167
B29: Ayudante raso (6) | G29: =50000*6 -> 300000 | H29: =G29*1.83 -> 549000 | I29: 36 | J29: =ROUND(H29/I29,0) -> 15250
I31: Sub-Total: | J31: =SUM(J28:J30) -> 25417
I33: Total Costo Directo: | J33: =SUM(J9,J17,J25,J31) -> 169564
B34: V. COSTOS INDIRECTOS
B35: Descripción | I35: Porcentaje | J35: Valor Total
B36: Administración (A): | I36: 0.25 | J36: =ROUND(I36*$J$33,0) -> 42391
B37: Utilidad (U): | I37: 0.05 | J37: =ROUND(I37*$J$33,0) -> 8478
B38: Imprevistos (I): | J38: =ROUND(I38*$J$33,0) -> 0
B39: Total sobrecostos: | I39: =SUM(I36:I38) -> 0.3 | J39: =ROUND(I39*$J$33,0) -> 50869
H40: Sub-Total: | I40: =I39 -> 0.3 | J40: =J39 -> 50869
I42: Precio Unitario Total: | J42: =ROUND(SUM(J33,J40),0) -> 220433

Sheet 5.2
B2: ITEM | C2: DESCRIPCIÓN | J2: UNIDAD
B3: 5.2 | C3: =PRESUPUESTO!B18 -> Remplazo de vigas secundarias en cuartones de madera de 3" x 4" x 3m, en zona de (VIGATRANSVERSAL) distribuidos en toda la longitud del puente de 12m, incluye elementos de fijacion y todo lo necesario para su correcto funcionamiento. | J3: UND
B5: l. EQUIPO
B6: Descripción | F6: Marca | G6: Tipo | H6: Tarifa/Hora-Día | I6: Rendimiento | J6: Valor-Unit
B8: Herramienta menor 10% mano de obra | H8: =J28 -> 6558 | I8: 0.1 | J8: =ROUND(H8*I8,0) -> 656
I9: Sub-Total: | J9: =ROUND(SUM(J7:J8),0) -> 656
B10: ll. MATERIALES
B11: Descripción | G11: Unidad | H11: Cantidad | I11: Precio-Unit | J11: Valor-Unit
B12: ='INSUMOS MATERIALES'!B49 -> cuartones de madera de 3" x 4" x 3m MADERA DE ALTA RESISTENCIA | G12: Unidad | H12: 1 | I12: ='INSUMOS MATERIALES'!D49 -> 120000 | J12: =ROUND(H12*I12,0) -> 120000
B13: ='INSUMOS MATERIALES'!B41 -> CLAVOS COMUNES 1½ A 5" | G13: ='INSUMOS MATERIALES'!C41 -> LB | H13: 0.3 | I13: ='INSUMOS MATERIALES'!D41 -> 3600 | J13: =ROUND(H13*I13,0) -> 1080
I14: Sub-Total: | J14: =ROUND(SUM(J12:J13),0) -> 121080
B15: lll. TRANSPORTE
B16: Descripción | F16: Volumen(m3)-Peso (ton) | G16: Distancia | H16: Cantidad (m3- Km / ton-Km) | I16: Tarifa | J16: Valor-Unit
B18: acarreo interno | F18: 0.3 | G18: 1 | H18: =F18*G18 -> 0.3 | I18: 6500 | J18: =ROUND(H18*I18,0) -> 1950
I22: Sub-Total: | J22: =SUM(J17:J21) -> 1950
B23: lll. MANO DE OBRA
B24: Descripción | G24: Jornal | H24: Jornal Total (+Prestaciones) | I24: Rendimiento | J24: Valor-Unit
B25: Oficial | G25: 100000 | H25: =G25*1.83 -> 183000 | I25: 60 | J25: =ROUND(H25/I25,0) -> 3050
B26: Ayudante entendido | G26: 65000 | H26: =G26*1.83 -> 118950 | I26: 60 | J26: =ROUND(H26/I26,0) -> 1983
B27: ayudante raso | G27: 50000 | H27: =G27*1.83 -> 91500 | I27: 60 | J27: =ROUND(H27/I27,0) -> 1525
I28: Sub-Total: | J28: =SUM(J25:J27) -> 6558
I30: Total Costo Directo: | J30: =SUM(J9,J14,J22,J28) -> 130244
B31: V. COSTOS INDIRECTOS
B32: Descripción | I32: Porcentaje | J32: Valor Total
B33: Administración (A): | I33: 0.25 | J33: =ROUND(I33*$J$30,0) -> 32561
B34: Utilidad (U): | I34: 0.05 | J34: =ROUND(I34*$J$30,0) -> 6512
B35: Imprevistos (I): | J35: =ROUND(I35*$J$30,0) -> 0
B36: Total sobrecostos: | I36: =SUM(I33:I35) -> 0.3 | J36: =ROUND(I36*$J$30,0) -> 39073
H37: Sub-Total: | I37: =I36 -> 0.3 | J37: =J36 -> 39073
I39: Precio Unitario Total: | J39: =ROUND(SUM(J30,J37),0) -> 169317

Sheet 5.3
B2: ITEM | C2: DESCRIPCIÓN | J2: UNIDAD
B3: =PRESUPUESTO!A19 -> 5.3 | C3: =PRESUPUESTO!B19 -> Remplazo de Vigas secundarias cuartones de madera de 3" x 3" x 2m en zona de (viga TRANSVERSAL- INTERMEDIOS) distribuidos en toda la longitud del puente de 12m, incluye elementos de fijacion y todo lo necesario para su correcto funcionamiento. | J3: UND
B5: l. EQUIPO
B6: Descripción | F6: Marca | G6: Tipo | H6: Tarifa/Hora-Día | I6: Rendimiento | J6: Valor-Unit
B7: pulidora [dia]
B8: Herramienta menor 10% mano de obra | H8: =J28 -> 6558 | I8: 0.1 | J8: =ROUND(H8*I8,0) -> 656
I9: Sub-Total: | J9: =ROUND(SUM(J7:J8),0) -> 656
B10: ll. MATERIALES
B11: Descripción | G11: Unidad | H11: Cantidad | I11: Precio-Unit | J11: Valor-Unit
B12: ='INSUMOS MATERIALES'!B52 -> CUARTONES DE madera de 3" x 3" x 2m MADERA DE ALTA RESISTENCIA | G12: Unidad | H12: 1 | I12: ='INSUMOS MATERIALES'!D52 -> 48000 | J12: =ROUND(H12*I12,0) -> 48000
B13: ='INSUMOS MATERIALES'!B41 -> CLAVOS COMUNES 1½ A 5" | G13: ='INSUMOS MATERIALES'!C41 -> LB | H13: 0.3 | I13: ='INSUMOS MATERIALES'!D41 -> 3600 | J13: =ROUND(H13*I13,0) -> 1080
I14: Sub-Total: | J14: =ROUND(SUM(J12:J13),0) -> 49080
B15: lll. TRANSPORTE
B16: Descripción | F16: Volumen(m3)-Peso (ton) | G16: Distancia | H16: Cantidad (m3- Km / ton-Km) | I16: Tarifa | J16: Valor-Unit
B17: acarreo interno | F17: 0.3 | G17: 1 | H17: =F17*G17 -> 0.3 | I17: 6500 | J17: =ROUND(H17*I17,0) -> 1950
I22: Sub-Total: | J22: =SUM(J17:J21) -> 1950
B23: lll. MANO DE OBRA
B24: Descripción | G24: Jornal | H24: Jornal Total (+Prestaciones) | I24: Rendimiento | J24: Valor-Unit
B25: Oficial | G25: 100000 | H25: =G25*1.83 -> 183000 | I25: 60 | J25: =ROUND(H25/I25,0) -> 3050
B26: Ayudante entendido | G26: 65000 | H26: =G26*1.83 -> 118950 | I26: 60 | J26: =ROUND(H26/I26,0) -> 1983
B27: ayudante raso | G27: 50000 | H27: =G27*1.83 -> 91500 | I27: 60 | J27: =ROUND(H27/I27,0) -> 1525
I28: Sub-Total: | J28: =SUM(J25:J27) -> 6558
I30: Total Costo Directo: | J30: =SUM(J9,J14,J22,J28) -> 58244
B31: V. COSTOS INDIRECTOS
B32: Descripción | I32: Porcentaje | J32: Valor Total
B33: Administración (A): | I33: 0.25 | J33: =ROUND(I33*$J$30,0) -> 14561
B34: Utilidad (U): | I34: 0.05 | J34: =ROUND(I34*$J$30,0) -> 2912
B35: Imprevistos (I): | J35: =ROUND(I35*$J$30,0) -> 0
B36: Total sobrecostos: | I36: =SUM(I33:I35) -> 0.3 | J36: =ROUND(I36*$J$30,0) -> 17473
H37: Sub-Total: | I37: =I36 -> 0.3 | J37: =J36 -> 17473
I39: Precio Unitario Total: | J39: =ROUND(SUM(J30,J37),0) -> 75717

Sheet 6,1
B2: ITEM | C2: DESCRIPCIÓN | J2: UNIDAD
B3: =PRESUPUESTO!A21 -> 6.1 | C3: =PRESUPUESTO!B21 -> Remplazo de listones de madera 3" x 3" x 1.5 m en zona de (PASAMANOS - ARRIOSTRAMIENTO INCLINADO) distribuidos en toda la longitud del puente de 12m incluye elementos de fijacion y todo lo necesario para su correcto | J3: UND
B5: l. EQUIPO
B6: Descripción | F6: Marca | G6: Tipo | H6: Tarifa/Hora-Día | I6: Rendimiento | J6: Valor-Unit
B9: herramienta menor | H9: =J34 -> 3935 | I9: 0.1 | J9: =H9*I9 -> 393.5
I11: Sub-Total: | J11: =ROUND(SUM(J7:J9),0) -> 394
B12: ll. MATERIALES
B13: Descripción | G13: Unidad | H13: Cantidad | I13: Precio-Unit | J13: Valor-Unit
B14: ='INSUMOS MATERIALES'!B49 -> cuartones de madera de 3" x 4" x 3m MADERA DE ALTA RESISTENCIA | G14: UN | H14: 0.5 | I14: ='INSUMOS MATERIALES'!D49 -> 120000 | J14: =ROUND(H14*I14,0) -> 60000
B15: ='INSUMOS MATERIALES'!B41 -> CLAVOS COMUNES 1½ A 5" | G15: LB | H15: 0.3 | I15: ='INSUMOS MATERIALES'!D41 -> 3600 | J15: =ROUND(H15*I15,0) -> 1080
I20: Sub-Total: | J20: =ROUND(SUM(J14:J19),0) -> 61080
B21: lll. TRANSPORTE
B22: Descripción | F22: Volumen(m3)-Peso (ton) | G22: Distancia | H22: Cantidad (m3- Km / ton-Km) | I22: Tarifa | J22: Valor-Unit
B23: acarreo interno | F23: 0.3 | G23: 1 | H23: =F23*G23 -> 0.3 | I23: 6500 | J23: =ROUND(H23*I23,0) -> 1950
I28: Sub-Total: | J28: =SUM(J23:J27) -> 1950
B29: lll. MANO DE OBRA
B30: Descripción | G30: Jornal | H30: Jornal Total (+Prestaciones) | I30: Rendimiento | J30: Valor-Unit
B31: Oficial | G31: 100000 | H31: =G31*1.83 -> 183000 | I31: 100 | J31: =ROUND(H31/I31,0) -> 1830
B32: Ayudante entendido | G32: 65000 | H32: =G32*1.83 -> 118950 | I32: 100 | J32: =ROUND(H32/I32,0) -> 1190
B33: Ayudantes rasos(1) | G33: =50000 -> 50000 | H33: =G33*1.83 -> 91500 | I33: 100 | J33: =ROUND(H33/I33,0) -> 915
I34: Sub-Total: | J34: =SUM(J31:J33) -> 3935
I36: Total Costo Directo: | J36: =SUM(J11,J20,J28,J34) -> 67359
B37: V. COSTOS INDIRECTOS
B38: Descripción | I38: Porcentaje | J38: Valor Total
B39: Administración (A): | I39: 0.25 | J39: =ROUND(I39*$J$36,0) -> 16840
B40: Utilidad (U): | I40: 0.05 | J40: =ROUND(I40*$J$36,0) -> 3368
B41: Imprevistos (I): | J41: =ROUND(I41*$J$36,0) -> 0
B42: Total sobrecostos: | I42: =SUM(I39:I41) -> 0.3 | J42: =ROUND(I42*$J$36,0) -> 20208
H43: Sub-Total: | I43: =I42 -> 0.3 | J43: =J42 -> 20208
I45: Precio Unitario Total: | J45: =ROUND(SUM(J36,J43),0) -> 87567

Sheet 6.2
B2: ITEM | C2: DESCRIPCIÓN | J2: UNIDAD
B3: =PRESUPUESTO!A22 -> 6.2 | C3: =PRESUPUESTO!B22 -> Remplazo de listones de madera de 4" x 2" x 3m para Pasamanos; incluye elementos de fijacion y todo lo necesario para su correcto funcionamiento. | J3: ML
B5: l. EQUIPO
B6: Descripción | F6: Marca | G6: Tipo | H6: Tarifa/Hora-Día | I6: Rendimiento | J6: Valor-Unit
B9: herramienta menor | H9: =J33 -> 6558 | I9: 0.1 | J9: =H9*I9 -> 655.8
I11: Sub-Total: | J11: =ROUND(SUM(J7:J9),0) -> 656
B12: ll. MATERIALES
B13: Descripción | G13: Unidad | H13: Cantidad | I13: Precio-Unit | J13: Valor-Unit
B14: ='INSUMOS MATERIALES'!B42 -> listones de madera de 4" x 2" x 3m DE ALTA RESISTENCIA | G14: und | H14: 0.33 | I14: ='INSUMOS MATERIALES'!D42 -> 35000 | J14: =ROUND(H14*I14,0) -> 11550
B15: ='INSUMOS MATERIALES'!B41 -> CLAVOS COMUNES 1½ A 5" | G15: LB | H15: 0.3 | I15: ='INSUMOS MATERIALES'!D41 -> 3600 | J15: =ROUND(H15*I15,0) -> 1080
I19: Sub-Total: | J19: =ROUND(SUM(J14:J18),0) -> 12630
B20: lll. TRANSPORTE
B21: Descripción | F21: Volumen(m3)-Peso (ton) | G21: Distancia | H21: Cantidad (m3- Km / ton-Km) | I21: Tarifa | J21: Valor-Unit
B22: acarreo interno | F22: 0.3 | G22: 1 | H22: 0.3 | I22: 6500 | J22: =ROUND(H22*I22,0) -> 1950
I27: Sub-Total: | J27: =SUM(J22:J26) -> 1950
B28: lll. MANO DE OBRA
B29: Descripción | G29: Jornal | H29: Jornal Total (+Prestaciones) | I29: Rendimiento | J29: Valor-Unit
B30: Oficial | G30: 100000 | H30: =G30*1.83 -> 183000 | I30: 60 | J30: =ROUND(H30/I30,0) -> 3050
B31: Ayudante entendido | G31: 65000 | H31: =G31*1.83 -> 118950 | I31: 60 | J31: =ROUND(H31/I31,0) -> 1983
B32: Ayudantes rasos(1) | G32: =50000 -> 50000 | H32: =G32*1.83 -> 91500 | I32: 60 | J32: =ROUND(H32/I32,0) -> 1525
I33: Sub-Total: | J33: =SUM(J30:J32) -> 6558
I35: Total Costo Directo: | J35: =SUM(J11,J19,J27,J33) -> 21794
B36: V. COSTOS INDIRECTOS
B37: Descripción | I37: Porcentaje | J37: Valor Total
B38: Administración (A): | I38: 0.25 | J38: =ROUND(I38*$J$35,0) -> 5449
B39: Utilidad (U): | I39: 0.05 | J39: =ROUND(I39*$J$35,0) -> 1090
B40: Imprevistos (I): | J40: =ROUND(I40*$J$35,0) -> 0
B41: Total sobrecostos: | I41: =SUM(I38:I40) -> 0.3 | J41: =ROUND(I41*$J$35,0) -> 6538
H42: Sub-Total: | I42: =I41 -> 0.3 | J42: =J41 -> 6538
I44: Precio Unitario Total: | J44: =ROUND(SUM(J35,J42),0) -> 28332

Sheet 6.3
B2: ITEM | C2: DESCRIPCIÓN | J2: UNIDAD
B3: =PRESUPUESTO!A23 -> 6.3 | C3: =PRESUPUESTO!B23 -> Remplazo de cuartones de madera verticales de 3" x 4" x 2.5m para soporte de(PORTICO VERTICAL) distribuidos en toda la longitud del puente de 12m, incluye elementos de fijacion y todo lo necesario para su correcto | J3: UND
B5: l. EQUIPO
B6: Descripción | F6: Marca | G6: Tipo | H6: Tarifa/Hora-Día | I6: Rendimiento | J6: Valor-Unit
B9: herramienta menor | H9: =J33 -> 6558 | I9: 0.1 | J9: =H9*I9 -> 655.8
M10: =3*0.83 -> 2.49
I11: Sub-Total: | J11: =ROUND(SUM(J7:J9),0) -> 656
B12: ll. MATERIALES
B13: Descripción | G13: Unidad | H13: Cantidad | I13: Precio-Unit | J13: Valor-Unit
B14: ='INSUMOS MATERIALES'!B49 -> cuartones de madera de 3" x 4" x 3m MADERA DE ALTA RESISTENCIA | G14: und | H14: 0.83 | I14: ='INSUMOS MATERIALES'!D49 -> 120000 | J14: =ROUND(H14*I14,0) -> 99600
B15: ='INSUMOS MATERIALES'!B41 -> CLAVOS COMUNES 1½ A 5" | G15: LB | H15: 0.3 | I15: ='INSUMOS MATERIALES'!D41 -> 3600 | J15: =ROUND(H15*I15,0) -> 1080
I19: Sub-Total: | J19: =ROUND(SUM(J14:J18),0) -> 100680
B20: lll. TRANSPORTE
B21: Descripción | F21: Volumen(m3)-Peso (ton) | G21: Distancia | H21: Cantidad (m3- Km / ton-Km) | I21: Tarifa | J21: Valor-Unit
B22: acarreo interno | F22: 0.3 | G22: 1 | H22: =F22*G22 -> 0.3 | I22: 6500 | J22: =ROUND(H22*I22,0) -> 1950
I27: Sub-Total: | J27: =SUM(J22:J26) -> 1950
B28: lll. MANO DE OBRA
B29: Descripción | G29: Jornal | H29: Jornal Total (+Prestaciones) | I29: Rendimiento | J29: Valor-Unit
B30: Oficial | G30: 100000 | H30: =G30*1.83 -> 183000 | I30: 60 | J30: =ROUND(H30/I30,0) -> 3050
B31: Ayudante entendido | G31: 65000 | H31: =G31*1.83 -> 118950 | I31: 60 | J31: =ROUND(H31/I31,0) -> 1983
B32: Ayudantes rasos(1) | G32: =50000*1 -> 50000 | H32: =G32*1.83 -> 91500 | I32: 60 | J32: =ROUND(H32/I32,0) -> 1525
I33: Sub-Total: | J33: =SUM(J30:J32) -> 6558
I35: Total Costo Directo: | J35: =SUM(J11,J19,J27,J33) -> 109844
B36: V. COSTOS INDIRECTOS
B37: Descripción | I37: Porcentaje | J37: Valor Total
B38: Administración (A): | I38: 0.25 | J38: =ROUND(I38*$J$35,0) -> 27461
B39: Utilidad (U): | I39: 0.05 | J39: =ROUND(I39*$J$35,0) -> 5492
B40: Imprevistos (I): | J40: =ROUND(I40*$J$35,0) -> 0
B41: Total sobrecostos: | I41: =SUM(I38:I40) -> 0.3 | J41: =ROUND(I41*$J$35,0) -> 32953
H42: Sub-Total: | I42: =I41 -> 0.3 | J42: =J41 -> 32953
I44: Precio Unitario Total: | J44: =ROUND(SUM(J35,J42),0) -> 142797

Sheet 7,1
B2: ITEM | C2: DESCRIPCIÓN | J2: UNIDAD
B3: =PRESUPUESTO!A25 -> 7.1 | C3: =PRESUPUESTO!B25 -> Remplazo de Tablones de madera de 2" x 8" x 2m en zona de (TABLERO DEL PUENTE) distribuidos en toda la longitud del puente de 12m, incluye elementos de fijacion y todo lo necesario para su correcto funcionamiento. | J3: UND
B5: l. EQUIPO
B6: Descripción | F6: Marca | G6: Tipo | H6: Tarifa/Hora-Día | I6: Rendimiento | J6: Valor-Unit
B9: Herramienta menor | H9: =IFERROR(J30,J30) -> 6558 | I9: 0.1 | J9: =ROUND(H9*I9,0) -> 656
I10: Sub-Total: | J10: =ROUND(SUM(J7:J9),0) -> 656
B11: ll. MATERIALES
B12: Descripción | G12: Unidad | H12: Cantidad | I12: Precio-Unit | J12: Valor-Unit
B13: ='INSUMOS MATERIALES'!B74 -> TABLONES DE MADERA DE 2" X8" X 2 madera de alta resistencia | G13: und | H13: 1.05 | I13: ='INSUMOS MATERIALES'!D74 -> 42000 | J13: =ROUND(H13*I13,0) -> 44100
B14: ='INSUMOS MATERIALES'!B41 -> CLAVOS COMUNES 1½ A 5" | G14: ='INSUMOS MATERIALES'!C41 -> LB | H14: 0.3 | I14: ='INSUMOS MATERIALES'!D41 -> 3600 | J14: =ROUND(H14*I14,0) -> 1080 | L14: =82000/4.5 -> 18222.222
L16: =L14*2 -> 36444.444
I18: Sub-Total: | J18: =ROUND(SUM(J13:J17),0) -> 45180
B19: lll. TRANSPORTE
B20: Descripción | F20: Volumen(m3)-Peso (ton) | G20: Distancia | H20: Cantidad (m3- Km / ton-Km) | I20: Tarifa | J20: Valor-Unit
B21: acarreo interno | F21: 0.3 | G21: 1 | H21: =F21*G21 -> 0.3 | I21: 6500 | J21: =ROUND(H21*I21,0) -> 1950
J23: =ROUND(H23*I23,0) -> 0
I24: Sub-Total: | J24: =SUM(J21:J23) -> 1950
B25: lll. MANO DE OBRA
B26: Descripción | G26: Jornal | H26: Jornal Total (+Prestaciones) | I26: Rendimiento | J26: Valor-Unit
B27: Oficial | G27: 100000 | H27: =G27*1.83 -> 183000 | I27: 60 | J27: =ROUND(H27/I27,0) -> 3050
B28: Ayudante entendido | G28: 65000 | H28: =G28*1.83 -> 118950 | I28: 60 | J28: =ROUND(H28/I28,0) -> 1983
B29: ayudante raso (1) | G29: =50000*1 -> 50000 | H29: =G29*1.83 -> 91500 | I29: 60 | J29: =ROUND(H29/I29,0) -> 1525
I30: Sub-Total: | J30: =SUM(J27:J29) -> 6558
I32: Total Costo Directo: | J32: =SUM(J10,J18,J24,J30) -> 54344
B33: V. COSTOS INDIRECTOS
B34: Descripción | I34: Porcentaje | J34: Valor Total
B35: Administración (A): | I35: 0.25 | J35: =ROUND(I35*$J$32,0) -> 13586
B36: Utilidad (U): | I36: 0.05 | J36: =ROUND(I36*$J$32,0) -> 2717
B37: Imprevistos (I): | J37: =ROUND(I37*$J$32,0) -> 0
B38: Total sobrecostos: | I38: =SUM(I35:I37) -> 0.3 | J38: =ROUND(I38*$J$32,0) -> 16303
H39: Sub-Total: | I39: =I38 -> 0.3 | J39: =J38 -> 16303
I41: Precio Unitario Total: | J41: =ROUND(SUM(J32,J39),0) -> 70647

Sheet 7.2
B2: ITEM | C2: DESCRIPCIÓN | J2: UNIDAD
B3: =PRESUPUESTO!A26 -> 7.2 | C3: =PRESUPUESTO!B26 -> Remplazo de vigas secundarias en listones de madera de 3" x 4" x 2.5 m, en zona de (VIGATRANSVERSAL DEL TECHO) de acuerdo a la longitud del puente de 12m, incluye elementos de fijacion y todo lo necesario para su correcto funcionamiento. | J3: UND
B5: l. EQUIPO
B6: Descripción | F6: Marca | G6: Tipo | H6: Tarifa/Hora-Día | I6: Rendimiento | J6: Valor-Unit
B8: Herramienta menor 10% mano de obra | H8: =J28 -> 6558 | I8: 0.1 | J8: =ROUND(H8*I8,0) -> 656
I9: Sub-Total: | J9: =ROUND(SUM(J7:J8),0) -> 656
B10: ll. MATERIALES
B11: Descripción | G11: Unidad | H11: Cantidad | I11: Precio-Unit | J11: Valor-Unit
B12: ='INSUMOS MATERIALES'!B49 -> cuartones de madera de 3" x 4" x 3m MADERA DE ALTA RESISTENCIA | G12: Unidad | H12: 0.83 | I12: ='INSUMOS MATERIALES'!D49 -> 120000 | J12: =ROUND(H12*I12,0) -> 99600
B13: ='INSUMOS MATERIALES'!B41 -> CLAVOS COMUNES 1½ A 5" | G13: ='INSUMOS MATERIALES'!C41 -> LB | H13: 0.3 | I13: ='INSUMOS MATERIALES'!D41 -> 3600 | J13: =ROUND(H13*I13,0) -> 1080
I14: Sub-Total: | J14: =ROUND(SUM(J12:J13),0) -> 100680
B15: lll. TRANSPORTE
B16: Descripción | F16: Volumen(m3)-Peso (ton) | G16: Distancia | H16: Cantidad (m3- Km / ton-Km) | I16: Tarifa | J16: Valor-Unit
B18: acarreo interno | F18: 0.3 | G18: 1 | H18: =F18*G18 -> 0.3 | I18: 6500 | J18: =ROUND(H18*I18,0) -> 1950
I22: Sub-Total: | J22: =SUM(J17:J21) -> 1950
B23: lll. MANO DE OBRA
B24: Descripción | G24: Jornal | H24: Jornal Total (+Prestaciones) | I24: Rendimiento | J24: Valor-Unit
B25: Oficial | G25: 100000 | H25: =G25*1.83 -> 183000 | I25: 60 | J25: =ROUND(H25/I25,0) -> 3050
B26: Ayudante entendido | G26: 65000 | H26: =G26*1.83 -> 118950 | I26: 60 | J26: =ROUND(H26/I26,0) -> 1983
B27: ayudante raso | G27: 50000 | H27: =G27*1.83 -> 91500 | I27: 60 | J27: =ROUND(H27/I27,0) -> 1525
I28: Sub-Total: | J28: =SUM(J25:J27) -> 6558
I30: Total Costo Directo: | J30: =SUM(J9,J14,J22,J28) -> 109844
B31: V. COSTOS INDIRECTOS
B32: Descripción | I32: Porcentaje | J32: Valor Total
B33: Administración (A): | I33: 0.25 | J33: =ROUND(I33*$J$30,0) -> 27461
B34: Utilidad (U): | I34: 0.05 | J34: =ROUND(I34*$J$30,0) -> 5492
B35: Imprevistos (I): | J35: =ROUND(I35*$J$30,0) -> 0
B36: Total sobrecostos: | I36: =SUM(I33:I35) -> 0.3 | J36: =ROUND(I36*$J$30,0) -> 32953
H37: Sub-Total: | I37: =I36 -> 0.3 | J37: =J36 -> 32953
I39: Precio Unitario Total: | J39: =ROUND(SUM(J30,J37),0) -> 142797

Sheet 7.3
B2: ITEM | C2: DESCRIPCIÓN | J2: UNIDAD
B3: =PRESUPUESTO!A27 -> 7.3 | C3: =PRESUPUESTO!B27 -> Remplazo de vigas secundarias en listones de madera de 3" x 3" x 3m, en zona (LONGITUDINAL DE APOYO ALFARDAS) de acuerdo a la longitud del puente de 12m incluye elementos de fijacion y todo lo necesario para su correcto funcionamiento. | J3: =PRESUPUESTO!C27 -> ML
B5: l. EQUIPO
B6: Descripción | F6: Marca | G6: Tipo | H6: Tarifa/Hora-Día | I6: Rendimiento | J6: Valor-Unit
B7: pulidora [dia]
B8: Herramienta menor 10% mano de obra | H8: =J28 -> 3279 | I8: 0.1 | J8: =ROUND(H8*I8,0) -> 328
I9: Sub-Total: | J9: =ROUND(SUM(J7:J8),0) -> 328
B10: ll. MATERIALES
B11: Descripción | G11: Unidad | H11: Cantidad | I11: Precio-Unit | J11: Valor-Unit
B12: ='INSUMOS MATERIALES'!B52 -> CUARTONES DE madera de 3" x 3" x 2m MADERA DE ALTA RESISTENCIA | G12: Unidad | H12: 0.5 | I12: ='INSUMOS MATERIALES'!D52 -> 48000 | J12: =ROUND(H12*I12,0) -> 24000
B13: ='INSUMOS MATERIALES'!B41 -> CLAVOS COMUNES 1½ A 5" | G13: ='INSUMOS MATERIALES'!C41 -> LB | H13: 0.3 | I13: ='INSUMOS MATERIALES'!D41 -> 3600 | J13: =ROUND(H13*I13,0) -> 1080
I14: Sub-Total: | J14: =ROUND(SUM(J12:J13),0) -> 25080
B15: lll. TRANSPORTE
B16: Descripción | F16: Volumen(m3)-Peso (ton) | G16: Distancia | H16: Cantidad (m3- Km / ton-Km) | I16: Tarifa | J16: Valor-Unit
B17: acarreo interno | F17: 0.3 | G17: 1 | H17: =F17*G17 -> 0.3 | I17: 6500 | J17: =ROUND(H17*I17,0) -> 1950
I22: Sub-Total: | J22: =SUM(J17:J21) -> 1950
B23: lll. MANO DE OBRA
B24: Descripción | G24: Jornal | H24: Jornal Total (+Prestaciones) | I24: Rendimiento | J24: Valor-Unit
B25: Oficial | G25: 100000 | H25: =G25*1.83 -> 183000 | I25: 120 | J25: =ROUND(H25/I25,0) -> 1525
B26: Ayudante entendido | G26: 65000 | H26: =G26*1.83 -> 118950 | I26: 120 | J26: =ROUND(H26/I26,0) -> 991
B27: ayudante raso | G27: 50000 | H27: =G27*1.83 -> 91500 | I27: 120 | J27: =ROUND(H27/I27,0) -> 763
I28: Sub-Total: | J28: =SUM(J25:J27) -> 3279
I30: Total Costo Directo: | J30: =SUM(J9,J14,J22,J28) -> 30637
B31: V. COSTOS INDIRECTOS
B32: Descripción | I32: Porcentaje | J32: Valor Total
B33: Administración (A): | I33: 0.25 | J33: =ROUND(I33*$J$30,0) -> 7659
B34: Utilidad (U): | I34: 0.05 | J34: =ROUND(I34*$J$30,0) -> 1532
B35: Imprevistos (I): | J35: =ROUND(I35*$J$30,0) -> 0
B36: Total sobrecostos: | I36: =SUM(I33:I35) -> 0.3 | J36: =ROUND(I36*$J$30,0) -> 9191
H37: Sub-Total: | I37: =I36 -> 0.3 | J37: =J36 -> 9191
I39: Precio Unitario Total: | J39: =ROUND(SUM(J30,J37),0) -> 39828

Sheet 7.4
B2: ITEM | C2: DESCRIPCIÓN | J2: UNIDAD
B3: =PRESUPUESTO!A28 -> 7.4 | C3: =PRESUPUESTO!B28 -> Remplazo de Alfardas de madera de 4" x 2" x 2m para estructura de cubierta ; incluye elementos de fijacion y todo lo necesario para su correcto funcionamiento. | J3: UND
B5: l. EQUIPO
B6: Descripción | F6: Marca | G6: Tipo | H6: Tarifa/Hora-Día | I6: Rendimiento | J6: Valor-Unit
B9: herramienta menor | H9: =J33 -> 6558 | I9: 0.1 | J9: =H9*I9 -> 655.8
I11: Sub-Total: | J11: =ROUND(SUM(J7:J9),0) -> 656
B12: ll. MATERIALES
B13: Descripción | G13: Unidad | H13: Cantidad | I13: Precio-Unit | J13: Valor-Unit
B14: ='INSUMOS MATERIALES'!B43 -> Alfardas de madera de 4" x 2" x 2m para estructura de cubierta | G14: und | H14: 1 | I14: ='INSUMOS MATERIALES'!D43 -> 32000 | J14: =ROUND(H14*I14,0) -> 32000
B15: ='INSUMOS MATERIALES'!B41 -> CLAVOS COMUNES 1½ A 5" | G15: LB | H15: 0.3 | I15: ='INSUMOS MATERIALES'!D41 -> 3600 | J15: =ROUND(H15*I15,0) -> 1080
I19: Sub-Total: | J19: =ROUND(SUM(J14:J18),0) -> 33080
B20: lll. TRANSPORTE
B21: Descripción | F21: Volumen(m3)-Peso (ton) | G21: Distancia | H21: Cantidad (m3- Km / ton-Km) | I21: Tarifa | J21: Valor-Unit
B22: acarreo interno | F22: 0.3 | G22: 1 | H22: 0.3 | I22: 6500 | J22: =ROUND(H22*I22,0) -> 1950
I27: Sub-Total: | J27: =SUM(J22:J26) -> 1950
B28: lll. MANO DE OBRA
B29: Descripción | G29: Jornal | H29: Jornal Total (+Prestaciones) | I29: Rendimiento | J29: Valor-Unit
B30: Oficial | G30: 100000 | H30: =G30*1.83 -> 183000 | I30: 60 | J30: =ROUND(H30/I30,0) -> 3050
B31: Ayudante entendido | G31: 65000 | H31: =G31*1.83 -> 118950 | I31: 60 | J31: =ROUND(H31/I31,0) -> 1983
B32: Ayudantes rasos(1) | G32: =50000 -> 50000 | H32: =G32*1.83 -> 91500 | I32: 60 | J32: =ROUND(H32/I32,0) -> 1525
I33: Sub-Total: | J33: =SUM(J30:J32) -> 6558
I35: Total Costo Directo: | J35: =SUM(J11,J19,J27,J33) -> 42244
B36: V. COSTOS INDIRECTOS
B37: Descripción | I37: Porcentaje | J37: Valor Total
B38: Administración (A): | I38: 0.25 | J38: =ROUND(I38*$J$35,0) -> 10561
B39: Utilidad (U): | I39: 0.05 | J39: =ROUND(I39*$J$35,0) -> 2112
B40: Imprevistos (I): | J40: =ROUND(I40*$J$35,0) -> 0
B41: Total sobrecostos: | I41: =SUM(I38:I40) -> 0.3 | J41: =ROUND(I41*$J$35,0) -> 12673
H42: Sub-Total: | I42: =I41 -> 0.3 | J42: =J41 -> 12673
I44: Precio Unitario Total: | J44: =ROUND(SUM(J35,J42),0) -> 54917

Sheet 7.5
B2: ITEM | C2: DESCRIPCIÓN | J2: UNIDAD
B3: =PRESUPUESTO!A29 -> 7.5 | C3: =PRESUPUESTO!B29 -> Remplazo de correas de madera de 2" x 1" x 3m para estructura de cubierta ; incluye elementos de fijacion y todo lo necesario para su correcto funcionamiento. | J3: ML
B5: l. EQUIPO
B6: Descripción | F6: Marca | G6: Tipo | H6: Tarifa/Hora-Día | I6: Rendimiento | J6: Valor-Unit
B9: herramienta menor | H9: =J33 -> 3027 | I9: 0.1 | J9: =H9*I9 -> 302.7
I11: Sub-Total: | J11: =ROUND(SUM(J7:J9),0) -> 303
B12: ll. MATERIALES
B13: Descripción | G13: Unidad | H13: Cantidad | I13: Precio-Unit | J13: Valor-Unit
B14: ='INSUMOS MATERIALES'!B65 -> correas de madera de 2" x 1" x 3m para estructura de cubierta | G14: ='INSUMOS MATERIALES'!C65 -> UN | H14: 0.3 | I14: ='INSUMOS MATERIALES'!D65 -> 14000 | J14: =ROUND(H14*I14,0) -> 4200
B15: ='INSUMOS MATERIALES'!B41 -> CLAVOS COMUNES 1½ A 5" | G15: LB | H15: 0.3 | I15: ='INSUMOS MATERIALES'!D41 -> 3600 | J15: =ROUND(H15*I15,0) -> 1080
I19: Sub-Total: | J19: =ROUND(SUM(J14:J18),0) -> 5280
B20: lll. TRANSPORTE
B21: Descripción | F21: Volumen(m3)-Peso (ton) | G21: Distancia | H21: Cantidad (m3- Km / ton-Km) | I21: Tarifa | J21: Valor-Unit
B22: acarreo interno | F22: 0.3 | G22: 1 | H22: 0.3 | I22: 6500 | J22: =ROUND(H22*I22,0) -> 1950
I27: Sub-Total: | J27: =SUM(J22:J26) -> 1950
B28: lll. MANO DE OBRA
B29: Descripción | G29: Jornal | H29: Jornal Total (+Prestaciones) | I29: Rendimiento | J29: Valor-Unit
B30: Oficial | G30: 100000 | H30: =G30*1.83 -> 183000 | I30: 130 | J30: =ROUND(H30/I30,0) -> 1408
B31: Ayudante entendido | G31: 65000 | H31: =G31*1.83 -> 118950 | I31: 130 | J31: =ROUND(H31/I31,0) -> 915
B32: Ayudantes rasos(1) | G32: =50000 -> 50000 | H32: =G32*1.83 -> 91500 | I32: 130 | J32: =ROUND(H32/I32,0) -> 704
I33: Sub-Total: | J33: =SUM(J30:J32) -> 3027
I35: Total Costo Directo: | J35: =SUM(J11,J19,J27,J33) -> 10560
B36: V. COSTOS INDIRECTOS
B37: Descripción | I37: Porcentaje | J37: Valor Total
B38: Administración (A): | I38: 0.25 | J38: =ROUND(I38*$J$35,0) -> 2640
B39: Utilidad (U): | I39: 0.05 | J39: =ROUND(I39*$J$35,0) -> 528
B40: Imprevistos (I): | J40: =ROUND(I40*$J$35,0) -> 0
B41: Total sobrecostos: | I41: =SUM(I38:I40) -> 0.3 | J41: =ROUND(I41*$J$35,0) -> 3168
H42: Sub-Total: | I42: =I41 -> 0.3 | J42: =J41 -> 3168
I44: Precio Unitario Total: | J44: =ROUND(SUM(J35,J42),0) -> 13728

Sheet 8.1
B2: ITEM | C2: DESCRIPCIÓN | J2: UNIDAD
B3: =PRESUPUESTO!A31 -> 8.1 | C3: =PRESUPUESTO!B31 -> Pintura en esmalte para proteccion de elementos de madera del puente (alfardas, vigas principales, vigas secundarias, pasamanos, listones verticales, y estructura de cubierta) | J3: UND
B5: l. EQUIPO
B6: Descripción | F6: Marca | G6: Tipo | H6: Tarifa/Hora-Día | I6: Rendimiento | J6: Valor-Unit
B9: Herramienta menor | H9: =IFERROR(J30,J30) -> 755 | I9: 0.1 | J9: =ROUND(H9*I9,0) -> 76
I10: Sub-Total: | J10: =ROUND(SUM(J7:J9),0) -> 76
B11: ll. MATERIALES
B12: Descripción | G12: Unidad | H12: Cantidad | I12: Precio-Unit | J12: Valor-Unit
B13: Stacon Negro 5 GLS Pintura Inmunizante e Impermeabilizante | G13: UND | H13: 0.03 | I13: ='INSUMOS MATERIALES'!D68 -> 180000 | J13: =ROUND(H13*I13,0) -> 5400
I18: Sub-Total: | J18: =ROUND(SUM(J13:J17),0) -> 5400
B19: lll. TRANSPORTE
B20: Descripción | F20: Volumen(m3)-Peso (ton) | G20: Distancia | H20: Cantidad (m3- Km / ton-Km) | I20: Tarifa | J20: Valor-Unit
B22: insumo de materiales | F22: 0.001 | G22: 180 | H22: =F22*G22 -> 0.18 | I22: 1200 | J22: =ROUND(H22*I22,0) -> 216
J23: =ROUND(H23*I23,0) -> 0
I24: Sub-Total: | J24: =SUM(J21:J23) -> 216
B25: lll. MANO DE OBRA
B26: Descripción | G26: Jornal | H26: Jornal Total (+Prestaciones) | I26: Rendimiento | J26: Valor-Unit
B27: Oficial | G27: 100000 | H27: =G27*1.83 -> 183000 | I27: 400 | J27: =ROUND(H27/I27,0) -> 458
B28: Ayudante entendido | G28: 65000 | H28: =G28*1.83 -> 118950 | I28: 400 | J28: =ROUND(H28/I28,0) -> 297
I30: Sub-Total: | J30: =SUM(J27:J29) -> 755
I32: Total Costo Directo: | J32: =SUM(J10,J18,J24,J30) -> 6447
B33: V. COSTOS INDIRECTOS
B34: Descripción | I34: Porcentaje | J34: Valor Total
B35: Administración (A): | I35: 0.25 | J35: =ROUND(I35*$J$32,0) -> 1612
B36: Utilidad (U): | I36: 0.05 | J36: =ROUND(I36*$J$32,0) -> 322
B37: Imprevistos (I): | J37: =ROUND(I37*$J$32,0) -> 0
B38: Total sobrecostos: | I38: =SUM(I35:I37) -> 0.3 | J38: =ROUND(I38*$J$32,0) -> 1934
H39: Sub-Total: | I39: =I38 -> 0.3 | J39: =J38 -> 1934
I41: Precio Unitario Total: | J41: =ROUND(SUM(J32,J39),0) -> 8381

Sheet 9.1
B2: ITEM | C2: DESCRIPCIÓN | J2: UNIDAD
B3: =PRESUPUESTO!A33 -> 9.1 | C3: =PRESUPUESTO!B33 -> suministro tranporte e instalacion de laminas de zinc para techo del puente | J3: M2
B5: l. EQUIPO
B6: Descripción | F6: Marca | G6: Tipo | H6: Tarifa/Hora-Día | I6: Rendimiento | J6: Valor-Unit
B9: Herramienta menor | H9: =IFERROR(J30,J30) -> 10065 | I9: 0.1 | J9: =ROUND(H9*I9,0) -> 1007
I10: Sub-Total: | J10: =ROUND(SUM(J7:J9),0) -> 1007
B11: ll. MATERIALES
B12: Descripción | G12: Unidad | H12: Cantidad | I12: Precio-Unit | J12: Valor-Unit
B13: ='INSUMOS MATERIALES'!B72 -> Teja Zinc Ondulada 2.134x0.80mt Cal 34 0.20mm | G13: UND | H13: 1.05 | I13: ='INSUMOS MATERIALES'!D72 -> 15000 | J13: =ROUND(H13*I13,0) -> 15750
B14: ='INSUMOS MATERIALES'!B41 -> CLAVOS COMUNES 1½ A 5" | G14: ='INSUMOS MATERIALES'!C41 -> LB | H14: 0.03 | I14: ='INSUMOS MATERIALES'!D41 -> 3600 | J14: =ROUND(H14*I14,0) -> 108
J15: =ROUND(H15*I15,0) -> 0
I18: Sub-Total: | J18: =ROUND(SUM(J13:J17),0) -> 15858
B19: lll. TRANSPORTE
B20: Descripción | F20: Volumen(m3)-Peso (ton) | G20: Distancia | H20: Cantidad (m3- Km / ton-Km) | I20: Tarifa | J20: Valor-Unit
I24: Sub-Total: | J24: =SUM(J21:J23) -> 0
B25: lll. MANO DE OBRA
B26: Descripción | G26: Jornal | H26: Jornal Total (+Prestaciones) | I26: Rendimiento | J26: Valor-Unit
B27: Oficial | G27: 100000 | H27: =G27*1.83 -> 183000 | I27: 30 | J27: =ROUND(H27/I27,0) -> 6100
B28: Ayudante entendido | G28: 65000 | H28: =G28*1.83 -> 118950 | I28: 30 | J28: =ROUND(H28/I28,0) -> 3965
I30: Sub-Total: | J30: =SUM(J27:J29) -> 10065
I32: Total Costo Directo: | J32: =SUM(J10,J18,J24,J30) -> 26930
B33: V. COSTOS INDIRECTOS
B34: Descripción | I34: Porcentaje | J34: Valor Total
B35: Administración (A): | I35: 0.25 | J35: =ROUND(I35*$J$32,0) -> 6733
B36: Utilidad (U): | I36: 0.05 | J36: =ROUND(I36*$J$32,0) -> 1347
B37: Imprevistos (I): | J37: =ROUND(I37*$J$32,0) -> 0
B38: Total sobrecostos: | I38: =SUM(I35:I37) -> 0.3 | J38: =ROUND(I38*$J$32,0) -> 8079
H39: Sub-Total: | I39: =I38 -> 0.3 | J39: =J38 -> 8079
I41: Precio Unitario Total: | J41: =ROUND(SUM(J32,J39),0) -> 35009

Sheet DOSIFICACION_CONCRETO
A2: DOSIFICACIÓN DE MEZCLAS DE CONCRETO
A3: MATERIALES | E3: RESISTENCIA (f'c) | H3: CEMENTO | J3: ARENA | K3: GRAVA | L3: AGUA
A4: CEMENTO | B4: ARENA | C4: GRAVA | D4: DOSIFICACIÓN | E4: Kg/cm2 | F4: Psi | G4: Mpa | H4: Kg | I4: Bolsa(50kg) | J4: M3 | K4: M32 | L4: Lts
A5: 1 | B5: 2 | C5: 2 | D5: 1:2:2 | E5: 280 | F5: =ROUND(DOSIFICACION[[#This Row],[Kg/cm2]]*0.98*14.5,0) -> 3979 | G5: =ROUND(DOSIFICACION[[#This Row],[Kg/cm2]]*0.98*0.1,0) -> 27 | H5: 420 | I5: =ROUND(DOSIFICACION[[#This Row],[Kg]]/50,1) -> 8.4 | J5: 0.67 | K5: 0.67 | L5: 190
A6: 1 | B6: 2 | C6: 2.5 | D6: 1:2:2.5 | E6: 240 | F6: =ROUND(DOSIFICACION[[#This Row],[Kg/cm2]]*0.98*14.5,0) -> 3410 | G6: =ROUND(DOSIFICACION[[#This Row],[Kg/cm2]]*0.98*0.1,0) -> 24 | H6: 380 | I6: =ROUND(DOSIFICACION[[#This Row],[Kg]]/50,1) -> 7.6 | J6: 0.6 | K6: 0.76 | L6: 180
A7: 1 | B7: 2 | C7: 3 | D7: 1:2:3 | E7: 226 | F7: =ROUND(DOSIFICACION[[#This Row],[Kg/cm2]]*0.98*14.5,0) -> 3211 | G7: =ROUND(DOSIFICACION[[#This Row],[Kg/cm2]]*0.98*0.1,0) -> 22 | H7: 350 | I7: =ROUND(DOSIFICACION[[#This Row],[Kg]]/50,1) -> 7 | J7: 0.55 | K7: 0.84 | L7: 170
A8: 1 | B8: 2 | C8: 3.5 | D8: 1:2:3.5 | E8: 210 | F8: =ROUND(DOSIFICACION[[#This Row],[Kg/cm2]]*0.98*14.5,0) -> 2984 | G8: =ROUND(DOSIFICACION[[#This Row],[Kg/cm2]]*0.98*0.1,0) -> 21 | H8: 320 | I8: =ROUND(DOSIFICACION[[#This Row],[Kg]]/50,1) -> 6.4 | J8: 0.52 | K8: 0.9 | L8: 170
A9: 1 | B9: 2 | C9: 4 | D9: 1:2:4 | E9: 200 | F9: =ROUND(DOSIFICACION[[#This Row],[Kg/cm2]]*0.98*14.5,0) -> 2842 | G9: =ROUND(DOSIFICACION[[#This Row],[Kg/cm2]]*0.98*0.1,0) -> 20 | H9: 300 | I9: =ROUND(DOSIFICACION[[#This Row],[Kg]]/50,1) -> 6 | J9: 0.48 | K9: 0.95 | L9: 158
A10: 1 | B10: 2.5 | C10: 4 | D10: 1:2.5:4 | E10: 189 | F10: =ROUND(DOSIFICACION[[#This Row],[Kg/cm2]]*0.98*14.5,0) -> 2686 | G10: =ROUND(DOSIFICACION[[#This Row],[Kg/cm2]]*0.98*0.1,0) -> 19 | H10: 280 | I10: =ROUND(DOSIFICACION[[#This Row],[Kg]]/50,1) -> 5.6 | J10: 0.55 | K10: 0.89 | L10: 158
A11: 1 | B11: 3 | C11: 3 | D11: 1:3:3 | E11: 168 | F11: =ROUND(DOSIFICACION[[#This Row],[Kg/cm2]]*0.98*14.5,0) -> 2387 | G11: =ROUND(DOSIFICACION[[#This Row],[Kg/cm2]]*0.98*0.1,0) -> 16 | H11: 300 | I11: =ROUND(DOSIFICACION[[#This Row],[Kg]]/50,1) -> 6 | J11: 0.72 | K11: 0.72 | L11: 158
A12: 1 | B12: 3 | C12: 4 | D12: 1:3:4 | E12: 160 | F12: =ROUND(DOSIFICACION[[#This Row],[Kg/cm2]]*0.98*14.5,0) -> 2274 | G12: =ROUND(DOSIFICACION[[#This Row],[Kg/cm2]]*0.98*0.1,0) -> 16 | H12: 260 | I12: =ROUND(DOSIFICACION[[#This Row],[Kg]]/50,1) -> 5.2 | J12: 0.63 | K12: 0.83 | L12: 163
A13: 1 | B13: 3 | C13: 5 | D13: 1:3:5 | E13: 140 | F13: =ROUND(DOSIFICACION[[#This Row],[Kg/cm2]]*0.98*14.5,0) -> 1989 | G13: =ROUND(DOSIFICACION[[#This Row],[Kg/cm2]]*0.98*0.1,0) -> 14 | H13: 230 | I13: =ROUND(DOSIFICACION[[#This Row],[Kg]]/50,1) -> 4.6 | J13: 0.55 | K13: 0.92 | L13: 148
A14: 1 | B14: 3 | C14: 6 | D14: 1:3:6 | E14: 120 | F14: =ROUND(DOSIFICACION[[#This Row],[Kg/cm2]]*0.98*14.5,0) -> 1705 | G14: =ROUND(DOSIFICACION[[#This Row],[Kg/cm2]]*0.98*0.1,0) -> 12 | H14: 210 | I14: =ROUND(DOSIFICACION[[#This Row],[Kg]]/50,1) -> 4.2 | J14: 0.5 | K14: 1 | L14: 143
A15: 1 | B15: 4 | C15: 7 | D15: 1:4:7 | E15: 110 | F15: =ROUND(DOSIFICACION[[#This Row],[Kg/cm2]]*0.98*14.5,0) -> 1563 | G15: =ROUND(DOSIFICACION[[#This Row],[Kg/cm2]]*0.98*0.1,0) -> 11 | H15: 175 | I15: =ROUND(DOSIFICACION[[#This Row],[Kg]]/50,1) -> 3.5 | J15: 0.55 | K15: 0.98 | L15: 133
A16: 1 | B16: 4 | C16: 8 | D16: 1:4:8 | E16: 100 | F16: =ROUND(DOSIFICACION[[#This Row],[Kg/cm2]]*0.98*14.5,0) -> 1421 | G16: =ROUND(DOSIFICACION[[#This Row],[Kg/cm2]]*0.98*0.1,0) -> 10 | H16: 160 | I16: =ROUND(DOSIFICACION[[#This Row],[Kg]]/50,1) -> 3.2 | J16: 0.655 | K16: 1.03 | L16: 125
K21: =VLOOKUP(A5,DOSIFICACION[[CEMENTO]:[GRAVA]],3) -> 8
I46: =1.5*40% -> 0.6 | J46: =1.5*60% -> 0.9
H48: =0.56+0.84 -> 1.4

Sheet APU AUXILIARES (2)
A1: ='[8]DATOS INICIALES'!$B$1 -> DEPARTAMENTO DE ANTIOQUIA
A2: ='[8]DATOS INICIALES'!$B$2 -> MUNICIPIO DE DABEIBA
A3: ='[8]DATOS INICIALES'!$B$3 -> CONSTRUCCION DE MUROS DE CONTENCION Y GAVIONES PARA MITIGACION DE RIESGO EN LA VIA QUE CONDUCE AL BARRIO LA ARENERA EN EL MUNICIPIO DE DABEIBA ANTIOQUIA
A5: ANÁLISIS DE PRECIOS UNITARIOS
A7: ITEM | B7: DESCRIPCIÓN | E7: UNIDAD | F7: CANTIDAD | G7: COSTO DIRECTO
A8: MA001 | B8: =+IFERROR(VLOOKUP($A8,INSUMOSMATERIALES,2,0),"") -> CONCRETO 2000 PSI (140 MPA) EN OBRA | E8: =+IFERROR(VLOOKUP($A8,INSUMOSMATERIALES,3,0),"") -> M3 | F8: N.D | G8: =IF(G57=0,"",G47) -> 438462
A10: 1. COSTOS DIRECTOS
A12: I. EQUIPO
A13: CÓDIGO | B13: DESCRIPCIÓN | D13: UNIDAD | E13: TARIFA | F13: RENDIMIENTO | G13: VR. UNITARIO
A14: =IF(B14="","",INDEX(CODIGOEQUIPOS,MATCH($B14,'[8]INSUMOS EQUIPOS'!$B$7:$B$39,0))) -> EQ004 | B14: CONCRETADORA 1.5 SACOS A GASOLINA | D14: =IF(B14="","",(VLOOKUP($A14,INSUMOSEQUIPOS,3,0))) -> DÍA | E14: =IF(B14="","",(VLOOKUP($A14,INSUMOSEQUIPOS,4,0))) -> 62000 | F14: 8 | G14: =+IFERROR(E14/F14,"") -> 7750
A15: =+IF(G38="","","EQ001") -> EQ001 | B15: =+IF($A15="","",IFERROR(VLOOKUP($A15,INSUMOSEQUIPOS,2,0),"")) -> HERRAMIENTA MENOR (10% DE LA MANO DE OBRA) | D15: =+IF($A15="","",IFERROR(VLOOKUP($A15,INSUMOSEQUIPOS,3,0),"")) -> % | E15: =+IF($A15="","",IFERROR(VLOOKUP($A15,INSUMOSEQUIPOS,4,0),"")) -> 0.1 | F15: =+IF(G38=0,"",G38) -> 52919.75 | G15: =+IFERROR(E15*F15,"") -> 5291.975
F16: SUBTOTAL | G16: =+IF(SUM(G14:G15)=0,"",SUM(G14:G15)) -> 13041.975
A18: II. MATERIALES
A19: CÓDIGO | B19: DESCRIPCIÓN | C19: UNIDAD | D19: CANTIDAD | E19: DESP. | F19: PRECIO UNIT. | G19: VR. UNITARIO
A20: =IF(B20="","",INDEX(CODIGOMATERIALES,MATCH($B20,'[8]INSUMOS MATERIALES'!$B$7:$B$51,0))) -> MA020 | B20: CEMENTO GRIS (50 KG) PORTLAND TIPO I | C20: =IF(B20="","",(VLOOKUP($A20,INSUMOSMATERIALES,3,0))) -> SC | D20: 6 | E20: 0.05 | F20: =IF(B20="","",(VLOOKUP($A20,INSUMOSMATERIALES,4,0))) -> 38000 | G20: =+IFERROR(F20*D20*(1+E20),"") -> 239400
A21: =IF(B21="","",INDEX(CODIGOMATERIALES,MATCH($B21,'[8]INSUMOS MATERIALES'!$B$7:$B$51,0))) -> MA024 | B21: MATERIAL MIXTO DE RIO - | C21: =IF(B21="","",(VLOOKUP($A21,INSUMOSMATERIALES,3,0))) -> M3 | D21: 1.5 | E21: 0.05 | F21: =IF(B21="","",(VLOOKUP($A21,INSUMOSMATERIALES,4,0))) -> 50000 | G21: =+IFERROR(F21*D21*(1+E21),"") -> 78750
A22: =IF(B22="","",INDEX(CODIGOMATERIALES,MATCH($B22,'[8]INSUMOS MATERIALES'!$B$7:$B$51,0))) -> MA025 | B22: AGUA | C22: =IF(B22="","",(VLOOKUP($A22,INSUMOSMATERIALES,3,0))) -> LT | D22: 170 | E22: 0.1 | F22: =IF(B22="","",(VLOOKUP($A22,INSUMOSMATERIALES,4,0))) -> 50 | G22: =+IFERROR(F22*D22*(1+E22),"") -> 9350
A23: =IF(B23="","",INDEX(CODIGOMATERIALES,MATCH($B23,'[8]INSUMOS MATERIALES'!$B$7:$B$51,0))) | C23: =IF(B23="","",(VLOOKUP($A23,INSUMOSMATERIALES,3,0))) | F23: =IF(B23="","",(VLOOKUP($A23,INSUMOSMATERIALES,4,0))) | G23: =+IFERROR(F23*D23*(1+E23),"")
F24: SUBTOTAL | G24: =+IF(SUM(G20:G23)=0,"",SUM(G20:G23)) -> 327500
A26: III. TRANSPORTES
A27: CÓDIGO | B27: DESCRIPCIÓN | C27: TIPO | D27: VOLUMEN/PESO | E27: DISTANCIA | F27: TARIFA | G27: VR. UNITARIO
A28: =IF(B28="","",INDEX(CODIGOTRANSPORTES,MATCH(B28,'[8]INSUMOS TRANSPORTES'!$B$7:$B$122,0))) -> TR002 | B28: TRANSPORTE DE MATERIALES DE PLAYA (ARENILLON, PIEDRA RODADA DE RIO DMAX=3/4") 0-10KM | C28: PLAYATRITURADO | D28: 1.5 | E28: 10 | F28: =+IF(B28="","",(VLOOKUP($A28,INSUMOSTRANSPORTES,4,0))) -> 3000 | G28: =+IFERROR(D28*E28*F28,"") -> 45000
A29: =IF(B29="","",INDEX(CODIGOTRANSPORTES,MATCH(B29,'[8]INSUMOS TRANSPORTES'!$B$7:$B$26,0))) -> TR001 | B29: TRANSPORTE DE INSUMOS GENERALES 0-1KM | C29: INSUMOS | D29: =(50*D20)/1000 -> 0.3 | E29: =+IF(C29=0,"",IF(C29="INSUMOS",'[8]DATOS INICIALES'!$B$24,IF(C29="PLAYA",'[8]DATOS INICIALES'!$B$21,IF(C29="TIERRA",'[8]DATOS INICIALES'!$B$19,IF(C29="ESCOMBROS",'[8]DATOS INICIALES'!$B$20,IF(C29="ASFALTO",'[8]DATOS INICIALES'!$B$25,IF(C29="GRANULAR",'[8]DATOS INICIALES'!B23))))))) -> 5 | F29: =+IF(B29="","",(VLOOKUP($A29,INSUMOSTRANSPORTES,4,0))) -> 4250 | G29: =+IFERROR(D29*E29*F29,"") -> 6375
F30: SUBTOTAL | G30: =+IF(SUM(G28:G28)=0,"",SUM(G28:G28)) -> 45000
A32: IV. MANO DE OBRA
A33: CÓDIGO | B33: CARGOS PERSONAL | D33: CANTIDAD | E33: JORNAL TOTAL | F33: RENDIMIENTO | G33: VR. UNITARIO
A34: =IF(B34="","",INDEX(CODIGOSMANODEOBRA,MATCH($B34,'[8]INSUMOS MANO DE OBRA'!$B$7:$B$61,0))) -> MO033 | B34: OPERADOR EQUIPO LIVIANO | D34: 1 | E34: =IF(B34="","",(VLOOKUP($A34,INSUMOSMANODEOBRA,8,0))) -> 94854 | F34: 8 | G34: =+IFERROR(D34*E34/F34,"") -> 11856.75
A35: =IF(B35="","",INDEX(CODIGOSMANODEOBRA,MATCH($B35,'[8]INSUMOS MANO DE OBRA'!$B$7:$B$61,0))) -> MO032 | B35: AYUDANTE RASO | D35: 4 | E35: =IF(B35="","",(VLOOKUP($A35,INSUMOSMANODEOBRA,8,0))) -> 82126 | F35: 8 | G35: =+IFERROR(D35*E35/F35,"") -> 41063
G36: =+IFERROR(D36*E36/F36,"")
F37: =+IF(A37="","",IF(A37=0,"",IF(F36="","",F36))) | G37: =+IFERROR(D37*E37/F37,"")
F38: SUBTOTAL | G38: =+IF(SUM(G34:G37)=0,"",SUM(G34:G37)) -> 52919.75
A40: V. SERVICIOS
A41: CÓDIGO | B41: DESCRIPCIÓN | D41: UNIDAD | E41: CANTIDAD | F41: PRECIO UNIT. | G41: VR. UNITARIO
A42: =IF(B42="","",INDEX(CODIGOSSERVICIOS,MATCH($B42,'[8]INSUMOS SERVICIOS'!$B$7:$B$21,0))) | D42: =+IF(B42="","",(VLOOKUP($A42,INSUMOSSERVICIOS,3,0))) | E42: 1 | F42: =IF(B42="","",(VLOOKUP($A42,INSUMOSSERVICIOS,4,0))) | G42: =+IFERROR(E42*F42,"")
A43: =IF(B43="","",INDEX(CODIGOSSERVICIOS,MATCH($B43,'[8]INSUMOS SERVICIOS'!$B$7:$B$21,0))) | D43: =+IF(B43="","",(VLOOKUP($A43,INSUMOSSERVICIOS,3,0))) | E43: 1 | F43: =IF(B43="","",(VLOOKUP($A43,INSUMOSSERVICIOS,4,0))) | G43: =+IFERROR(E43*F43,"")
D44: =+IF(B44="","",(VLOOKUP($A44,INSUMOS_SERVICIOS,3,0))) | F44: =IF(B44="","",(VLOOKUP($A44,INSUMOS_SERVICIOS,4,0))) | G44: =+IFERROR(E44*F44,"")
F45: SUBTOTAL | G45: =+IF(SUM(G42:G44)=0,"",SUM(G42:G44))
A47: TOTAL COSTO DIRECTO | G47: =IF(SUM(G16,G24,G30,G38,G45)=0,"",(ROUND(SUM(G16,G24,G30,G38,G45),0))) -> 438462
A49: 2. COSTOS INDIRECTOS
A51: DESCRIPCIÓN | F51: PORCENTAJE | G51: VALOR TOTAL
A52: ADMINISTRACION | F52: =[8]AIU!$I$45 -> 0.2407 | G52: =+IFERROR(G47*F52,"") -> 105537.8
A53: IMPREVISTOS | F53: =IF([8]AIU!$I$46=0,"",[8]AIU!$I46) | G53: =+IFERROR(G47*F53,"")
A54: UTILIDADES | F54: =IF([8]AIU!$I$47=0,"",[8]AIU!$I47) -> 0.05 | G54: =+IFERROR(G47*F54,"") -> 21923.1
A55: TOTAL COSTO INDIRECTO | F55: =IF(SUM(F52:F54)=0,"",SUM(F52:F54)) -> 0.2907 | G55: =IF(SUM(G52:G54)=0,"",ROUND(SUM(G52:G54),0)) -> 127461
A57: PRECIO UNITARIO TOTAL APROXIMADO AL PESO | G57: =+IFERROR(ROUND(G47+G55,0),"") -> 565923
B60: SECRETARIA DE PLANEACIÓN E INFRAESTRUCTURA
D62: FIRMA RESPONSABLE
A64: ='[8]DATOS INICIALES'!$B$1 -> DEPARTAMENTO DE ANTIOQUIA
A65: ='[8]DATOS INICIALES'!$B$2 -> MUNICIPIO DE DABEIBA
A66: ='[8]DATOS INICIALES'!$B$3 -> CONSTRUCCION DE MUROS DE CONTENCION Y GAVIONES PARA MITIGACION DE RIESGO EN LA VIA QUE CONDUCE AL BARRIO LA ARENERA EN EL MUNICIPIO DE DABEIBA ANTIOQUIA
A68: ANÁLISIS DE PRECIOS UNITARIOS
A70: ITEM | B70: DESCRIPCIÓN | E70: UNIDAD | F70: CANTIDAD | G70: COSTO DIRECTO
A71: MA002 | B71: =+IFERROR(VLOOKUP($A71,INSUMOSMATERIALES,2,0),"") -> CONCRETO 2500 PSI (175 MPA) EN OBRA | E71: =+IFERROR(VLOOKUP($A71,INSUMOSMATERIALES,3,0),"") -> M3 | F71: N.D | G71: =IF(G119=0,"",G109) -> 458412
A73: 1. COSTOS DIRECTOS
A75: I. EQUIPO
A76: CÓDIGO | B76: DESCRIPCIÓN | D76: UNIDAD | E76: TARIFA | F76: RENDIMIENTO | G76: VR. UNITARIO
A77: =IF(B77="","",INDEX(CODIGOEQUIPOS,MATCH($B77,'[8]INSUMOS EQUIPOS'!$B$7:$B$39,0))) -> EQ004 | B77: CONCRETADORA 1.5 SACOS A GASOLINA | D77: =IF(B77="","",(VLOOKUP($A77,INSUMOSEQUIPOS,3,0))) -> DÍA | E77: =IF(B77="","",(VLOOKUP($A77,INSUMOSEQUIPOS,4,0))) -> 62000 | F77: 8 | G77: =+IFERROR(E77/F77,"") -> 7750
A78: =+IF(G100="","","EQ001") -> EQ001 | B78: =+IF($A78="","",IFERROR(VLOOKUP($A78,INSUMOSEQUIPOS,2,0),"")) -> HERRAMIENTA MENOR (10% DE LA MANO DE OBRA) | D78: =+IF($A78="","",IFERROR(VLOOKUP($A78,INSUMOSEQUIPOS,3,0),"")) -> % | E78: =+IF($A78="","",IFERROR(VLOOKUP($A78,INSUMOSEQUIPOS,4,0),"")) -> 0.1 | F78: =+IF(G100=0,"",G100) -> 52919.75 | G78: =+IFERROR(E78*F78,"") -> 5291.975
F79: SUBTOTAL | G79: =+IF(SUM(G77:G78)=0,"",SUM(G77:G78)) -> 13041.975
A81: II. MATERIALES
A82: CÓDIGO | B82: DESCRIPCIÓN | C82: UNIDAD | D82: CANTIDAD | E82: DESP. | F82: PRECIO UNIT. | G82: VR. UNITARIO
A83: =IF(B83="","",INDEX(CODIGOMATERIALES,MATCH($B83,'[8]INSUMOS MATERIALES'!$B$7:$B$51,0))) -> MA020 | B83: CEMENTO GRIS (50 KG) PORTLAND TIPO I | C83: =IF(B83="","",(VLOOKUP($A83,INSUMOSMATERIALES,3,0))) -> SC | D83: 6.5 | E83: 0.05 | F83: =IF(B83="","",(VLOOKUP($A83,INSUMOSMATERIALES,4,0))) -> 38000 | G83: =+IFERROR(F83*D83*(1+E83),"") -> 259350
A84: =IF(B84="","",INDEX(CODIGOMATERIALES,MATCH($B84,'[8]INSUMOS MATERIALES'!$B$7:$B$51,0))) -> MA024 | B84: MATERIAL MIXTO DE RIO - | C84: =IF(B84="","",(VLOOKUP($A84,INSUMOSMATERIALES,3,0))) -> M3 | D84: 1.5 | E84: 0.05 | F84: =IF(B84="","",(VLOOKUP($A84,INSUMOSMATERIALES,4,0))) -> 50000 | G84: =+IFERROR(F84*D84*(1+E84),"") -> 78750
A85: =IF(B85="","",INDEX(CODIGOMATERIALES,MATCH($B85,'[8]INSUMOS MATERIALES'!$B$7:$B$51,0))) -> MA025 | B85: AGUA | C85: =IF(B85="","",(VLOOKUP($A85,INSUMOSMATERIALES,3,0))) -> LT | D85: 170 | E85: 0.1 | F85: =IF(B85="","",(VLOOKUP($A85,INSUMOSMATERIALES,4,0))) -> 50 | G85: =+IFERROR(F85*D85*(1+E85),"") -> 9350
F86: SUBTOTAL | G86: =+IF(SUM(G83:G85)=0,"",SUM(G83:G85)) -> 347450
A88: III. TRANSPORTES
A89: CÓDIGO | B89: DESCRIPCIÓN | C89: TIPO | D89: VOLUMEN/PESO | E89: DISTANCIA | F89: TARIFA | G89: VR. UNITARIO
A90: =IF(B90="","",INDEX(CODIGOTRANSPORTES,MATCH(B90,'[8]INSUMOS TRANSPORTES'!$B$7:$B$122,0))) -> TR002 | B90: TRANSPORTE DE MATERIALES DE PLAYA (ARENILLON, PIEDRA RODADA DE RIO DMAX=3/4") 0-10KM | C90: PLAYATRITURADO | D90: 1.5 | E90: 10 | F90: =+IF(B90="","",(VLOOKUP($A90,INSUMOSTRANSPORTES,4,0))) -> 3000 | G90: =+IFERROR(D90*E90*F90,"") -> 45000
A91: =IF(B91="","",INDEX(CODIGOTRANSPORTES,MATCH(B91,'[8]INSUMOS TRANSPORTES'!$B$7:$B$26,0))) -> TR001 | B91: TRANSPORTE DE INSUMOS GENERALES 0-1KM | C91: INSUMOS | D91: =(50*D83)/1000 -> 0.325 | E91: =+IF(C91=0,"",IF(C91="INSUMOS",'[8]DATOS INICIALES'!$B$24,IF(C91="PLAYA",'[8]DATOS INICIALES'!$B$21,IF(C91="TIERRA",'[8]DATOS INICIALES'!$B$19,IF(C91="ESCOMBROS",'[8]DATOS INICIALES'!$B$20,IF(C91="ASFALTO",'[8]DATOS INICIALES'!$B$25,IF(C91="GRANULAR",'[8]DATOS INICIALES'!B104))))))) -> 5 | F91: =+IF(B91="","",(VLOOKUP($A91,INSUMOSTRANSPORTES,4,0))) -> 4250 | G91: =+IFERROR(D91*E91*F91,"") -> 6906.25
F92: SUBTOTAL | G92: =+IF(SUM(G90:G90)=0,"",SUM(G90:G90)) -> 45000
A94: IV. MANO DE OBRA
A95: CÓDIGO | B95: CARGOS PERSONAL | D95: CANTIDAD | E95: JORNAL TOTAL | F95: RENDIMIENTO | G95: VR. UNITARIO
A96: =IF(B96="","",INDEX(CODIGOSMANODEOBRA,MATCH($B96,'[8]INSUMOS MANO DE OBRA'!$B$7:$B$61,0))) -> MO033 | B96: OPERADOR EQUIPO LIVIANO | D96: 1 | E96: =IF(B96="","",(VLOOKUP($A96,INSUMOSMANODEOBRA,8,0))) -> 94854 | F96: 8 | G96: =+IFERROR(D96*E96/F96,"") -> 11856.75
A97: =IF(B97="","",INDEX(CODIGOSMANODEOBRA,MATCH($B97,'[8]INSUMOS MANO DE OBRA'!$B$7:$B$61,0))) -> MO032 | B97: AYUDANTE RASO | D97: 4 | E97: =IF(B97="","",(VLOOKUP($A97,INSUMOSMANODEOBRA,8,0))) -> 82126 | F97: 8 | G97: =+IFERROR(D97*E97/F97,"") -> 41063
G98: =+IFERROR(D98*E98/F98,"")
F99: =+IF(A99="","",IF(A99=0,"",IF(F98="","",F98))) | G99: =+IFERROR(D99*E99/F99,"")
F100: SUBTOTAL | G100: =+IF(SUM(G96:G99)=0,"",SUM(G96:G99)) -> 52919.75
A102: V. SERVICIOS
A103: CÓDIGO | B103: DESCRIPCIÓN | D103: UNIDAD | E103: CANTIDAD | F103: PRECIO UNIT. | G103: VR. UNITARIO
A104: =IF(B104="","",INDEX(CODIGOSSERVICIOS,MATCH($B104,'[8]INSUMOS SERVICIOS'!$B$7:$B$21,0))) | D104: =+IF(B104="","",(VLOOKUP($A104,INSUMOSSERVICIOS,3,0))) | E104: 1 | F104: =IF(B104="","",(VLOOKUP($A104,INSUMOSSERVICIOS,4,0))) | G104: =+IFERROR(E104*F104,"")
A105: =IF(B105="","",INDEX(CODIGOSSERVICIOS,MATCH($B105,'[8]INSUMOS SERVICIOS'!$B$7:$B$21,0))) | D105: =+IF(B105="","",(VLOOKUP($A105,INSUMOSSERVICIOS,3,0))) | E105: 1 | F105: =IF(B105="","",(VLOOKUP($A105,INSUMOSSERVICIOS,4,0))) | G105: =+IFERROR(E105*F105,"")
D106: =+IF(B106="","",(VLOOKUP($A106,INSUMOS_SERVICIOS,3,0))) | F106: =IF(B106="","",(VLOOKUP($A106,INSUMOS_SERVICIOS,4,0))) | G106: =+IFERROR(E106*F106,"")
F107: SUBTOTAL | G107: =+IF(SUM(G104:G106)=0,"",SUM(G104:G106))
A109: TOTAL COSTO DIRECTO | G109: =IF(SUM(G79,G86,G92,G100,G107)=0,"",(ROUND(SUM(G79,G86,G92,G100,G107),0))) -> 458412
A111: 2. COSTOS INDIRECTOS
A113: DESCRIPCIÓN | F113: PORCENTAJE | G113: VALOR TOTAL
A114: ADMINISTRACION | F114: =[8]AIU!$I$45 -> 0.2407 | G114: =+IFERROR(G109*F114,"") -> 110339.77
A115: IMPREVISTOS | F115: =IF([8]AIU!$I$46=0,"",[8]AIU!$I$46) | G115: =+IFERROR(G109*F115,"")
A116: UTILIDADES | F116: =IF([8]AIU!$I$47=0,"",[8]AIU!$I$47) -> 0.05 | G116: =+IFERROR(G109*F116,"") -> 22920.6
A117: TOTAL COSTO INDIRECTO | F117: =IF(SUM(F114:F116)=0,"",SUM(F114:F116)) -> 0.2907 | G117: =IF(SUM(G114:G116)=0,"",ROUND(SUM(G114:G116),0)) -> 133260
A119: PRECIO UNITARIO TOTAL APROXIMADO AL PESO | G119: =+IFERROR(ROUND(G109+G117,0),"") -> 591672
B122: SECRETARIA DE PLANEACIÓN E INFRAESTRUCTURA
D124: FIRMA RESPONSABLE
A126: ='[8]DATOS INICIALES'!$B$1 -> DEPARTAMENTO DE ANTIOQUIA
A127: ='[8]DATOS INICIALES'!$B$2 -> MUNICIPIO DE DABEIBA
A128: ='[8]DATOS INICIALES'!$B$3 -> CONSTRUCCION DE MUROS DE CONTENCION Y GAVIONES PARA MITIGACION DE RIESGO EN LA VIA QUE CONDUCE AL BARRIO LA ARENERA EN EL MUNICIPIO DE DABEIBA ANTIOQUIA
A130: ANÁLISIS DE PRECIOS UNITARIOS
A132: ITEM | B132: DESCRIPCIÓN | E132: UNIDAD | F132: CANTIDAD | G132: COSTO DIRECTO
A133: MA003 | B133: =+IFERROR(VLOOKUP($A133,INSUMOSMATERIALES,2,0),"") -> CONCRETO 3000 PSI (210 MPA) EN OBRA | E133: =+IFERROR(VLOOKUP($A133,INSUMOSMATERIALES,3,0),"") -> M3 | F133: N.D | G133: =IF(G183=0,"",G173) -> 714543
A135: 1. COSTOS DIRECTOS
...

Sheet FACTOR PRESTACIONAL
B1: DEPARTAMENTO DE ANTIOQUIA | P1: DEPARTAMENTO DE ANTIOQUIA | AD1: DEPARTAMENTO DE ANTIOQUIA | AR1: DEPARTAMENTO DE ANTIOQUIA
B2: ='[9]DATOS INICIALES'!$B$2 -> MUNICIPIO DE DABEIBA | P2: ='[9]DATOS INICIALES'!$B$2 -> MUNICIPIO DE DABEIBA | AD2: ='[9]DATOS INICIALES'!$B$2 -> MUNICIPIO DE DABEIBA | AR2: ='[9]DATOS INICIALES'!$B$2 -> MUNICIPIO DE DABEIBA
B3: ='DATOS INICIALES'!$B$3 -> REPARACION DE PUENTE DE MADERA PARA CAMINOS DE HERRADURA QUE CONECTA LA VEREDA CHAMBUSCADO CON LA VEREDA LA ARGELIA Y DEMAS VEREDAS VECINAS DEL MUNICIPIO DE DABEIBA ANTIOQUIA. | P3: ='[9]DATOS INICIALES'!$B$3 -> CONSTRUCCION DE MUROS DE CONTENCION EN CONCRETO REFORZADO PARA EMERGENCIA EN LA VIA QUE CONDUCE AL CORREGIMIENTO DE URAMA KM 0+22 (SECTOR LOS COCOS) EN EL MUNICIPIO DE DABEIBA ANTIOQUIA. | AD3: ='[9]DATOS INICIALES'!$B$3 -> CONSTRUCCION DE MUROS DE CONTENCION EN CONCRETO REFORZADO PARA EMERGENCIA EN LA VIA QUE CONDUCE AL CORREGIMIENTO DE URAMA KM 0+22 (SECTOR LOS COCOS) EN EL MUNICIPIO DE DABEIBA ANTIOQUIA. | AR3: ='[9]DATOS INICIALES'!$B$3 -> CONSTRUCCION DE MUROS DE CONTENCION EN CONCRETO REFORZADO PARA EMERGENCIA EN LA VIA QUE CONDUCE AL CORREGIMIENTO DE URAMA KM 0+22 (SECTOR LOS COCOS) EN EL MUNICIPIO DE DABEIBA ANTIOQUIA.
B5: CÁLCULO DE FACTOR PRESTACIONAL | P5: CÁLCULO DE FACTOR PRESTACIONAL | AD5: CÁLCULO DE FACTOR PRESTACIONAL | AR5: CÁLCULO DE FACTOR PRESTACIONAL
A7: CÓDIGO | B7: MO001 | C7: MO002 | D7: MO003 | E7: MO004 | F7: MO005 | G7: MO006 | H7: MO007 | I7: MO008 | J7: MO009 | K7: MO010 | L7: MO011 | M7: MO012 | N7: MO013 | O7: MO014 | P7: MO015 | Q7: MO016 | R7: MO017 | S7: MO018 | T7: MO019 | U7: MO020 | V7: MO021 | W7: MO022 | X7: MO023 | Y7: MO024 | Z7: MO025 | AA7: MO026 | AB7: MO027 | AC7: MO028 | AD7: MO029 | AE7: MO030 | AF7: MO031 | AG7: MO032 | AH7: MO033 | AI7: MO034 | AJ7: MO035 | AK7: MO036 | AL7: MO037 | AM7: MO038 | AN7: MO039 | AO7: MO040 | AP7: MO041 | AQ7: MO042 | AR7: MO043 | AS7: MO044 | AT7: MO045 | AU7: MO046 | AV7: MO047 | AW7: MO048 | AX7: MO049 | AY7: MO050 | AZ7: MO051 | BA7: MO052 | BB7: MO053 | BC7: MO054 | BD7: MO055 | BE7: MO056
A8: CARGO | B8: DIRECTOR DE OBRA | C8: DIRECTOR DE INTERVENTORÍA | D8: RESIDENTE DE OBRA | E8: RESIDENTE DE INTERVENTORÍA | F8: RESIDENTE AMBIENTAL | G8: RESIDENTE SOCIAL | H8: AUXILIAR DE RESIDENCIA | I8: TECNÓLOGO SST | J8: ASESOR LEGAL | K8: CONTADOR | L8: ALMACENISTA | M8: AUXILIAR DE ALMACÉN | N8: SECRETARIA | O8: MENSAJERO | P8: VIGILANTE | Q8: TOPÓGRAFO | R8: CADENERO 1 | S8: CADENERO 2 | T8: MAESTRO PRIMERO | U8: MAESTRO SEGUNDO | V8: OFICIAL ELÉCTRICO | W8: AYUDANTE ELÉCTRICO | X8: OFICIAL PLOMERO | Y8: AYUDANTE PLOMERO | Z8: OFICIAL CARPINTERO | AA8: AYUDANTE CARPINTERO | AB8: OFICIAL PINTOR | AC8: OFICIAL DE OBRA BLANCA | AD8: OFICIAL DE OBRA NEGRA | AE8: OFICIAL HIERRO | AF8: AYUDANTE ENTENDIDO | AG8: AYUDANTE RASO | AH8: OPERADOR EQUIPO LIVIANO | AI8: OPERADOR EQUIPO MEDIANO | AJ8: OPERADOR EQUIPO PESADO | AK8: AUXILIAR HERRAMIENTA | AL8: PATIERO | AM8: AUXILIAR PARE-SIGA | AN8: INGENIERO SIG | AO8: TECNÓLOGO SIG | AP8: DIRECTOR DE CONSULTORÍA | AQ8: DIBUJANTE | AR8: INGENIERO ESPECIALISTA GEOTECNIA | AS8: GEÓLOGO | AT8: ARQUITECTO ESPECIALISTA URBANISMO | AU8: ARQUITECTO ESPECIALISTA PAISAJISMO | AV8: ARQUITECTO DISEÑADOR | AW8: INGENIERO ESPECIALISTA ESTRUCTURAL | AX8: INGENIERO REVISOR ESTRUCTURAL | AY8: INGENIERO ESPECIALISTA HIDRÁULICO | AZ8: INGENIERO ELECTRICISTA | BA8: INGENIERO AMBIENTAL | BB8: INGENIERO FORESTAL | BC8: TÉCNICO AMBIENTAL
A9: CLASE | B9: ADMÓN | C9: ADMÓN | D9: ADMÓN | E9: ADMÓN | F9: ADMÓN | G9: ADMÓN | H9: ADMÓN | I9: ADMÓN | J9: ADMÓN | K9: ADMÓN | L9: ADMÓN | M9: ADMÓN | N9: ADMÓN | O9: ADMÓN | P9: ADMÓN | Q9: OBRA | R9: OBRA | S9: OBRA | T9: OBRA | U9: OBRA | V9: OBRA | W9: OBRA | X9: OBRA | Y9: OBRA | Z9: OBRA | AA9: OBRA | AB9: OBRA | AC9: OBRA | AD9: OBRA | AE9: OBRA | AF9: OBRA | AG9: OBRA | AH9: OBRA | AI9: OBRA | AJ9: OBRA | AK9: OBRA | AL9: OBRA | AM9: OBRA | AN9: ADMÓN | AO9: ADMÓN | AP9: ADMÓN | AQ9: ADMÓN | AR9: ADMÓN | AS9: ADMÓN | AT9: ADMÓN | AU9: ADMÓN | AV9: ADMÓN | AW9: ADMÓN | AX9: ADMÓN | AY9: ADMÓN | AZ9: ADMÓN | BA9: ADMÓN | BB9: ADMÓN | BC9: ADMÓN
A10: SALARIO MENSUAL SMMLV | B10: 5 | C10: 5 | D10: 3 | E10: 3 | F10: 2.7 | G10: 3 | H10: 2 | I10: 2.3 | J10: 6.7 | K10: 4.6 | L10: 1.85 | M10: 1.45 | N10: 1 | O10: 1 | P10: 1 | Q10: 4.8 | R10: 2.35 | S10: 1.35 | T10: 3 | U10: 2.3 | V10: 2.75 | W10: 1.3 | X10: 2 | Y10: 1.2 | Z10: 2 | AA10: 1.1 | AB10: 2 | AC10: 2 | AD10: 2 | AE10: 2 | AF10: 1.3 | AG10: 1.1 | AH10: 1.3 | AI10: 2.25 | AJ10: 3.2 | AK10: 1 | AL10: 1 | AM10: 1 | AN10: 5 | AO10: 2.3 | AP10: 6.7 | AQ10: 2.3 | AR10: 6 | AS10: 5.5 | AT10: 6 | AU10: 6 | AV10: 5.5 | AW10: 6 | AX10: 6 | AY10: 6 | AZ10: 5.5 | BA10: 5.5 | BB10: 5.5 | BC10: 2
A11: (A) SALARIO MES | B11: =ROUND(B10*'DATOS INICIALES'!$B$12,0) -> 7117500 | C11: =ROUND(C10*'DATOS INICIALES'!$B$12,0) -> 7117500 | D11: =ROUND(D10*'DATOS INICIALES'!$B$12,0) -> 4270500 | E11: =ROUND(E10*'DATOS INICIALES'!$B$12,0) -> 4270500 | F11: =ROUND(F10*'DATOS INICIALES'!$B$12,0) -> 3843450 | G11: =ROUND(G10*'DATOS INICIALES'!$B$12,0) -> 4270500 | H11: =ROUND(H10*'DATOS INICIALES'!$B$12,0) -> 2847000 | I11: =ROUND(I10*'DATOS INICIALES'!$B$12,0) -> 3274050 | ... AB11: =ROUND(AB10*'DATOS INICIALES'!$B$12,0) -> 2847000 | AC11: =ROUND(AC10*'[9]DATOS INICIALES'!$B$12,0) -> 2600000 | AD11: =ROUND(AD10*'DATOS INICIALES'!$B$12,0) -> 2847000 | AE11: =ROUND(AE10*'DATOS INICIALES'!$B$12,0) -> 2847000 | AF11: =ROUND(AF10*'DATOS INICIALES'!$B$12,0) -> 1850550 | AG11: =ROUND(AG10*'DATOS INICIALES'!$B$12,0) -> 1565850 | AH11: =ROUND(AH10*'[9]DATOS INICIALES'!$B$12,0) -> 1690000 | AI11: =ROUND(AI10*'DATOS INICIALES'!$B$12,0) -> 3202875 | AJ11: =ROUND(AJ10*'DATOS INICIALES'!$B$12,0) -> 4555200 | AK11: =ROUND(AK10*'DATOS INICIALES'!$B$12,0) -> 1423500 | AL11: =ROUND(AL10*'DATOS INICIALES'!$B$12,0) -> 1423500 | AM11: =ROUND(AM10*'DATOS INICIALES'!$B$12,0) -> 1423500 | AN11: =ROUND(AN10*'DATOS INICIALES'!$B$12,0) -> 7117500 | AO11: =ROUND(AO10*'DATOS INICIALES'!$B$12,0) -> 3274050 | AP11: =ROUND(AP10*'DATOS INICIALES'!$B$12,0) -> 9537450 | ... BC11: =ROUND(BC10*'DATOS INICIALES'!$B$12,0) -> 2847000 | BD11: =ROUND(BD10*'[9]DATOS INICIALES'!$B$12,0) -> 0 | BE11: =ROUND(BE10*'[9]DATOS INICIALES'!$B$12,0) -> 0
A12: (B) AUXILIO TRANSPORTE MES | B12: =IF(B10<=2,'DATOS INICIALES'!$B$13,0) -> 0 | C12: =IF(C10<=2,'DATOS INICIALES'!$B$13,0) -> 0 | D12: =IF(D10<=2,'DATOS INICIALES'!$B$13,0) -> 0 | E12: =IF(E10<=2,'DATOS INICIALES'!$B$13,0) -> 0 | F12: =IF(F10<=2,'DATOS INICIALES'!$B$13,0) -> 0 | G12: =IF(G10<=2,'DATOS INICIALES'!$B$13,0) -> 0 | H12: =IF(H10<=2,'DATOS INICIALES'!$B$13,0) -> 200000 | I12: =IF(I10<=2,'DATOS INICIALES'!$B$13,0) -> 0 | ... BE12: =IF(BE10<=2,'DATOS INICIALES'!$B$13,0) -> 200000
A13: (C) SUELDO ANUAL (A x 12) | B13: =+ROUND(B11*12,0) -> 85410000 | C13: =+ROUND(C11*12,0) -> 85410000 | D13: =+ROUND(D11*12,0) -> 51246000 | E13: =+ROUND(E11*12,0) -> 51246000 | F13: =+ROUND(F11*12,0) -> 46121400 | G13: =+ROUND(G11*12,0) -> 51246000 | H13: =+ROUND(H11*12,0) -> 34164000 | I13: =+ROUND(I11*12,0) -> 39288600 | ... BE13: =+ROUND(BE11*12,0) -> 0
A14: (D) AUXILIO TRANSPORTE ANUAL (B x 12) | B14: =+ROUND(B12*12,0) -> 0 | C14: =+ROUND(C12*12,0) -> 0 | D14: =+ROUND(D12*12,0) -> 0 | E14: =+ROUND(E12*12,0) -> 0 | F14: =+ROUND(F12*12,0) -> 0 | G14: =+ROUND(G12*12,0) -> 0 | H14: =+ROUND(H12*12,0) -> 2400000 | I14: =+ROUND(I12*12,0) -> 0 | ... BE14: =+ROUND(BE12*12,0) -> 2400000
A15: (F) CESANTIAS (C + D) x12% | B15: =ROUND((B13+B14)*0.12,0) -> 10249200 | C15: =ROUND((C13+C14)*0.12,0) -> 10249200 | D15: =ROUND((D13+D14)*0.12,0) -> 6149520 | E15: =ROUND((E13+E14)*0.12,0) -> 6149520 | F15: =ROUND((F13+F14)*0.12,0) -> 5534568 | G15: =ROUND((G13+G14)*0.12,0) -> 6149520 | H15: =ROUND((H13+H14)*0.12,0) -> 4387680 | I15: =ROUND((I13+I14)*0.12,0) -> 4714632 | ... BE15: =ROUND((BE13+BE14)*0.12,0) -> 288000
A16: INTERES DE CESANTIA (F x 12%) | B16: =ROUND(B15*0.12,0) -> 1229904 | C16: =ROUND(C15*0.12,0) -> 1229904 | D16: =ROUND(D15*0.12,0) -> 737942 | E16: =ROUND(E15*0.12,0) -> 737942 | F16: =ROUND(F15*0.12,0) -> 664148 | G16: =ROUND(G15*0.12,0) -> 737942 | H16: =ROUND(H15*0.12,0) -> 526522 | I16: =ROUND(I15*0.12,0) -> 565756 | ... BE16: =ROUND(BE15*0.12,0) -> 34560
A17: VACACIONES (A + B) / 2 | B17: =ROUND((B11+B12)/2,0) -> 3558750 | C17: =ROUND((C11+C12)/2,0) -> 3558750 | D17: =ROUND((D11+D12)/2,0) -> 2135250 | E17: =ROUND((E11+E12)/2,0) -> 2135250 | F17: =ROUND((F11+F12)/2,0) -> 1921725 | G17: =ROUND((G11+G12)/2,0) -> 2135250 | H17: =ROUND((H11+H12)/2,0) -> 1523500 | I17: =ROUND((I11+I12)/2,0) -> 1637025 | ... BE17: =ROUND((BE11+BE12)/2,0) -> 100000
A18: PRIMA DE SERVICIOS (A + B) | B18: =B11+B12 -> 7117500 | C18: =C11+C12 -> 7117500 | D18: =D11+D12 -> 4270500 | E18: =E11+E12 -> 4270500 | F18: =F11+F12 -> 3843450 | G18: =G11+G12 -> 4270500 | H18: =H11+H12 -> 3047000 | I18: =I11+I12 -> 3274050 | ... BE18: =BE11+BE12 -> 200000
A19: FONDO INDUSTRIA DE LA CONSTRUCCIÓN SENA - FIC (SMMLV x 12 / 40) | B19: =ROUND(('[9]DATOS INICIALES'!$B$12*12)/40,0) -> 390000 | C19: =ROUND(('[9]DATOS INICIALES'!$B$12*12)/40,0) -> 390000 | D19: =ROUND(('[9]DATOS INICIALES'!$B$12*12)/40,0) -> 390000 | E19: =ROUND(('[9]DATOS INICIALES'!$B$12*12)/40,0) -> 390000 | F19: =ROUND(('[9]DATOS INICIALES'!$B$12*12)/40,0) -> 390000 | G19: =ROUND(('[9]DATOS INICIALES'!$B$12*12)/40,0) -> 390000 | H19: =ROUND(('[9]DATOS INICIALES'!$B$12*12)/40,0) -> 390000 | I19: =ROUND(('[9]DATOS INICIALES'!$B$12*12)/40,0) -> 390000 | ... BE19: =ROUND(('[9]DATOS INICIALES'!$B$12*12)/40,0) -> 390000
A20: EPS (SALUD) - VERIFICAR CREE (C + D) x 8.5% | B20: =IF('[9]DATOS INICIALES'!B14="NO",('FACTOR PRESTACIONAL'!B13+'FACTOR PRESTACIONAL'!B14)*0.085,0) -> 0 | C20: =IF('[9]DATOS INICIALES'!C14="NO",('FACTOR PRESTACIONAL'!C13+'FACTOR PRESTACIONAL'!C14)*0.085,0) -> 0 | D20: =IF('[9]DATOS INICIALES'!D14="NO",('FACTOR PRESTACIONAL'!D13+'FACTOR PRESTACIONAL'!D14)*0.085,0) -> 0 | E20: =IF('[9]DATOS INICIALES'!E14="NO",('FACTOR PRESTACIONAL'!E13+'FACTOR PRESTACIONAL'!E14)*0.085,0) -> 0 | F20: =IF('[9]DATOS INICIALES'!F14="NO",('FACTOR PRESTACIONAL'!F13+'FACTOR PRESTACIONAL'!F14)*0.085,0) -> 0 | G20: =IF('[9]DATOS INICIALES'!G14="NO",('FACTOR PRESTACIONAL'!G13+'FACTOR PRESTACIONAL'!G14)*0.085,0) -> 0 | H20: =IF('[9]DATOS INICIALES'!H14="NO",('FACTOR PRESTACIONAL'!H13+'FACTOR PRESTACIONAL'!H14)*0.085,0) -> 0 | I20: =IF('[9]DATOS INICIALES'!I14="NO",('FACTOR PRESTACIONAL'!I13+'FACTOR PRESTACIONAL'!I14)*0.085,0) -> 0 | ... BE20: =IF('[9]DATOS INICIALES'!BE14="NO",('FACTOR PRESTACIONAL'!BE13+'FACTOR PRESTACIONAL'!BE14)*0.085,0) -> 0
A21: AFP (PENSION) (C + D) x 12% | B21: =ROUND((B13+B14)*0.12,0) -> 10249200 | C21: =ROUND((C13+C14)*0.12,0) -> 10249200 | D21: =ROUND((D13+D14)*0.12,0) -> 6149520 | E21: =ROUND((E13+E14)*0.12,0) -> 6149520 | F21: =ROUND((F13+F14)*0.12,0) -> 5534568 | G21: =ROUND((G13+G14)*0.12,0) -> 6149520 | H21: =ROUND((H13+H14)*0.12,0) -> 4387680 | I21: =ROUND((I13+I14)*0.12,0) -> 4714632 | ... BE21: =ROUND((BE13+BE14)*0.12,0) -> 288000
A22: RIESGOS PROFESIONALES (C + D) x FACTOR DE RIESGO | B22: =ROUND((B13+B14)*'[9]DATOS INICIALES'!$B$17,0) -> 5944536 | C22: =ROUND((C13+C14)*'[9]DATOS INICIALES'!$B$17,0) -> 5944536 | D22: =ROUND((D13+D14)*'[9]DATOS INICIALES'!$B$17,0) -> 3566722 | E22: =ROUND((E13+E14)*'[9]DATOS INICIALES'!$B$17,0) -> 3566722 | F22: =ROUND((F13+F14)*'[9]DATOS INICIALES'!$B$17,0) -> 3210049 | G22: =ROUND((G13+G14)*'[9]DATOS INICIALES'!$B$17,0) -> 3566722 | H22: =ROUND((H13+H14)*'[9]DATOS INICIALES'!$B$17,0) -> 2544854 | I22: =ROUND((I13+I14)*'[9]DATOS INICIALES'!$B$17,0) -> 2734487 | ... BE22: =ROUND((BE13+BE14)*'[9]DATOS INICIALES'!$B$17,0) -> 167040
A23: CAJA DE COMPENSACION (C + D) x 4% | B23: =ROUND((B13+B14)*0.04,0) -> 3416400 | C23: =ROUND((C13+C14)*0.04,0) -> 3416400 | D23: =ROUND((D13+D14)*0.04,0) -> 2049840 | E23: =ROUND((E13+E14)*0.04,0) -> 2049840 | F23: =ROUND((F13+F14)*0.04,0) -> 1844856 | G23: =ROUND((G13+G14)*0.04,0) -> 2049840 | H23: =ROUND((H13+H14)*0.04,0) -> 1462560 | I23: =ROUND((I13+I14)*0.04,0) -> 1571544 | ... BE23: =ROUND((BE13+BE14)*0.04,0) -> 96000
A24: SENA - VERIFICAR CREE (C + D) X 2% | B24: =IF('[9]DATOS INICIALES'!B14="NO",('FACTOR PRESTACIONAL'!B13+'FACTOR PRESTACIONAL'!B14)*0.02,0) -> 0 | C24: =IF('[9]DATOS INICIALES'!C14="NO",('FACTOR PRESTACIONAL'!C13+'FACTOR PRESTACIONAL'!C14)*0.02,0) -> 0 | D24: =IF('[9]DATOS INICIALES'!D14="NO",('FACTOR PRESTACIONAL'!D13+'FACTOR PRESTACIONAL'!D14)*0.02,0) -> 0 | E24: =IF('[9]DATOS INICIALES'!E14="NO",('FACTOR PRESTACIONAL'!E13+'FACTOR PRESTACIONAL'!E14)*0.02,0) -> 0 | F24: =IF('[9]DATOS INICIALES'!F14="NO",('FACTOR PRESTACIONAL'!F13+'FACTOR PRESTACIONAL'!F14)*0.02,0) -> 0 | G24: =IF('[9]DATOS INICIALES'!G14="NO",('FACTOR PRESTACIONAL'!G13+'FACTOR PRESTACIONAL'!G14)*0.02,0) -> 0 | H24: =IF('[9]DATOS INICIALES'!H14="NO",('FACTOR PRESTACIONAL'!H13+'FACTOR PRESTACIONAL'!H14)*0.02,0) -> 0 | I24: =IF('[9]DATOS INICIALES'!I14="NO",('FACTOR PRESTACIONAL'!I13+'FACTOR PRESTACIONAL'!I14)*0.02,0) -> 0 | ... BE24: =IF('[9]DATOS INICIALES'!BE14="NO",('FACTOR PRESTACIONAL'!BE13+'FACTOR PRESTACIONAL'!BE14)*0.02,0) -> 0
A25: ICBF - VERIFICAR CREE (C + D) X 3% | B25: =IF('[9]DATOS INICIALES'!B14="NO",('FACTOR PRESTACIONAL'!B13+'FACTOR PRESTACIONAL'!B14)*0.03,0) -> 0 | C25: =IF('[9]DATOS INICIALES'!C14="NO",('FACTOR PRESTACIONAL'!C13+'FACTOR PRESTACIONAL'!C14)*0.03,0) -> 0 | D25: =IF('[9]DATOS INICIALES'!D14="NO",('FACTOR PRESTACIONAL'!D13+'FACTOR PRESTACIONAL'!D14)*0.03,0) -> 0 | E25: =IF('[9]DATOS INICIALES'!E14="NO",('FACTOR PRESTACIONAL'!E13+'FACTOR PRESTACIONAL'!E14)*0.03,0) -> 0 | F25: =IF('[9]DATOS INICIALES'!F14="NO",('FACTOR PRESTACIONAL'!F13+'FACTOR PRESTACIONAL'!F14)*0.03,0) -> 0 | G25: =IF('[9]DATOS INICIALES'!G14="NO",('FACTOR PRESTACIONAL'!G13+'FACTOR PRESTACIONAL'!G14)*0.03,0) -> 0 | H25: =IF('[9]DATOS INICIALES'!H14="NO",('FACTOR PRESTACIONAL'!H13+'FACTOR PRESTACIONAL'!H14)*0.03,0) -> 0 | I25: =IF('[9]DATOS INICIALES'!I14="NO",('FACTOR PRESTACIONAL'!I13+'FACTOR PRESTACIONAL'!I14)*0.03,0) -> 0 | ... BE25: =IF('[9]DATOS INICIALES'!BE14="NO",('FACTOR PRESTACIONAL'!BE13+'FACTOR PRESTACIONAL'!BE14)*0.03,0) -> 0
A26: EXAMEN DE INGRESO - EGRESO | B26: 100000 | C26: 100000 | D26: 100000 | E26: 100000 | F26: 100000 | G26: 100000 | H26: 100000 | I26: 100000 | J26: 100000 | K26: 100000 | L26: 100000 | M26: 100000 | N26: 100000 | O26: 100000 | P26: 100000 | Q26: 100000 | R26: 100000 | S26: 100000 | T26: 100000 | U26: 100000 | V26: 100000 | W26: 100000 | X26: 100000 | Y26: 100000 | Z26: 100000 | AA26: 100000 | AB26: 100000 | AC26: 100000 | AD26: 100000 | AE26: 100000 | AF26: 100000 | AG26: 100000 | AH26: 100000 | AI26: 100000 | AJ26: 100000 | AK26: 100000 | AL26: 100000 | AM26: 100000 | AN26: 100000 | AO26: 100000 | AP26: 100000 | AQ26: 100000 | AR26: 100000 | AS26: 100000 | AT26: 100000 | AU26: 100000 | AV26: 100000 | AW26: 100000 | AX26: 100000 | AY26: 100000 | AZ26: 100000 | BA26: 100000 | BB26: 100000 | BC26: 100000 | BD26: 100000 | BE26: 100000
A27: DOTACIÓN | B27: =IF(B10<=2,$C$43,0) -> 0 | C27: =IF(C10<=2,$C$43,0) -> 0 | D27: =IF(D10<=2,$C$43,0) -> 0 | E27: =IF(E10<=2,$C$43,0) -> 0 | F27: =IF(F10<=2,$C$43,0) -> 0 | G27: =IF(G10<=2,$C$43,0) -> 0 | H27: =IF(H10<=2,$C$43,0) -> 378000 | I27: =IF(I10<=2,$C$43,0) -> 0 | ... Q27: =IF(Q10<=2,$C$43,0) -> 0 | R27: =IF(R10<=2.35,$C$43,0) -> 378000 | S27: =IF(S10<=2,$C$43,0) -> 378000 | T27: =IF(T10<=2,$C$43,0) -> 0 | U27: =IF(U10<=2,$C$43,0) -> 0 | V27: =IF(V10<=2.75,$C$43,0) -> 378000 | W27: =IF(W10<=2,$C$43,0) -> 378000 | X27: =IF(X10<=2,$C$43,0) -> 378000 | Y27: =IF(Y10<=2,$C$43,0) -> 378000 | Z27: =IF(Z10<=2,$C$43,0) -> 378000 | AA27: =IF(AA10<=2,$C$43,0) -> 378000 | AB27: =IF(AB10<=2,$C$43,0) -> 378000 | AC27: =IF(AC10<=2,$C$43,0) -> 378000 | AD27: =IF(AD10<=2,$C$43,0) -> 378000 | ... AH27: =IF(AH10<=2,$C$43,0) -> 378000 | AI27: =IF(AI10<=2.25,$C$43,0) -> 378000 | AJ27: =IF(AJ10<=3.2,$C$43,0) -> 378000 | AK27: =IF(AK10<=2,$C$43,0) -> 378000 | AL27: =IF(AL10<=2,$C$43,0) -> 378000 | AM27: =IF(AM10<=2,$C$43,0) -> 378000 | AN27: =IF(AN10<=2,$C$43,0) -> 0 | AO27: =IF(AO10<=2,$C$43,0) -> 0 | AP27: =IF(AP10<=2,$C$43,0) -> 0 | AQ27: =IF(AQ10<=2,$C$43,0) -> 0 | AR27: =IF(AR10<=2,$C$43,0) -> 0 | ... BE27: =IF(BE10<=2,$C$43,0) -> 378000
A28: KIT ELEMENTOS DE PROTECCIÓN PERSONAL | B28: =IF(B9="ADMÓN",$F$70,$F$59) -> 390500 | C28: =IF(C9="ADMÓN",$F$70,$F$59) -> 390500 | D28: =IF(D9="ADMÓN",$F$70,$F$59) -> 390500 | E28: =IF(E9="ADMÓN",$F$70,$F$59) -> 390500 | F28: =IF(F9="ADMÓN",$F$70,$F$59) -> 390500 | G28: =IF(G9="ADMÓN",$F$70,$F$59) -> 390500 | H28: =IF(H9="ADMÓN",$F$70,$F$59) -> 390500 | I28: =IF(I9="ADMÓN",$F$70,$F$59) -> 390500 | ... BE28: =IF(BE9="ADMÓN",$F$70,$F$59) -> 662200
A29: TOTAL ANUAL | B29: =SUM(B13:B28) -> 128055990 | C29: =SUM(C13:C28) -> 128055990 | D29: =SUM(D13:D28) -> 77185794 | E29: =SUM(E13:E28) -> 77185794 | F29: =SUM(F13:F28) -> 69555264 | G29: =SUM(G13:G28) -> 77185794 | H29: =SUM(H13:H28) -> 55702296 | I29: =SUM(I13:I28) -> 59381226 | ... BE29: =SUM(BE13:BE28) -> 5103800
A30: JORNAL | B30: =ROUND(B13/365,0) -> 234000 | C30: =ROUND(C13/365,0) -> 234000 | D30: =ROUND(D13/365,0) -> 140400 | E30: =ROUND(E13/365,0) -> 140400 | F30: =ROUND(F13/365,0) -> 126360 | G30: =ROUND(G13/365,0) -> 140400 | H30: =ROUND(H13/365,0) -> 93600 | I30: =ROUND(I13/365,0) -> 107640 | ... BE30: =ROUND(BE13/365,0) -> 0
A31: PRESTACIONES | B31: =ROUND((B29/365-B30),0) -> 116838 | C31: =ROUND((C29/365-C30),0) -> 116838 | D31: =ROUND((D29/365-D30),0) -> 71068 | E31: =ROUND((E29/365-E30),0) -> 71068 | F31: =ROUND((F29/365-F30),0) -> 64202 | G31: =ROUND((G29/365-G30),0) -> 71068 | H31: =ROUND((H29/365-H30),0) -> 59009 | I31: =ROUND((I29/365-I30),0) -> 55048 | ... BE31: =ROUND((BE29/365-BE30),0) -> 13983
A32: FACTOR PRESTACIONAL | B32: =IFERROR(ROUND((B29/B13),2),0) -> 1.5 | C32: =IFERROR(ROUND((C29/C13),2),0) -> 1.5 | D32: =IFERROR(ROUND((D29/D13),2),0) -> 1.51 | E32: =IFERROR(ROUND((E29/E13),2),0) -> 1.51 | F32: =IFERROR(ROUND((F29/F13),2),0) -> 1.51 | G32: =IFERROR(ROUND((G29/G13),2),0) -> 1.51 | H32: =IFERROR(ROUND((H29/H13),2),0) -> 1.63 | I32: =IFERROR(ROUND((I29/I13),2),0) -> 1.51 | ... BE32: =IFERROR(ROUND((BE29/BE13),2),0) -> 0
A37: DESCRIPCIÓN | B37: UNIDAD | C37: VALOR / UN | D37: OBSERVACIONES
A38: Calzado | B38: Par | C38: 56000 | D38: BOTA TRABAJO PUNTA ACERO MIAMI
A39: Pantalón | B39: Unidad | C39: 35000 | D39: JEAN CLASICO LABORAL INDIGO AZUL
A40: Camisa | B40: Unidad | C40: 35000 | D40: BLUSA 3/4 MANGA LARGA CAQUI
A41: Total Dotación | C41: =SUM(C38:C40) -> 126000
A42: Frecuencia | C42: 3
A43: Total anual | C43: =C41*C42 -> 378000
A46: CÁLCULO EPP PARA PERSONAL DE OBRA (NO INCLUYE DOTACIÓN PAPSO)
A47: DESCRIPCIÓN | C47: UNIDAD | D47: CANTIDAD | E47: VR. UNIT. | F47: VR. TOTAL | G47: OBSERVACIONES
A48: CASCO | C48: UN | D48: 1 | E48: 13000 | F48: =+D48*E48 -> 13000 | G48: CASCO ECO TIPO I CREMALLERA 1 ANUAL POR PERSONA
A49: TAFILETES | C49: UN | D49: 2 | E49: 9000 | F49: =+D49*E49 -> 18000 | G49: TAFILETE CINTA CASCO 2 ANUALES ADICIONAL POR PERSONA
A50: GUANTES CARNAZA | C50: PAR | D50: 5.2 | E50: 14000 | F50: =+D50*E50 -> 72800 | G50: GUANTE CARNAZA REFORZADO LARGO 1 SEMANAL CADA 10 PERSONAS (FIERREROS)
A51: GUANTES GENERALES | C51: PAR | D51: 26 | E51: 5000 | F51: =+D51*E51 -> 130000 | G51: GUANTE ALGODÓN LATEX 1 QUINCENAL A CADA TRABAJADOR
A52: GUANTES LARGOS | C52: PAR | D52: 1.3 | E52: 41000 | F52: =+D52*E52 -> 53300 | G52: GUANTE PVC SEMICORRUGADO AZUL MANGA 60CM 1 QUINCENAL CADA 20 PERSONAS (CORTADORES)
A53: CHALECOS REFLECTIVOS | C53: UN | D53: 4 | E53: 23000 | F53: =+D53*E53 -> 92000 | G53: CHALECO CONSTRUCCIÓN 1 TRIMESTRAL A CADA TRABAJADOR
A54: DELANTAL IMPERMEABLE | C54: UN | D54: 0.6 | E54: 25000 | F54: =+D54*E54 -> 15000 | G54: DELANTAL NEGRO VESTIFLEX 81X118CM 1 MENSUAL CADA 20 PERSONAS (CORTADORES)
A55: MONOGAFAS | C55: UN | D55: 10.4 | E55: 5000 | F55: =+D55*E55 -> 52000 | G55: GAFAS DE SEGURIDAD LENTE CLARO 1 SEMANAL CADA 5 TRABAJADORES (DEMOLICIÓN)
A56: TAPONES AUDITIVOS SENCILLOS | C56: UN | D56: 52 | E56: 2400 | F56: =+D56*E56 -> 124800 | G56: TAPON OIDO 32 DECÍBELES DESECHABLE CORDON 1 SEMANAL POR CADA TRABAJADOR
A57: PROTECTORES AUDITIVOS DE COPA | C57: UN | D57: 1.2 | E57: 24000 | F57: =+D57*E57 -> 28800 | G57: PROTECTOR OIDO COPA 23 DECÍBELES 1 MENSUAL CADA 10 TRABAJADORES
A58: ARNÉS DE SEGURIDAD + ESLINGA | C58: UN | D58: 0.25 | E58: 250000 | F58: =+D58*E58 -> 62500 | G58: KIT DE ARNÉS CON ESLINGA INTEGRADA - 3M 1 ANUAL CADA 4 PERSONAS
A59: TOTAL EPP ANUAL | F59: =SUM(F48:F58) -> 662200
A61: CÁLCULO EPP PARA PERSONAL DE OFICINA (NO INCLUYE DOTACIÓN PAPSO)
A62: DESCRIPCIÓN | C62: UNIDAD | D62: CANTIDAD | E62: VR. UNIT. | F62: VR. TOTAL | G62: OBSERVACIONES
A63: CASCO | C63: UN | D63: 1 | E63: 23000 | F63: =+D63*E63 -> 23000 | G63: CASCO ECO DIELECTRICO RATCHET BLANCO 1 ANUAL POR PERSONA
A64: TAFILETES | C64: UN | D64: 2 | E64: 9000 | F64: =+D64*E64 -> 18000 | G64: TAFILETE CINTA CASCO 2 ANUALES ADICIONAL POR PERSONA
A65: MONOGAFAS | C65: UN | D65: 2 | E65: 17900 | F65: =+D65*E65 -> 35800 | G65: GAFAS SEGURIDAD CREONTE LENTE OSCURO AF 2 ANUALES POR PERSONA
A66: TAPABOCAS | C66: UN | D66: 2 | E66: 14000 | F66: =+D66*E66 -> 28000 | G66: RESPIRADOR N95 VÁLVULA CARBÓN ACTIVADO 2 ANUALES POR PERSONA
A67: TAPONES AUDITIVOS SENCILLOS | C67: UN | D67: 12 | E67: 3600 | F67: =+D67*E67 -> 43200 | G67: TAPON OIDO SILICONADO 1 MENSUAL POR CADA TRABAJADOR
A68: CHALECOS REFLECTIVOS | C68: UN | D68: 2 | E68: 90000 | F68: =+D68*E68 -> 180000 | G68: CHALECO MULTIFUNCIONAL 1 SEMESTRAL A CADA TRABAJADOR
A69: ARNÉS DE SEGURIDAD + ESLINGA | C69: UN | D69: 0.25 | E69: 250000 | F69: =+D69*E69 -> 62500 | G69: KIT DE ARNÉS CON ESLINGA INTEGRADA - 3M 1 ANUAL CADA 4 PERSONAS
A70: TOTAL EPP ANUAL | F70: =SUM(F63:F69) -> 390500
